Workbook
Name DataArea: APR!$A$2:$G$290
Name DataArea: AUG!$A$2:$G$290
Name DataArea: DEC!$A$2:$G$290
Name DataArea: FEB!$A$2:$G$290
Name DataArea: JAN!$A$2:$G$290
Name DataArea: JUL!$A$2:$G$290
Name DataArea: JUN!$A$2:$G$290
Name DataArea: MAR!$A$2:$G$290
Name DataArea: MAY!$A$2:$G$290
Name DataArea: NOV!$A$2:$G$290
Name DataArea: OCT!$A$2:$G$290
Name DataArea: SEP!$A$2:$G$290
Name DataArea: #REF!

Sheet JAN
A1: Date | B1: Met | C1: Cat | D1: Transaction Description (January) | E1: Spent | F1: Earned | G1: =SETUP!H89 -> X | I1: CATEGORIES | K1: Amount | L1: # Trans | M1: % | N1: Avg per Trans | P1: Copyright by Minh Tan 2012 - digitalcitizen.ca
D2: Starting Balance | E2: =IF(SETUP!H83=1,SETUP!E96,DEC!K6)
D3: =IF(SETUP!$B$116<>"",SETUP!$B$116,"") | J3: INCOME | K3: =IF(SUM(F3:F290)>0.005,SUM(F3:F290),"") | L3: =IF(COUNTIF(F3:F290,">0.005")>0.005,COUNTIF(F3:F290,">0.005"),"") | N3: =IF(SUM(F3:F290)>0.005,K3/L3,"")
D4: =IF(SETUP!$B$117<>"",SETUP!$B$117,"") | J4: EXPENDITURES | K4: =IF(SUM(E3:E290)>0.005,-SUM(E3:E290),"") | L4: =IF(COUNTIF(E3:E290,">0.005")>0.005,COUNTIF(E3:E290,">0.005"),"") | M4: =IF(ISERROR(IF(K3>1,-K4/K3,"")),"",K4/K3) | N4: =IF(SUM(E3:E290)>0.005,K4/L4,"")
D5: =IF(SETUP!$B$118<>"",SETUP!$B$118,"") | J5: NET | K5: =IF(OR(SUM(F3:F290)>0.005,K4<-0.005),SUM(K3:K4),"") | L5: =IF(OR(-SUM(F3:F290)-SUM(E3:E290)>0.005,SUM(F3:F290)-SUM(K60:K69)>0.005,-SUM(E3:E290)-SUM(K83:K85)>0.005),("Check unclassified entries in "&IF(-SUM(K8:K52)-K4>0.005,"Expenditures ","")&IF(K3-SUM(K60:K69)>0.005,"Income ","")&IF(-K4-SUM(K83:K85)>0.005,"Payment","")),"")
D6: =IF(SETUP!$B$119<>"",SETUP!$B$119,"") | J6: CURRENT BALANCE | K6: =IF(OR(SUM(F3:F290)>0.005,K4<-0.005),SUM(E2,K5),"")
D7: =IF(SETUP!$B$120<>"",SETUP!$B$120,"") | J7: POORLY SPENT | K7: =IF(SUM(G3:G290)>0.005,-SUM(G3:G290),"") | L7: =IF(COUNTIF(G3:G290,">0.005")>0.005,COUNTIF(G3:G290,">0.005"),"") | M7: =IF(SUM(G3:G290)>0.005,K7/K4,"") | N7: =IF(K7<0,K7/L7,"")
D8: =IF(SETUP!$B$121<>"",SETUP!$B$121,"") | I8: =IF(SETUP!A3<>"",SETUP!A3,"") | J8: =IF(SETUP!B3<>"",SETUP!B3,"") | K8: =IF(SUMIF(C$3:C$290,SETUP!A3,E$3:E$290)>0.005,SUMIF(C$3:C$290,SETUP!A3,E$3:E$290),"") | L8: =IF(COUNTIF(C$3:C$290,SETUP!A3)>0.005,COUNTIF(C$3:C$290,SETUP!A3),"") | M8: =IF(SUMIF(C$3:C$290,SETUP!A3,E$3:E$290)>0.005,-K8/K$4,"") | N8: =IF(SUMIF(C$3:C$290,I8,$E$3:$E$290)>0.005,K8/L8,"") | O8: Expenditures
D9: =IF(SETUP!$B$122<>"",SETUP!$B$122,"") | I9: =IF(SETUP!A4<>"",SETUP!A4,"") | J9: =IF(SETUP!B4<>"",SETUP!B4,"") | K9: =IF(SUMIF(C$3:C$290,SETUP!A4,E$3:E$290)>0.005,SUMIF(C$3:C$290,SETUP!A4,E$3:E$290),"") | L9: =IF(COUNTIF(C$3:C$290,SETUP!A4)>0.005,COUNTIF(C$3:C$290,SETUP!A4),"") | M9: =IF(SUMIF(C$3:C$290,SETUP!A4,E$3:E$290)>0.005,-K9/K$4,"") | N9: =IF(SUMIF(C$3:C$290,I9,$E$3:$E$290)>0.005,K9/L9,"")
D10: =IF(SETUP!$B$123<>"",SETUP!$B$123,"") | I10: =IF(SETUP!A5<>"",SETUP!A5,"") | J10: =IF(SETUP!B5<>"",SETUP!B5,"") | K10: =IF(SUMIF(C$3:C$290,SETUP!A5,E$3:E$290)>0.005,SUMIF(C$3:C$290,SETUP!A5,E$3:E$290),"") | L10: =IF(COUNTIF(C$3:C$290,SETUP!A5)>0.005,COUNTIF(C$3:C$290,SETUP!A5),"") | M10: =IF(SUMIF(C$3:C$290,SETUP!A5,E$3:E$290)>0.005,-K10/K$4,"") | N10: =IF(SUMIF(C$3:C$290,I10,$E$3:$E$290)>0.005,K10/L10,"")
D11: =IF(SETUP!$B$124<>"",SETUP!$B$124,"") | I11: =IF(SETUP!A6<>"",SETUP!A6,"") | J11: =IF(SETUP!B6<>"",SETUP!B6,"") | K11: =IF(SUMIF(C$3:C$290,SETUP!A6,E$3:E$290)>0.005,SUMIF(C$3:C$290,SETUP!A6,E$3:E$290),"") | L11: =IF(COUNTIF(C$3:C$290,SETUP!A6)>0.005,COUNTIF(C$3:C$290,SETUP!A6),"") | M11: =IF(SUMIF(C$3:C$290,SETUP!A6,E$3:E$290)>0.005,-K11/K$4,"") | N11: =IF(SUMIF(C$3:C$290,I11,$E$3:$E$290)>0.005,K11/L11,"")
D12: =IF(SETUP!$B$125<>"",SETUP!$B$125,"") | I12: =IF(SETUP!A7<>"",SETUP!A7,"") | J12: =IF(SETUP!B7<>"",SETUP!B7,"") | K12: =IF(SUMIF(C$3:C$290,SETUP!A7,E$3:E$290)>0.005,SUMIF(C$3:C$290,SETUP!A7,E$3:E$290),"") | L12: =IF(COUNTIF(C$3:C$290,SETUP!A7)>0.005,COUNTIF(C$3:C$290,SETUP!A7),"") | M12: =IF(SUMIF(C$3:C$290,SETUP!A7,E$3:E$290)>0.005,-K12/K$4,"") | N12: =IF(SUMIF(C$3:C$290,I12,$E$3:$E$290)>0.005,K12/L12,"")
D13: =IF(SETUP!$B$126<>"",SETUP!$B$126,"") | I13: =IF(SETUP!A8<>"",SETUP!A8,"") | J13: =IF(SETUP!B8<>"",SETUP!B8,"") | K13: =IF(SUMIF(C$3:C$290,SETUP!A8,E$3:E$290)>0.005,SUMIF(C$3:C$290,SETUP!A8,E$3:E$290),"") | L13: =IF(COUNTIF(C$3:C$290,SETUP!A8)>0.005,COUNTIF(C$3:C$290,SETUP!A8),"") | M13: =IF(SUMIF(C$3:C$290,SETUP!A8,E$3:E$290)>0.005,-K13/K$4,"") | N13: =IF(SUMIF(C$3:C$290,I13,$E$3:$E$290)>0.005,K13/L13,"")
D14: =IF(SETUP!$B$127<>"",SETUP!$B$127,"") | I14: =IF(SETUP!A9<>"",SETUP!A9,"") | J14: =IF(SETUP!B9<>"",SETUP!B9,"") | K14: =IF(SUMIF(C$3:C$290,SETUP!A9,E$3:E$290)>0.005,SUMIF(C$3:C$290,SETUP!A9,E$3:E$290),"") | L14: =IF(COUNTIF(C$3:C$290,SETUP!A9)>0.005,COUNTIF(C$3:C$290,SETUP!A9),"") | M14: =IF(SUMIF(C$3:C$290,SETUP!A9,E$3:E$290)>0.005,-K14/K$4,"") | N14: =IF(SUMIF(C$3:C$290,I14,$E$3:$E$290)>0.005,K14/L14,"")
D15: =IF(SETUP!$B$128<>"",SETUP!$B$128,"") | I15: =IF(SETUP!A10<>"",SETUP!A10,"") | J15: =IF(SETUP!B10<>"",SETUP!B10,"") | K15: =IF(SUMIF(C$3:C$290,SETUP!A10,E$3:E$290)>0.005,SUMIF(C$3:C$290,SETUP!A10,E$3:E$290),"") | L15: =IF(COUNTIF(C$3:C$290,SETUP!A10)>0.005,COUNTIF(C$3:C$290,SETUP!A10),"") | M15: =IF(SUMIF(C$3:C$290,SETUP!A10,E$3:E$290)>0.005,-K15/K$4,"") | N15: =IF(SUMIF(C$3:C$290,I15,$E$3:$E$290)>0.005,K15/L15,"")
D16: =IF(SETUP!$B$129<>"",SETUP!$B$129,"") | I16: =IF(SETUP!A11<>"",SETUP!A11,"") | J16: =IF(SETUP!B11<>"",SETUP!B11,"") | K16: =IF(SUMIF(C$3:C$290,SETUP!A11,E$3:E$290)>0.005,SUMIF(C$3:C$290,SETUP!A11,E$3:E$290),"") | L16: =IF(COUNTIF(C$3:C$290,SETUP!A11)>0.005,COUNTIF(C$3:C$290,SETUP!A11),"") | M16: =IF(SUMIF(C$3:C$290,SETUP!A11,E$3:E$290)>0.005,-K16/K$4,"") | N16: =IF(SUMIF(C$3:C$290,I16,$E$3:$E$290)>0.005,K16/L16,"") | P16: Copyright by Minh Tan 2012 - digitalcitizen.ca
D17: =IF(SETUP!$B$130<>"",SETUP!$B$130,"") | I17: =IF(SETUP!A12<>"",SETUP!A12,"") | J17: =IF(SETUP!B12<>"",SETUP!B12,"") | K17: =IF(SUMIF(C$3:C$290,SETUP!A12,E$3:E$290)>0.005,SUMIF(C$3:C$290,SETUP!A12,E$3:E$290),"") | L17: =IF(COUNTIF(C$3:C$290,SETUP!A12)>0.005,COUNTIF(C$3:C$290,SETUP!A12),"") | M17: =IF(SUMIF(C$3:C$290,SETUP!A12,E$3:E$290)>0.005,-K17/K$4,"") | N17: =IF(SUMIF(C$3:C$290,I17,$E$3:$E$290)>0.005,K17/L17,"")
D18: =IF(SETUP!$B$131<>"",SETUP!$B$131,"") | I18: =IF(SETUP!A13<>"",SETUP!A13,"") | J18: =IF(SETUP!B13<>"",SETUP!B13,"") | K18: =IF(SUMIF(C$3:C$290,SETUP!A13,E$3:E$290)>0.005,SUMIF(C$3:C$290,SETUP!A13,E$3:E$290),"") | L18: =IF(COUNTIF(C$3:C$290,SETUP!A13)>0.005,COUNTIF(C$3:C$290,SETUP!A13),"") | M18: =IF(SUMIF(C$3:C$290,SETUP!A13,E$3:E$290)>0.005,-K18/K$4,"") | N18: =IF(SUMIF(C$3:C$290,I18,$E$3:$E$290)>0.005,K18/L18,"")
D19: =IF(SETUP!$B$132<>"",SETUP!$B$132,"") | I19: =IF(SETUP!A14<>"",SETUP!A14,"") | J19: =IF(SETUP!B14<>"",SETUP!B14,"") | K19: =IF(SUMIF(C$3:C$290,SETUP!A14,E$3:E$290)>0.005,SUMIF(C$3:C$290,SETUP!A14,E$3:E$290),"") | L19: =IF(COUNTIF(C$3:C$290,SETUP!A14)>0.005,COUNTIF(C$3:C$290,SETUP!A14),"") | M19: =IF(SUMIF(C$3:C$290,SETUP!A14,E$3:E$290)>0.005,-K19/K$4,"") | N19: =IF(SUMIF(C$3:C$290,I19,$E$3:$E$290)>0.005,K19/L19,"")
D20: =IF(SETUP!$B$133<>"",SETUP!$B$133,"") | I20: =IF(SETUP!A15<>"",SETUP!A15,"") | J20: =IF(SETUP!B15<>"",SETUP!B15,"") | K20: =IF(SUMIF(C$3:C$290,SETUP!A15,E$3:E$290)>0.005,SUMIF(C$3:C$290,SETUP!A15,E$3:E$290),"") | L20: =IF(COUNTIF(C$3:C$290,SETUP!A15)>0.005,COUNTIF(C$3:C$290,SETUP!A15),"") | M20: =IF(SUMIF(C$3:C$290,SETUP!A15,E$3:E$290)>0.005,-K20/K$4,"") | N20: =IF(SUMIF(C$3:C$290,I20,$E$3:$E$290)>0.005,K20/L20,"")
D21: =IF(SETUP!$B$134<>"",SETUP!$B$134,"") | I21: =IF(SETUP!A16<>"",SETUP!A16,"") | J21: =IF(SETUP!B16<>"",SETUP!B16,"") | K21: =IF(SUMIF(C$3:C$290,SETUP!A16,E$3:E$290)>0.005,SUMIF(C$3:C$290,SETUP!A16,E$3:E$290),"") | L21: =IF(COUNTIF(C$3:C$290,SETUP!A16)>0.005,COUNTIF(C$3:C$290,SETUP!A16),"") | M21: =IF(SUMIF(C$3:C$290,SETUP!A16,E$3:E$290)>0.005,-K21/K$4,"") | N21: =IF(SUMIF(C$3:C$290,I21,$E$3:$E$290)>0.005,K21/L21,"")
D22: =IF(SETUP!$B$135<>"",SETUP!$B$135,"") | I22: =IF(SETUP!A17<>"",SETUP!A17,"") | J22: =IF(SETUP!B17<>"",SETUP!B17,"") | K22: =IF(SUMIF(C$3:C$290,SETUP!A17,E$3:E$290)>0.005,SUMIF(C$3:C$290,SETUP!A17,E$3:E$290),"") | L22: =IF(COUNTIF(C$3:C$290,SETUP!A17)>0.005,COUNTIF(C$3:C$290,SETUP!A17),"") | M22: =IF(SUMIF(C$3:C$290,SETUP!A17,E$3:E$290)>0.005,-K22/K$4,"") | N22: =IF(SUMIF(C$3:C$290,I22,$E$3:$E$290)>0.005,K22/L22,"")
D23: =IF(SETUP!$B$136<>"",SETUP!$B$136,"") | I23: =IF(SETUP!A18<>"",SETUP!A18,"") | J23: =IF(SETUP!B18<>"",SETUP!B18,"") | K23: =IF(SUMIF(C$3:C$290,SETUP!A18,E$3:E$290)>0.005,SUMIF(C$3:C$290,SETUP!A18,E$3:E$290),"") | L23: =IF(COUNTIF(C$3:C$290,SETUP!A18)>0.005,COUNTIF(C$3:C$290,SETUP!A18),"") | M23: =IF(SUMIF(C$3:C$290,SETUP!A18,E$3:E$290)>0.005,-K23/K$4,"") | N23: =IF(SUMIF(C$3:C$290,I23,$E$3:$E$290)>0.005,K23/L23,"")
D24: =IF(SETUP!$B$137<>"",SETUP!$B$137,"") | I24: =IF(SETUP!A19<>"",SETUP!A19,"") | J24: =IF(SETUP!B19<>"",SETUP!B19,"") | K24: =IF(SUMIF(C$3:C$290,SETUP!A19,E$3:E$290)>0.005,SUMIF(C$3:C$290,SETUP!A19,E$3:E$290),"") | L24: =IF(COUNTIF(C$3:C$290,SETUP!A19)>0.005,COUNTIF(C$3:C$290,SETUP!A19),"") | M24: =IF(SUMIF(C$3:C$290,SETUP!A19,E$3:E$290)>0.005,-K24/K$4,"") | N24: =IF(SUMIF(C$3:C$290,I24,$E$3:$E$290)>0.005,K24/L24,"")
D25: =IF(SETUP!$B$138<>"",SETUP!$B$138,"") | I25: =IF(SETUP!A20<>"",SETUP!A20,"") | J25: =IF(SETUP!B20<>"",SETUP!B20,"") | K25: =IF(SUMIF(C$3:C$290,SETUP!A20,E$3:E$290)>0.005,SUMIF(C$3:C$290,SETUP!A20,E$3:E$290),"") | L25: =IF(COUNTIF(C$3:C$290,SETUP!A20)>0.005,COUNTIF(C$3:C$290,SETUP!A20),"") | M25: =IF(SUMIF(C$3:C$290,SETUP!A20,E$3:E$290)>0.005,-K25/K$4,"") | N25: =IF(SUMIF(C$3:C$290,I25,$E$3:$E$290)>0.005,K25/L25,"") | O25: Expenditures
D26: =IF(SETUP!$B$139<>"",SETUP!$B$139,"Blue spaces reserved for repeating monthly items") -> Blue spaces reserved for repeating monthly items | I26: =IF(SETUP!A21<>"",SETUP!A21,"") | J26: =IF(SETUP!B21<>"",SETUP!B21,"") | K26: =IF(SUMIF(C$3:C$290,SETUP!A21,E$3:E$290)>0.005,SUMIF(C$3:C$290,SETUP!A21,E$3:E$290),"") | L26: =IF(COUNTIF(C$3:C$290,SETUP!A21)>0.005,COUNTIF(C$3:C$290,SETUP!A21),"") | M26: =IF(SUMIF(C$3:C$290,SETUP!A21,E$3:E$290)>0.005,-K26/K$4,"") | N26: =IF(SUMIF(C$3:C$290,I26,$E$3:$E$290)>0.005,K26/L26,"")
I27: =IF(SETUP!A22<>"",SETUP!A22,"") | J27: =IF(SETUP!B22<>"",SETUP!B22,"") | K27: =IF(SUMIF(C$3:C$290,SETUP!A22,E$3:E$290)>0.005,SUMIF(C$3:C$290,SETUP!A22,E$3:E$290),"") | L27: =IF(COUNTIF(C$3:C$290,SETUP!A22)>0.005,COUNTIF(C$3:C$290,SETUP!A22),"") | M27: =IF(SUMIF(C$3:C$290,SETUP!A22,E$3:E$290)>0.005,-K27/K$4,"") | N27: =IF(SUMIF(C$3:C$290,I27,$E$3:$E$290)>0.005,K27/L27,"")
I28: =IF(SETUP!A23<>"",SETUP!A23,"") | J28: =IF(SETUP!B23<>"",SETUP!B23,"") | K28: =IF(SUMIF(C$3:C$290,SETUP!A23,E$3:E$290)>0.005,SUMIF(C$3:C$290,SETUP!A23,E$3:E$290),"") | L28: =IF(COUNTIF(C$3:C$290,SETUP!A23)>0.005,COUNTIF(C$3:C$290,SETUP!A23),"") | M28: =IF(SUMIF(C$3:C$290,SETUP!A23,E$3:E$290)>0.005,-K28/K$4,"") | N28: =IF(SUMIF(C$3:C$290,I28,$E$3:$E$290)>0.005,K28/L28,"")
I29: =IF(SETUP!A24<>"",SETUP!A24,"") | J29: =IF(SETUP!B24<>"",SETUP!B24,"") | K29: =IF(SUMIF(C$3:C$290,SETUP!A24,E$3:E$290)>0.005,SUMIF(C$3:C$290,SETUP!A24,E$3:E$290),"") | L29: =IF(COUNTIF(C$3:C$290,SETUP!A24)>0.005,COUNTIF(C$3:C$290,SETUP!A24),"") | M29: =IF(SUMIF(C$3:C$290,SETUP!A24,E$3:E$290)>0.005,-K29/K$4,"") | N29: =IF(SUMIF(C$3:C$290,I29,$E$3:$E$290)>0.005,K29/L29,"")
I30: =IF(SETUP!A25<>"",SETUP!A25,"") | J30: =IF(SETUP!B25<>"",SETUP!B25,"") | K30: =IF(SUMIF(C$3:C$290,SETUP!A25,E$3:E$290)>0.005,SUMIF(C$3:C$290,SETUP!A25,E$3:E$290),"") | L30: =IF(COUNTIF(C$3:C$290,SETUP!A25)>0.005,COUNTIF(C$3:C$290,SETUP!A25),"") | M30: =IF(SUMIF(C$3:C$290,SETUP!A25,E$3:E$290)>0.005,-K30/K$4,"") | N30: =IF(SUMIF(C$3:C$290,I30,$E$3:$E$290)>0.005,K30/L30,"")
I31: =IF(SETUP!A26<>"",SETUP!A26,"") | J31: =IF(SETUP!B26<>"",SETUP!B26,"") | K31: =IF(SUMIF(C$3:C$290,SETUP!A26,E$3:E$290)>0.005,SUMIF(C$3:C$290,SETUP!A26,E$3:E$290),"") | L31: =IF(COUNTIF(C$3:C$290,SETUP!A26)>0.005,COUNTIF(C$3:C$290,SETUP!A26),"") | M31: =IF(SUMIF(C$3:C$290,SETUP!A26,E$3:E$290)>0.005,-K31/K$4,"") | N31: =IF(SUMIF(C$3:C$290,I31,$E$3:$E$290)>0.005,K31/L31,"") | P31: Copyright by Minh Tan 2012 - digitalcitizen.ca
I32: =IF(SETUP!A27<>"",SETUP!A27,"") | J32: =IF(SETUP!B27<>"",SETUP!B27,"") | K32: =IF(SUMIF(C$3:C$290,SETUP!A27,E$3:E$290)>0.005,SUMIF(C$3:C$290,SETUP!A27,E$3:E$290),"") | L32: =IF(COUNTIF(C$3:C$290,SETUP!A27)>0.005,COUNTIF(C$3:C$290,SETUP!A27),"") | M32: =IF(SUMIF(C$3:C$290,SETUP!A27,E$3:E$290)>0.005,-K32/K$4,"") | N32: =IF(SUMIF(C$3:C$290,I32,$E$3:$E$290)>0.005,K32/L32,"")
I33: =IF(SETUP!A28<>"",SETUP!A28,"") | J33: =IF(SETUP!B28<>"",SETUP!B28,"") | K33: =IF(SUMIF(C$3:C$290,SETUP!A28,E$3:E$290)>0.005,SUMIF(C$3:C$290,SETUP!A28,E$3:E$290),"") | L33: =IF(COUNTIF(C$3:C$290,SETUP!A28)>0.005,COUNTIF(C$3:C$290,SETUP!A28),"") | M33: =IF(SUMIF(C$3:C$290,SETUP!A28,E$3:E$290)>0.005,-K33/K$4,"") | N33: =IF(SUMIF(C$3:C$290,I33,$E$3:$E$290)>0.005,K33/L33,"")
I34: =IF(SETUP!A29<>"",SETUP!A29,"") | J34: =IF(SETUP!B29<>"",SETUP!B29,"") | K34: =IF(SUMIF(C$3:C$290,SETUP!A29,E$3:E$290)>0.005,SUMIF(C$3:C$290,SETUP!A29,E$3:E$290),"") | L34: =IF(COUNTIF(C$3:C$290,SETUP!A29)>0.005,COUNTIF(C$3:C$290,SETUP!A29),"") | M34: =IF(SUMIF(C$3:C$290,SETUP!A29,E$3:E$290)>0.005,-K34/K$4,"") | N34: =IF(SUMIF(C$3:C$290,I34,$E$3:$E$290)>0.005,K34/L34,"")
I35: =IF(SETUP!A30<>"",SETUP!A30,"") | J35: =IF(SETUP!B30<>"",SETUP!B30,"") | K35: =IF(SUMIF(C$3:C$290,SETUP!A30,E$3:E$290)>0.005,SUMIF(C$3:C$290,SETUP!A30,E$3:E$290),"") | L35: =IF(COUNTIF(C$3:C$290,SETUP!A30)>0.005,COUNTIF(C$3:C$290,SETUP!A30),"") | M35: =IF(SUMIF(C$3:C$290,SETUP!A30,E$3:E$290)>0.005,-K35/K$4,"") | N35: =IF(SUMIF(C$3:C$290,I35,$E$3:$E$290)>0.005,K35/L35,"")
I36: =IF(SETUP!A31<>"",SETUP!A31,"") | J36: =IF(SETUP!B31<>"",SETUP!B31,"") | K36: =IF(SUMIF(C$3:C$290,SETUP!A31,E$3:E$290)>0.005,SUMIF(C$3:C$290,SETUP!A31,E$3:E$290),"") | L36: =IF(COUNTIF(C$3:C$290,SETUP!A31)>0.005,COUNTIF(C$3:C$290,SETUP!A31),"") | M36: =IF(SUMIF(C$3:C$290,SETUP!A31,E$3:E$290)>0.005,-K36/K$4,"") | N36: =IF(SUMIF(C$3:C$290,I36,$E$3:$E$290)>0.005,K36/L36,"")
I37: =IF(SETUP!A32<>"",SETUP!A32,"") | J37: =IF(SETUP!B32<>"",SETUP!B32,"") | K37: =IF(SUMIF(C$3:C$290,SETUP!A32,E$3:E$290)>0.005,SUMIF(C$3:C$290,SETUP!A32,E$3:E$290),"") | L37: =IF(COUNTIF(C$3:C$290,SETUP!A32)>0.005,COUNTIF(C$3:C$290,SETUP!A32),"") | M37: =IF(SUMIF(C$3:C$290,SETUP!A32,E$3:E$290)>0.005,-K37/K$4,"") | N37: =IF(SUMIF(C$3:C$290,I37,$E$3:$E$290)>0.005,K37/L37,"")
I38: =IF(SETUP!A33<>"",SETUP!A33,"") | J38: =IF(SETUP!B33<>"",SETUP!B33,"") | K38: =IF(SUMIF(C$3:C$290,SETUP!A33,E$3:E$290)>0.005,SUMIF(C$3:C$290,SETUP!A33,E$3:E$290),"") | L38: =IF(COUNTIF(C$3:C$290,SETUP!A33)>0.005,COUNTIF(C$3:C$290,SETUP!A33),"") | M38: =IF(SUMIF(C$3:C$290,SETUP!A33,E$3:E$290)>0.005,-K38/K$4,"") | N38: =IF(SUMIF(C$3:C$290,I38,$E$3:$E$290)>0.005,K38/L38,"")
I39: =IF(SETUP!A34<>"",SETUP!A34,"") | J39: =IF(SETUP!B34<>"",SETUP!B34,"") | K39: =IF(SUMIF(C$3:C$290,SETUP!A34,E$3:E$290)>0.005,SUMIF(C$3:C$290,SETUP!A34,E$3:E$290),"") | L39: =IF(COUNTIF(C$3:C$290,SETUP!A34)>0.005,COUNTIF(C$3:C$290,SETUP!A34),"") | M39: =IF(SUMIF(C$3:C$290,SETUP!A34,E$3:E$290)>0.005,-K39/K$4,"") | N39: =IF(SUMIF(C$3:C$290,I39,$E$3:$E$290)>0.005,K39/L39,"")
I40: =IF(SETUP!A35<>"",SETUP!A35,"") | J40: =IF(SETUP!B35<>"",SETUP!B35,"") | K40: =IF(SUMIF(C$3:C$290,SETUP!A35,E$3:E$290)>0.005,SUMIF(C$3:C$290,SETUP!A35,E$3:E$290),"") | L40: =IF(COUNTIF(C$3:C$290,SETUP!A35)>0.005,COUNTIF(C$3:C$290,SETUP!A35),"") | M40: =IF(SUMIF(C$3:C$290,SETUP!A35,E$3:E$290)>0.005,-K40/K$4,"") | N40: =IF(SUMIF(C$3:C$290,I40,$E$3:$E$290)>0.005,K40/L40,"")
I41: =IF(SETUP!A36<>"",SETUP!A36,"") | J41: =IF(SETUP!B36<>"",SETUP!B36,"") | K41: =IF(SUMIF(C$3:C$290,SETUP!A36,E$3:E$290)>0.005,SUMIF(C$3:C$290,SETUP!A36,E$3:E$290),"") | L41: =IF(COUNTIF(C$3:C$290,SETUP!A36)>0.005,COUNTIF(C$3:C$290,SETUP!A36),"") | M41: =IF(SUMIF(C$3:C$290,SETUP!A36,E$3:E$290)>0.005,-K41/K$4,"") | N41: =IF(SUMIF(C$3:C$290,I41,$E$3:$E$290)>0.005,K41/L41,"") | O41: Expenditures
I42: =IF(SETUP!A37<>"",SETUP!A37,"") | J42: =IF(SETUP!B37<>"",SETUP!B37,"") | K42: =IF(SUMIF(C$3:C$290,SETUP!A37,E$3:E$290)>0.005,SUMIF(C$3:C$290,SETUP!A37,E$3:E$290),"") | L42: =IF(COUNTIF(C$3:C$290,SETUP!A37)>0.005,COUNTIF(C$3:C$290,SETUP!A37),"") | M42: =IF(SUMIF(C$3:C$290,SETUP!A37,E$3:E$290)>0.005,-K42/K$4,"") | N42: =IF(SUMIF(C$3:C$290,I42,$E$3:$E$290)>0.005,K42/L42,"")
I43: =IF(SETUP!A38<>"",SETUP!A38,"") | J43: =IF(SETUP!B38<>"",SETUP!B38,"") | K43: =IF(SUMIF(C$3:C$290,SETUP!A38,E$3:E$290)>0.005,SUMIF(C$3:C$290,SETUP!A38,E$3:E$290),"") | L43: =IF(COUNTIF(C$3:C$290,SETUP!A38)>0.005,COUNTIF(C$3:C$290,SETUP!A38),"") | M43: =IF(SUMIF(C$3:C$290,SETUP!A38,E$3:E$290)>0.005,-K43/K$4,"") | N43: =IF(SUMIF(C$3:C$290,I43,$E$3:$E$290)>0.005,K43/L43,"")
I44: =IF(SETUP!A39<>"",SETUP!A39,"") | J44: =IF(SETUP!B39<>"",SETUP!B39,"") | K44: =IF(SUMIF(C$3:C$290,SETUP!A39,E$3:E$290)>0.005,SUMIF(C$3:C$290,SETUP!A39,E$3:E$290),"") | L44: =IF(COUNTIF(C$3:C$290,SETUP!A39)>0.005,COUNTIF(C$3:C$290,SETUP!A39),"") | M44: =IF(SUMIF(C$3:C$290,SETUP!A39,E$3:E$290)>0.005,-K44/K$4,"") | N44: =IF(SUMIF(C$3:C$290,I44,$E$3:$E$290)>0.005,K44/L44,"")
I45: =IF(SETUP!A40<>"",SETUP!A40,"") | J45: =IF(SETUP!B40<>"",SETUP!B40,"") | K45: =IF(SUMIF(C$3:C$290,SETUP!A40,E$3:E$290)>0.005,SUMIF(C$3:C$290,SETUP!A40,E$3:E$290),"") | L45: =IF(COUNTIF(C$3:C$290,SETUP!A40)>0.005,COUNTIF(C$3:C$290,SETUP!A40),"") | M45: =IF(SUMIF(C$3:C$290,SETUP!A40,E$3:E$290)>0.005,-K45/K$4,"") | N45: =IF(SUMIF(C$3:C$290,I45,$E$3:$E$290)>0.005,K45/L45,"")
I46: =IF(SETUP!A41<>"",SETUP!A41,"") | J46: =IF(SETUP!B41<>"",SETUP!B41,"") | K46: =IF(SUMIF(C$3:C$290,SETUP!A41,E$3:E$290)>0.005,SUMIF(C$3:C$290,SETUP!A41,E$3:E$290),"") | L46: =IF(COUNTIF(C$3:C$290,SETUP!A41)>0.005,COUNTIF(C$3:C$290,SETUP!A41),"") | M46: =IF(SUMIF(C$3:C$290,SETUP!A41,E$3:E$290)>0.005,-K46/K$4,"") | N46: =IF(SUMIF(C$3:C$290,I46,$E$3:$E$290)>0.005,K46/L46,"") | P46: Copyright by Minh Tan 2012 - digitalcitizen.ca
I47: =IF(SETUP!A42<>"",SETUP!A42,"") | J47: =IF(SETUP!B42<>"",SETUP!B42,"") | K47: =IF(SUMIF(C$3:C$290,SETUP!A42,E$3:E$290)>0.005,SUMIF(C$3:C$290,SETUP!A42,E$3:E$290),"") | L47: =IF(COUNTIF(C$3:C$290,SETUP!A42)>0.005,COUNTIF(C$3:C$290,SETUP!A42),"") | M47: =IF(SUMIF(C$3:C$290,SETUP!A42,E$3:E$290)>0.005,-K47/K$4,"") | N47: =IF(SUMIF(C$3:C$290,I47,$E$3:$E$290)>0.005,K47/L47,"")
I48: =IF(SETUP!A43<>"",SETUP!A43,"") | J48: =IF(SETUP!B43<>"",SETUP!B43,"") | K48: =IF(SUMIF(C$3:C$290,SETUP!A43,E$3:E$290)>0.005,SUMIF(C$3:C$290,SETUP!A43,E$3:E$290),"") | L48: =IF(COUNTIF(C$3:C$290,SETUP!A43)>0.005,COUNTIF(C$3:C$290,SETUP!A43),"") | M48: =IF(SUMIF(C$3:C$290,SETUP!A43,E$3:E$290)>0.005,-K48/K$4,"") | N48: =IF(SUMIF(C$3:C$290,I48,$E$3:$E$290)>0.005,K48/L48,"")
I49: =IF(SETUP!A44<>"",SETUP!A44,"") | J49: =IF(SETUP!B44<>"",SETUP!B44,"") | K49: =IF(SUMIF(C$3:C$290,SETUP!A44,E$3:E$290)>0.005,SUMIF(C$3:C$290,SETUP!A44,E$3:E$290),"") | L49: =IF(COUNTIF(C$3:C$290,SETUP!A44)>0.005,COUNTIF(C$3:C$290,SETUP!A44),"") | M49: =IF(SUMIF(C$3:C$290,SETUP!A44,E$3:E$290)>0.005,-K49/K$4,"") | N49: =IF(SUMIF(C$3:C$290,I49,$E$3:$E$290)>0.005,K49/L49,"")
I50: =IF(SETUP!A45<>"",SETUP!A45,"") | J50: =IF(SETUP!B45<>"",SETUP!B45,"") | K50: =IF(SUMIF(C$3:C$290,SETUP!A45,E$3:E$290)>0.005,SUMIF(C$3:C$290,SETUP!A45,E$3:E$290),"") | L50: =IF(COUNTIF(C$3:C$290,SETUP!A45)>0.005,COUNTIF(C$3:C$290,SETUP!A45),"") | M50: =IF(SUMIF(C$3:C$290,SETUP!A45,E$3:E$290)>0.005,-K50/K$4,"") | N50: =IF(SUMIF(C$3:C$290,I50,$E$3:$E$290)>0.005,K50/L50,"")
I51: =IF(SETUP!A46<>"",SETUP!A46,"") | J51: =IF(SETUP!B46<>"",SETUP!B46,"") | K51: =IF(SUMIF(C$3:C$290,SETUP!A46,E$3:E$290)>0.005,SUMIF(C$3:C$290,SETUP!A46,E$3:E$290),"") | L51: =IF(COUNTIF(C$3:C$290,SETUP!A46)>0.005,COUNTIF(C$3:C$290,SETUP!A46),"") | M51: =IF(SUMIF(C$3:C$290,SETUP!A46,E$3:E$290)>0.005,-K51/K$4,"") | N51: =IF(SUMIF(C$3:C$290,I51,$E$3:$E$290)>0.005,K51/L51,"")
I52: =IF(SETUP!A47<>"",SETUP!A47,"") | J52: =IF(SETUP!B47<>"",SETUP!B47,"") | K52: =IF(SUMIF(C$3:C$290,SETUP!A47,E$3:E$290)>0.005,SUMIF(C$3:C$290,SETUP!A47,E$3:E$290),"") | L52: =IF(COUNTIF(C$3:C$290,SETUP!A47)>0.005,COUNTIF(C$3:C$290,SETUP!A47),"") | M52: =IF(SUMIF(C$3:C$290,SETUP!A47,E$3:E$290)>0.005,-K52/K$4,"") | N52: =IF(SUMIF(C$3:C$290,I52,$E$3:$E$290)>0.005,K52/L52,"")
J53: =IF(SETUP!B48<>"",SETUP!B48,"") | K53: =IF(K$4<0,SUMIF($I$8:$I$52,SETUP!$G$5,$K$8:$K$52)+SUMIF($I$8:$I$52,SETUP!$G$6,$K$8:$K$52)+SUMIF($I$8:$I$52,SETUP!$G$7,$K$8:$K$52)+SUMIF($I$8:$I$52,SETUP!$G$8,$K$8:$K$52)+SUMIF($I$8:$I$52,SETUP!$G$9,$K$8:$K$52),"") | L53: =IF(K$4<0,SUMIF($I$8:$I$52,SETUP!$G$5,$L$8:$L$52)+SUMIF($I$8:$I$52,SETUP!$G$6,$L$8:$L$52)+SUMIF($I$8:$I$52,SETUP!$G$7,$L$8:$L$52)+SUMIF($I$8:$I$52,SETUP!$G$8,$L$8:$L$52)+SUMIF($I$8:$I$52,SETUP!$G$9,$L$8:$L$52),"") | M53: =IF(ISERROR(IF(K53>0.005,-K53/K$4,"")),"",-K53/K$4) | N53: =IF(AND(SUM(E$3:$E$290),L53>0.005),K53/L53,"")
J54: =IF(SETUP!B49<>"",SETUP!B49,"") | K54: =IF(K$4<0,SUMIF($I$8:$I$52,SETUP!$G$12,$K$8:$K$52)+SUMIF($I$8:$I$52,SETUP!$G$13,$K$8:$K$52)+SUMIF($I$8:$I$52,SETUP!$G$14,$K$8:$K$52)+SUMIF($I$8:$I$52,SETUP!$G$15,$K$8:$K$52)+SUMIF($I$8:$I$52,SETUP!$G$16,$K$8:$K$52),"") | L54: =IF(K$4<0,SUMIF($I$8:$I$52,SETUP!$G$12,$L$8:$L$52)+SUMIF($I$8:$I$52,SETUP!$G$13,$L$8:$L$52)+SUMIF($I$8:$I$52,SETUP!$G$14,$L$8:$L$52)+SUMIF($I$8:$I$52,SETUP!$G$15,$L$8:$L$52)+SUMIF($I$8:$I$52,SETUP!$G$16,$L$8:$L$52),"") | M54: =IF(ISERROR(IF(K54>0.005,-K54/K$4,"")),"",-K54/K$4) | N54: =IF(AND(SUM(E$3:$E$290),L54>0.005),K54/L54,"")
J55: =IF(SETUP!B50<>"",SETUP!B50,"") | K55: =IF(K$4<0,SUMIF($I$8:$I$52,SETUP!$G$19,$K$8:$K$52)+SUMIF($I$8:$I$52,SETUP!$G$20,$K$8:$K$52)+SUMIF($I$8:$I$52,SETUP!$G$21,$K$8:$K$52)+SUMIF($I$8:$I$52,SETUP!$G$22,$K$8:$K$52)+SUMIF($I$8:$I$52,SETUP!$G$23,$K$8:$K$52),"") | L55: =IF(K$4<0,SUMIF($I$8:$I$52,SETUP!$G$19,$L$8:$L$52)+SUMIF($I$8:$I$52,SETUP!$G$20,$L$8:$L$52)+SUMIF($I$8:$I$52,SETUP!$G$21,$L$8:$L$52)+SUMIF($I$8:$I$52,SETUP!$G$22,$L$8:$L$52)+SUMIF($I$8:$I$52,SETUP!$G$23,$L$8:$L$52),"") | M55: =IF(ISERROR(IF(K55>0.005,-K55/K$4,"")),"",-K55/K$4) | N55: =IF(AND(SUM(E$3:$E$290),L55>0.005),K55/L55,"")
J56: =IF(SETUP!B51<>"",SETUP!B51,"") | K56: =IF(K$4<0,SUMIF($I$8:$I$52,SETUP!$G$26,$K$8:$K$52)+SUMIF($I$8:$I$52,SETUP!$G$27,$K$8:$K$52)+SUMIF($I$8:$I$52,SETUP!$G$28,$K$8:$K$52)+SUMIF($I$8:$I$52,SETUP!$G$29,$K$8:$K$52)+SUMIF($I$8:$I$52,SETUP!$G$30,$K$8:$K$52),"") | L56: =IF(K$4<0,SUMIF($I$8:$I$52,SETUP!$G$26,$L$8:$L$52)+SUMIF($I$8:$I$52,SETUP!$G$27,$L$8:$L$52)+SUMIF($I$8:$I$52,SETUP!$G$28,$L$8:$L$52)+SUMIF($I$8:$I$52,SETUP!$G$29,$L$8:$L$52)+SUMIF($I$8:$I$52,SETUP!$G$30,$L$8:$L$52),"") | M56: =IF(ISERROR(IF(K56>0.005,-K56/K$4,"")),"",-K56/K$4) | N56: =IF(AND(SUM(E$3:$E$290),L56>0.005),K56/L56,"")
J57: =IF(SETUP!B52<>"",SETUP!B52,"") | K57: =IF(K$4<0,SUMIF($I$8:$I$52,SETUP!$G$36,$K$8:$K$52)+SUMIF($I$8:$I$52,SETUP!$G$37,$K$8:$K$52)+SUMIF($I$8:$I$52,SETUP!$G$38,$K$8:$K$52)+SUMIF($I$8:$I$52,SETUP!$G$39,$K$8:$K$52)+SUMIF($I$8:$I$52,SETUP!$G$40,$K$8:$K$52),"") | L57: =IF(K$4<0,SUMIF($I$8:$I$52,SETUP!$G$36,$L$8:$L$52)+SUMIF($I$8:$I$52,SETUP!$G$37,$L$8:$L$52)+SUMIF($I$8:$I$52,SETUP!$G$38,$L$8:$L$52)+SUMIF($I$8:$I$52,SETUP!$G$39,$L$8:$L$52)+SUMIF($I$8:$I$52,SETUP!$G$40,$L$8:$L$52),"") | M57: =IF(ISERROR(IF(K57>0.005,-K57/K$4,"")),"",-K57/K$4) | N57: =IF(AND(SUM(E$3:$E$290),L57>0.005),K57/L57,"")
J58: Unclassified Spending | K58: =IF(ISERROR(IF(-SUM(K8:K52)-K4>0.005,-SUM(K8:K52)-K4,"")),"",-SUM(K8:K52)-K4) | L58: =IF(ISERROR(IF(-SUM(K8:K52)-K4>0.005,L4-SUM(L8:L52),"")),"",L4-SUM(L8:L52)) | M58: =IF(ISERROR(IF(-SUM(K8:K52)-K4>0.005,-K58/K4,"")),"",-K58/K4) | N58: =IF(ISERROR(IF(-SUM(K8:K52)-K4>0.005,K58/L58,"")),"",IF(K58>0.005,K58/L58,""))
I60: =IF(SETUP!A53<>"",SETUP!A53,"") | J60: =IF(SETUP!B53<>"",SETUP!B53,"") | K60: =IF(SUMIF(C$3:C$290,SETUP!A53,F$3:F$290)>0.005,SUMIF(C$3:C$290,SETUP!A53,F$3:F$290),"") | L60: =IF(COUNTIF(C$3:C$290,SETUP!A53)>0.005,COUNTIF(C$3:C$290,SETUP!A53),"") | M60: =IF(SUMIF(C$3:C$290,SETUP!A53,F$3:F$290)>0.005,K60/K$3,"") | N60: =IF(SUMIF(C$3:C$290,I60,$F$3:$F$290)>0.005,K60/L60,"") | O60: Income
I61: =IF(SETUP!A54<>"",SETUP!A54,"") | J61: =IF(SETUP!B54<>"",SETUP!B54,"") | K61: =IF(SUMIF(C$3:C$290,SETUP!A54,F$3:F$290)>0.005,SUMIF(C$3:C$290,SETUP!A54,F$3:F$290),"") | L61: =IF(COUNTIF(C$3:C$290,SETUP!A54)>0.005,COUNTIF(C$3:C$290,SETUP!A54),"") | M61: =IF(SUMIF(C$3:C$290,SETUP!A54,F$3:F$290)>0.005,K61/K$3,"") | N61: =IF(SUMIF(C$3:C$290,I61,$F$3:$F$290)>0.005,K61/L61,"") | P61: Copyright by Minh Tan 2012 - digitalcitizen.ca
I62: =IF(SETUP!A55<>"",SETUP!A55,"") | J62: =IF(SETUP!B55<>"",SETUP!B55,"") | K62: =IF(SUMIF(C$3:C$290,SETUP!A55,F$3:F$290)>0.005,SUMIF(C$3:C$290,SETUP!A55,F$3:F$290),"") | L62: =IF(COUNTIF(C$3:C$290,SETUP!A55)>0.005,COUNTIF(C$3:C$290,SETUP!A55),"") | M62: =IF(SUMIF(C$3:C$290,SETUP!A55,F$3:F$290)>0.005,K62/K$3,"") | N62: =IF(SUMIF(C$3:C$290,I62,$F$3:$F$290)>0.005,K62/L62,"")
I63: =IF(SETUP!A56<>"",SETUP!A56,"") | J63: =IF(SETUP!B56<>"",SETUP!B56,"") | K63: =IF(SUMIF(C$3:C$290,SETUP!A56,F$3:F$290)>0.005,SUMIF(C$3:C$290,SETUP!A56,F$3:F$290),"") | L63: =IF(COUNTIF(C$3:C$290,SETUP!A56)>0.005,COUNTIF(C$3:C$290,SETUP!A56),"") | M63: =IF(SUMIF(C$3:C$290,SETUP!A56,F$3:F$290)>0.005,K63/K$3,"") | N63: =IF(SUMIF(C$3:C$290,I63,$F$3:$F$290)>0.005,K63/L63,"")
I64: =IF(SETUP!A57<>"",SETUP!A57,"") | J64: =IF(SETUP!B57<>"",SETUP!B57,"") | K64: =IF(SUMIF(C$3:C$290,SETUP!A57,F$3:F$290)>0.005,SUMIF(C$3:C$290,SETUP!A57,F$3:F$290),"") | L64: =IF(COUNTIF(C$3:C$290,SETUP!A57)>0.005,COUNTIF(C$3:C$290,SETUP!A57),"") | M64: =IF(SUMIF(C$3:C$290,SETUP!A57,F$3:F$290)>0.005,K64/K$3,"") | N64: =IF(SUMIF(C$3:C$290,I64,$F$3:$F$290)>0.005,K64/L64,"")
I65: =IF(SETUP!A58<>"",SETUP!A58,"") | J65: =IF(SETUP!B58<>"",SETUP!B58,"") | K65: =IF(SUMIF(C$3:C$290,SETUP!A58,F$3:F$290)>0.005,SUMIF(C$3:C$290,SETUP!A58,F$3:F$290),"") | L65: =IF(COUNTIF(C$3:C$290,SETUP!A58)>0.005,COUNTIF(C$3:C$290,SETUP!A58),"") | M65: =IF(SUMIF(C$3:C$290,SETUP!A58,F$3:F$290)>0.005,K65/K$3,"") | N65: =IF(SUMIF(C$3:C$290,I65,$F$3:$F$290)>0.005,K65/L65,"")
I66: =IF(SETUP!A59<>"",SETUP!A59,"") | J66: =IF(SETUP!B59<>"",SETUP!B59,"") | K66: =IF(SUMIF(C$3:C$290,SETUP!A59,F$3:F$290)>0.005,SUMIF(C$3:C$290,SETUP!A59,F$3:F$290),"") | L66: =IF(COUNTIF(C$3:C$290,SETUP!A59)>0.005,COUNTIF(C$3:C$290,SETUP!A59),"") | M66: =IF(SUMIF(C$3:C$290,SETUP!A59,F$3:F$290)>0.005,K66/K$3,"") | N66: =IF(SUMIF(C$3:C$290,I66,$F$3:$F$290)>0.005,K66/L66,"")
I67: =IF(SETUP!A60<>"",SETUP!A60,"") | J67: =IF(SETUP!B60<>"",SETUP!B60,"") | K67: =IF(SUMIF(C$3:C$290,SETUP!A60,F$3:F$290)>0.005,SUMIF(C$3:C$290,SETUP!A60,F$3:F$290),"") | L67: =IF(COUNTIF(C$3:C$290,SETUP!A60)>0.005,COUNTIF(C$3:C$290,SETUP!A60),"") | M67: =IF(SUMIF(C$3:C$290,SETUP!A60,F$3:F$290)>0.005,K67/K$3,"") | N67: =IF(SUMIF(C$3:C$290,I67,$F$3:$F$290)>0.005,K67/L67,"")
I68: =IF(SETUP!A61<>"",SETUP!A61,"") | J68: =IF(SETUP!B61<>"",SETUP!B61,"") | K68: =IF(SUMIF(C$3:C$290,SETUP!A61,F$3:F$290)>0.005,SUMIF(C$3:C$290,SETUP!A61,F$3:F$290),"") | L68: =IF(COUNTIF(C$3:C$290,SETUP!A61)>0.005,COUNTIF(C$3:C$290,SETUP!A61),"") | M68: =IF(SUMIF(C$3:C$290,SETUP!A61,F$3:F$290)>0.005,K68/K$3,"") | N68: =IF(SUMIF(C$3:C$290,I68,$F$3:$F$290)>0.005,K68/L68,"")
I69: =IF(SETUP!A62<>"",SETUP!A62,"") | J69: =IF(SETUP!B62<>"",SETUP!B62,"") | K69: =IF(SUMIF(C$3:C$290,SETUP!A62,F$3:F$290)>0.005,SUMIF(C$3:C$290,SETUP!A62,F$3:F$290),"") | L69: =IF(COUNTIF(C$3:C$290,SETUP!A62)>0.005,COUNTIF(C$3:C$290,SETUP!A62),"") | M69: =IF(SUMIF(C$3:C$290,SETUP!A62,F$3:F$290)>0.005,K69/K$3,"") | N69: =IF(SUMIF(C$3:C$290,I69,$F$3:$F$290)>0.005,K69/L69,"")
J70: =IF(AND(SETUP!A$63<>"",SETUP!A$63<>"x"),SETUP!B$63,"") | K70: =IF(SUM(F$3:F$290)>0.005,SUMIF($I$60:$I$69,SETUP!$G$43,$K$60:$K$69)+SUMIF($I$60:$I$69,SETUP!$G$44,$K$60:$K$69)+SUMIF($I$60:$I$69,SETUP!$G$45,$K$60:$K$69)+SUMIF($I$60:$I$69,SETUP!$G$46,$K$60:$K$69),"") | L70: =IF(SUM(F$3:F$290)>0.005,SUMIF($I$60:$I$69,SETUP!$G$43,$L$60:$L$69)+SUMIF($I$60:$I$69,SETUP!$G$44,$L$60:$L$69)+SUMIF($I$60:$I$69,SETUP!$G$45,$L$60:$L$69)+SUMIF($I$60:$I$69,SETUP!$G$46,$L$60:$L$69),"") | M70: =IF(ISERROR(IF(K70>0.005,K70/K$3,"")),"",K70/K$3) | N70: =IF(AND(SUM(F$3:$F$290),L70>0.005),K70/L70,"")
J71: =SETUP!H48 | K71: =IF(SUM(F$3:F$290)>0.005,SUMIF($I$60:$I$69,SETUP!$G$49,$K$60:$K$69)+SUMIF($I$60:$I$69,SETUP!$G$50,$K$60:$K$69)+SUMIF($I$60:$I$69,SETUP!$G$51,$K$60:$K$69)+SUMIF($I$60:$I$69,SETUP!$G$52,$K$60:$K$69),"") | L71: =IF(SUM(F$3:F$290)>0.005,SUMIF($I$60:$I$69,SETUP!$G$49,$L$60:$L$69)+SUMIF($I$60:$I$69,SETUP!$G$50,$L$60:$L$69)+SUMIF($I$60:$I$69,SETUP!$G$51,$L$60:$L$69)+SUMIF($I$60:$I$69,SETUP!$G$52,$L$60:$L$69),"") | M71: =IF(ISERROR(IF(K71>0.005,K71/K$3,"")),"",K71/K$3) | N71: =IF(AND(SUM(F$3:$F$290),L71>0.005),K71/L71,"")
J72: =IF(AND(SETUP!A$65<>"",SETUP!A$65<>"x"),SETUP!B$65,"") | K72: =IF(SUM(F$3:F$290)>0.005,SUMIF($I$60:$I$69,SETUP!$G$55,$K$60:$K$69)+SUMIF($I$60:$I$69,SETUP!$G$56,$K$60:$K$69)+SUMIF($I$60:$I$69,SETUP!$G$57,$K$60:$K$69)+SUMIF($I$60:$I$69,SETUP!$G$58,$K$60:$K$69),"") | L72: =IF(SUM(F$3:F$290)>0.005,SUMIF($I$60:$I$69,SETUP!$G$55,$L$60:$L$69)+SUMIF($I$60:$I$69,SETUP!$G$56,$L$60:$L$69)+SUMIF($I$60:$I$69,SETUP!$G$57,$L$60:$L$69)+SUMIF($I$60:$I$69,SETUP!$G$58,$L$60:$L$69),"") | M72: =IF(ISERROR(IF(K72>0.005,K72/K$3,"")),"",K72/K$3) | N72: =IF(AND(SUM(F$3:$F$290),L72>0.005),K72/L72,"")
J73: Unclassified Income | K73: =IF(ISERROR(IF(K3-SUM(K60:K69)>0.005,K3-SUM(K60:K69),"")),"",K3-SUM(K60:K69)) | L73: =IF(ISERROR(IF(L3-SUM(L60:L69)>0.005,L3-SUM(L60:L69),"")),"",L3-SUM(L60:L69)) | M73: =IF(ISERROR(IF(K3-SUM(K60:K69)>0.005,K73/K3,"")),"",K73/K3) | N73: =IF(ISERROR(IF(L3-SUM(L60:L69)>0.005,K73/L73,"")),"",IF(K73>0.005,K73/L73,""))
I75: =IF(SETUP!A66<>"",SETUP!A66,"") | J75: =IF(SETUP!B66<>"",SETUP!B66,"") | K75: =IF(SUMIF(B$3:B$290,SETUP!A66,E$3:E$290)>0.005,SUMIF(B$3:B$290,SETUP!A66,E$3:E$290),"") | L75: =IF(COUNTIF(B$3:B$290,SETUP!A66)>0.005,COUNTIF(B$3:B$290,SETUP!A66),"") | M75: =IF(SUMIF(B$3:B$290,SETUP!A66,E$3:E$290)>0.005,-K75/K$4,"") | N75: =IF(SUMIF(B$3:B$290,I75,$E$3:$E$290)>0.005,K75/L75,"") | O75: Payment Methods
I76: =IF(SETUP!A67<>"",SETUP!A67,"") | J76: =IF(SETUP!B67<>"",SETUP!B67,"") | K76: =IF(SUMIF(B$3:B$290,SETUP!A67,E$3:E$290)>0.005,SUMIF(B$3:B$290,SETUP!A67,E$3:E$290),"") | L76: =IF(COUNTIF(B$3:B$290,SETUP!A67)>0.005,COUNTIF(B$3:B$290,SETUP!A67),"") | M76: =IF(SUMIF(B$3:B$290,SETUP!A67,E$3:E$290)>0.005,-K76/K$4,"") | N76: =IF(SUMIF(B$3:B$290,I76,$E$3:$E$290)>0.005,K76/L76,"") | P76: Copyright by Minh Tan 2012 - digitalcitizen.ca
I77: =IF(SETUP!A68<>"",SETUP!A68,"") | J77: =IF(SETUP!B68<>"",SETUP!B68,"") | K77: =IF(SUMIF(B$3:B$290,SETUP!A68,E$3:E$290)>0.005,SUMIF(B$3:B$290,SETUP!A68,E$3:E$290),"") | L77: =IF(COUNTIF(B$3:B$290,SETUP!A68)>0.005,COUNTIF(B$3:B$290,SETUP!A68),"") | M77: =IF(SUMIF(B$3:B$290,SETUP!A68,E$3:E$290)>0.005,-K77/K$4,"") | N77: =IF(SUMIF(B$3:B$290,I77,$E$3:$E$290)>0.005,K77/L77,"")
I78: =IF(SETUP!A69<>"",SETUP!A69,"") | J78: =IF(SETUP!B69<>"",SETUP!B69,"") | K78: =IF(SUMIF(B$3:B$290,SETUP!A69,E$3:E$290)>0.005,SUMIF(B$3:B$290,SETUP!A69,E$3:E$290),"") | L78: =IF(COUNTIF(B$3:B$290,SETUP!A69)>0.005,COUNTIF(B$3:B$290,SETUP!A69),"") | M78: =IF(SUMIF(B$3:B$290,SETUP!A69,E$3:E$290)>0.005,-K78/K$4,"") | N78: =IF(SUMIF(B$3:B$290,I78,$E$3:$E$290)>0.005,K78/L78,"")
I79: =IF(SETUP!A70<>"",SETUP!A70,"") | J79: =IF(SETUP!B70<>"",SETUP!B70,"") | K79: =IF(SUMIF(B$3:B$290,SETUP!A70,E$3:E$290)>0.005,SUMIF(B$3:B$290,SETUP!A70,E$3:E$290),"") | L79: =IF(COUNTIF(B$3:B$290,SETUP!A70)>0.005,COUNTIF(B$3:B$290,SETUP!A70),"") | M79: =IF(SUMIF(B$3:B$290,SETUP!A70,E$3:E$290)>0.005,-K79/K$4,"") | N79: =IF(SUMIF(B$3:B$290,I79,$E$3:$E$290)>0.005,K79/L79,"")
I80: =IF(SETUP!A71<>"",SETUP!A71,"") | J80: =IF(SETUP!B71<>"",SETUP!B71,"") | K80: =IF(SUMIF(B$3:B$290,SETUP!A71,E$3:E$290)>0.005,SUMIF(B$3:B$290,SETUP!A71,E$3:E$290),"") | L80: =IF(COUNTIF(B$3:B$290,SETUP!A71)>0.005,COUNTIF(B$3:B$290,SETUP!A71),"") | M80: =IF(SUMIF(B$3:B$290,SETUP!A71,E$3:E$290)>0.005,-K80/K$4,"") | N80: =IF(SUMIF(B$3:B$290,I80,$E$3:$E$290)>0.005,K80/L80,"")
I81: =IF(SETUP!A72<>"",SETUP!A72,"") | J81: =IF(SETUP!B72<>"",SETUP!B72,"") | K81: =IF(SUMIF(B$3:B$290,SETUP!A72,E$3:E$290)>0.005,SUMIF(B$3:B$290,SETUP!A72,E$3:E$290),"") | L81: =IF(COUNTIF(B$3:B$290,SETUP!A72)>0.005,COUNTIF(B$3:B$290,SETUP!A72),"") | M81: =IF(SUMIF(B$3:B$290,SETUP!A72,E$3:E$290)>0.005,-K81/K$4,"") | N81: =IF(SUMIF(B$3:B$290,I81,$E$3:$E$290)>0.005,K81/L81,"")
I82: =IF(SETUP!A73<>"",SETUP!A73,"") | J82: =IF(SETUP!B73<>"",SETUP!B73,"") | K82: =IF(SUMIF(B$3:B$290,SETUP!A73,E$3:E$290)>0.005,SUMIF(B$3:B$290,SETUP!A73,E$3:E$290),"") | L82: =IF(COUNTIF(B$3:B$290,SETUP!A73)>0.005,COUNTIF(B$3:B$290,SETUP!A73),"") | M82: =IF(SUMIF(B$3:B$290,SETUP!A73,E$3:E$290)>0.005,-K82/K$4,"") | N82: =IF(SUMIF(B$3:B$290,I82,$E$3:$E$290)>0.005,K82/L82,"")
J83: =IF(SETUP!B74<>"",SETUP!B74,"") | K83: =IF(K$4<0,SUMIF($I$75:$I$82,SETUP!$G$61,$K$75:$K$82)+SUMIF($I$75:$I$82,SETUP!$G$62,$K$75:$K$82)+SUMIF($I$75:$I$82,SETUP!$G$63,$K$75:$K$82)+SUMIF($I$75:$I$82,SETUP!$G$64,$K$75:$K$82),"") | L83: =IF(K$4<0,SUMIF($I$75:$I$82,SETUP!$G$61,$L$75:$L$82)+SUMIF($I$75:$I$82,SETUP!$G$62,$L$75:$L$82)+SUMIF($I$75:$I$82,SETUP!$G$63,$L$75:$L$82)+SUMIF($I$75:$I$82,SETUP!$G$64,$L$75:$L$82),"") | M83: =IF(ISERROR(IF($K$83>0.005,-$K83/K$4,"")),"",-$K83/K$4) | N83: =IF(AND(SUM(E$3:$E$290),L83>0.005),K83/L83,"")
J84: =IF(SETUP!B75<>"",SETUP!B75,"") | K84: =IF(K$4<0,SUMIF($I$75:$I$82,SETUP!$G$68,$K$75:$K$82)+SUMIF($I$75:$I$82,SETUP!$G$69,$K$75:$K$82)+SUMIF($I$75:$I$82,SETUP!$G$70,$K$75:$K$82)+SUMIF($I$75:$I$82,SETUP!$G$71,$K$75:$K$82),"") | L84: =IF(K$4<0,SUMIF($I$75:$I$82,SETUP!$G$68,$L$75:$L$82)+SUMIF($I$75:$I$82,SETUP!$G$69,$L$75:$L$82)+SUMIF($I$75:$I$82,SETUP!$G$70,$L$75:$L$82)+SUMIF($I$75:$I$82,SETUP!$G$71,$L$75:$L$82),"") | M84: =IF(ISERROR(IF($K$83>0.005,-$K84/K$4,"")),"",-$K84/K$4) | N84: =IF(AND(SUM(E$3:$E$290),L84>0.005),K84/L84,"")
J85: =IF(SETUP!B76<>"",SETUP!B76,"") | K85: =IF(K$4<0,SUMIF($I$75:$I$82,SETUP!$G$75,$K$75:$K$82)+SUMIF($I$75:$I$82,SETUP!$G$76,$K$75:$K$82)+SUMIF($I$75:$I$82,SETUP!$G$77,$K$75:$K$82)+SUMIF($I$75:$I$82,SETUP!$G$78,$K$75:$K$82),"") | L85: =IF(K$4<0,SUMIF($I$75:$I$82,SETUP!$G$75,$L$75:$L$82)+SUMIF($I$75:$I$82,SETUP!$G$76,$L$75:$L$82)+SUMIF($I$75:$I$82,SETUP!$G$77,$L$75:$L$82)+SUMIF($I$75:$I$82,SETUP!$G$78,$L$75:$L$82),"") | M85: =IF(ISERROR(IF($K$83>0.005,-$K85/K$4,"")),"",-$K85/K$4) | N85: =IF(AND(SUM(E$3:$E$290),L85>0.005),K85/L85,"")
J86: Unclassified Payment Methods | K86: =IF(ISERROR(IF(SUM(E3:E290)>SUM(K75:K82),SUM(E3:E290)-SUM(K75:K82),"")),"",IF(SUM(E3:E290)-SUM(K75:K82)>0,SUM(E3:E290)-SUM(K75:K82),"")) | L86: =IF(ISERROR(IF(SUM(E3:E290)>SUM(K75:K82),L4-SUM(L75:L82),"")),"",IF(SUM(E3:E290)-SUM(K75:K82)>0,COUNTIF(E3:E290,">0.005")-SUM(L75:L82),"")) | M86: =IF(SUM(E3:E290)-SUM(K75:K82)>0,K86/SUM(E3:E290),"") | N86: =IF(SUM(E3:E290)-SUM(K75:K82)>0.005,K86/L86,"")
J90: INCOME | K90: =IF($K$3>0.005,$K$3,"") | L90: =IF($L$3>0.005,$L$3,"") | N90: =IF(N3>0.005,N3,"")
J91: EXPENDITURES | K91: =IF($K$4<0,$K$4,"") | L91: =IF($L$4>0.005,$L$4,"") | M91: =IF($M$4<>"",$M$4,"") | N91: =IF(N4<0,N4,"") | P91: Copyright by Minh Tan 2012 - digitalcitizen.ca
J92: NET | K92: =IF($K$5<>"",$K$5,"") | L92: =IF(L$5<>"",L$5,"")
J93: CURRENT BALANCE | K93: =IF($K$6<>0.005,$K$6,"")
J94: POORLY SPENT | K94: =IF($K$7<0,$K$7,"") | L94: =IF($L$7<>"",$L$7,"") | M94: =IF($M$7<>"",$M$7,"") | N94: =IF(N7<0,N7,"")
I95: =$I$8 | J95: =$J$8 | K95: =IF(K8<>"",K8,"") | L95: =IF(L8<>"",L8,"") | M95: =IF(M8<>"",M8,"") | N95: =IF(N8>0.005,N8,"") | O95: Expenditures
I96: =$I$9 | J96: =$J$9 | K96: =IF(K9<>"",K9,"") | L96: =IF(L9<>"",L9,"") | M96: =IF(M9<>"",M9,"") | N96: =IF(N9>0.005,N9,"")
I97: =$I$10 | J97: =$J$10 | K97: =IF(K10<>"",K10,"") | L97: =IF(L10<>"",L10,"") | M97: =IF(M10<>"",M10,"") | N97: =IF(N10>0.005,N10,"")
I98: =$I$11 | J98: =$J$11 | K98: =IF(K11<>"",K11,"") | L98: =IF(L11<>"",L11,"") | M98: =IF(M11<>"",M11,"") | N98: =IF(N11>0.005,N11,"")
I99: =$I$12 | J99: =$J$12 | K99: =IF(K12<>"",K12,"") | L99: =IF(L12<>"",L12,"") | M99: =IF(M12<>"",M12,"") | N99: =IF(N12>0.005,N12,"")
I100: =$I$13 | J100: =$J$13 | K100: =IF(K13<>"",K13,"") | L100: =IF(L13<>"",L13,"") | M100: =IF(M13<>"",M13,"") | N100: =IF(N13>0.005,N13,"")
I101: =$I$14 | J101: =$J$14 | K101: =IF(K14<>"",K14,"") | L101: =IF(L14<>"",L14,"") | M101: =IF(M14<>"",M14,"") | N101: =IF(N14>0.005,N14,"")
I102: =$I$15 | J102: =$J$15 | K102: =IF(K15<>"",K15,"") | L102: =IF(L15<>"",L15,"") | M102: =IF(M15<>"",M15,"") | N102: =IF(N15>0.005,N15,"")
I103: =$I$16 | J103: =$J$16 | K103: =IF(K16<>"",K16,"") | L103: =IF(L16<>"",L16,"") | M103: =IF(M16<>"",M16,"") | N103: =IF(N16>0.005,N16,"")
I104: =$I$17 | J104: =$J$17 | K104: =IF(K17<>"",K17,"") | L104: =IF(L17<>"",L17,"") | M104: =IF(M17<>"",M17,"") | N104: =IF(N17>0.005,N17,"")
I105: =$I$18 | J105: =$J$18 | K105: =IF(K18<>"",K18,"") | L105: =IF(L18<>"",L18,"") | M105: =IF(M18<>"",M18,"") | N105: =IF(N18>0.005,N18,"")
...

Sheet FEB
A1: Date | B1: Met | C1: Cat | D1: Transaction Description (February) | E1: Spent | F1: Earned | G1: =SETUP!H89 -> X | I1: CATEGORIES | K1: Amount | L1: # Trans | M1: % | N1: Avg per Trans | P1: Copyright by Minh Tan 2012 - digitalcitizen.ca
D2: Starting Balance | E2: =IF(SETUP!H83=2,SETUP!E96,JAN!K6)
D3: =IF(SETUP!$B$116<>"",SETUP!$B$116,"") | J3: INCOME | K3: =IF(SUM(F3:F290)>0.005,SUM(F3:F290),"") | L3: =IF(COUNTIF(F3:F290,">0.005")>0.005,COUNTIF(F3:F290,">0.005"),"") | N3: =IF(SUM(F3:F290)>0.005,K3/L3,"")
D4: =IF(SETUP!$B$117<>"",SETUP!$B$117,"") | J4: EXPENDITURES | K4: =IF(SUM(E3:E290)>0.005,-SUM(E3:E290),"") | L4: =IF(COUNTIF(E3:E290,">0.005")>0.005,COUNTIF(E3:E290,">0.005"),"") | M4: =IF(ISERROR(IF(K3>1,-K4/K3,"")),"",K4/K3) | N4: =IF(SUM(E3:E290)>0.005,K4/L4,"")
D5: =IF(SETUP!$B$118<>"",SETUP!$B$118,"") | J5: NET | K5: =IF(OR(SUM(F3:F290)>0.005,K4<-0.005),SUM(K3:K4),"") | L5: =IF(OR(-SUM(F3:F290)-SUM(E3:E290)>0.005,SUM(F3:F290)-SUM(K60:K69)>0.005,-SUM(E3:E290)-SUM(K83:K85)>0.005),("Check unclassified entries in "&IF(-SUM(K8:K52)-K4>0.005,"Expenditures ","")&IF(K3-SUM(K60:K69)>0.005,"Income ","")&IF(-K4-SUM(K83:K85)>0.005,"Payment","")),"")
D6: =IF(SETUP!$B$119<>"",SETUP!$B$119,"") | J6: CURRENT BALANCE | K6: =IF(OR(SUM(F3:F290)>0.005,K4<-0.005),SUM(E2,K5),"")
D7: =IF(SETUP!$B$120<>"",SETUP!$B$120,"") | J7: POORLY SPENT | K7: =IF(SUM(G3:G290)>0.005,-SUM(G3:G290),"") | L7: =IF(COUNTIF(G3:G290,">0.005")>0.005,COUNTIF(G3:G290,">0.005"),"") | M7: =IF(SUM(G3:G290)>0.005,K7/K4,"") | N7: =IF(K7<0,K7/L7,"")
D8: =IF(SETUP!$B$121<>"",SETUP!$B$121,"") | I8: =IF(SETUP!A3<>"",SETUP!A3,"") | J8: =IF(SETUP!B3<>"",SETUP!B3,"") | K8: =IF(SUMIF(C$3:C$290,SETUP!A3,E$3:E$290)>0.005,SUMIF(C$3:C$290,SETUP!A3,E$3:E$290),"") | L8: =IF(COUNTIF(C$3:C$290,SETUP!A3)>0.005,COUNTIF(C$3:C$290,SETUP!A3),"") | M8: =IF(SUMIF(C$3:C$290,SETUP!A3,E$3:E$290)>0.005,-K8/K$4,"") | N8: =IF(SUMIF(C$3:C$290,I8,$E$3:$E$290)>0.005,K8/L8,"") | O8: Expenditures
D9: =IF(SETUP!$B$122<>"",SETUP!$B$122,"") | I9: =IF(SETUP!A4<>"",SETUP!A4,"") | J9: =IF(SETUP!B4<>"",SETUP!B4,"") | K9: =IF(SUMIF(C$3:C$290,SETUP!A4,E$3:E$290)>0.005,SUMIF(C$3:C$290,SETUP!A4,E$3:E$290),"") | L9: =IF(COUNTIF(C$3:C$290,SETUP!A4)>0.005,COUNTIF(C$3:C$290,SETUP!A4),"") | M9: =IF(SUMIF(C$3:C$290,SETUP!A4,E$3:E$290)>0.005,-K9/K$4,"") | N9: =IF(SUMIF(C$3:C$290,I9,$E$3:$E$290)>0.005,K9/L9,"")
D10: =IF(SETUP!$B$123<>"",SETUP!$B$123,"") | I10: =IF(SETUP!A5<>"",SETUP!A5,"") | J10: =IF(SETUP!B5<>"",SETUP!B5,"") | K10: =IF(SUMIF(C$3:C$290,SETUP!A5,E$3:E$290)>0.005,SUMIF(C$3:C$290,SETUP!A5,E$3:E$290),"") | L10: =IF(COUNTIF(C$3:C$290,SETUP!A5)>0.005,COUNTIF(C$3:C$290,SETUP!A5),"") | M10: =IF(SUMIF(C$3:C$290,SETUP!A5,E$3:E$290)>0.005,-K10/K$4,"") | N10: =IF(SUMIF(C$3:C$290,I10,$E$3:$E$290)>0.005,K10/L10,"")
D11: =IF(SETUP!$B$124<>"",SETUP!$B$124,"") | I11: =IF(SETUP!A6<>"",SETUP!A6,"") | J11: =IF(SETUP!B6<>"",SETUP!B6,"") | K11: =IF(SUMIF(C$3:C$290,SETUP!A6,E$3:E$290)>0.005,SUMIF(C$3:C$290,SETUP!A6,E$3:E$290),"") | L11: =IF(COUNTIF(C$3:C$290,SETUP!A6)>0.005,COUNTIF(C$3:C$290,SETUP!A6),"") | M11: =IF(SUMIF(C$3:C$290,SETUP!A6,E$3:E$290)>0.005,-K11/K$4,"") | N11: =IF(SUMIF(C$3:C$290,I11,$E$3:$E$290)>0.005,K11/L11,"")
D12: =IF(SETUP!$B$125<>"",SETUP!$B$125,"") | I12: =IF(SETUP!A7<>"",SETUP!A7,"") | J12: =IF(SETUP!B7<>"",SETUP!B7,"") | K12: =IF(SUMIF(C$3:C$290,SETUP!A7,E$3:E$290)>0.005,SUMIF(C$3:C$290,SETUP!A7,E$3:E$290),"") | L12: =IF(COUNTIF(C$3:C$290,SETUP!A7)>0.005,COUNTIF(C$3:C$290,SETUP!A7),"") | M12: =IF(SUMIF(C$3:C$290,SETUP!A7,E$3:E$290)>0.005,-K12/K$4,"") | N12: =IF(SUMIF(C$3:C$290,I12,$E$3:$E$290)>0.005,K12/L12,"")
D13: =IF(SETUP!$B$126<>"",SETUP!$B$126,"") | I13: =IF(SETUP!A8<>"",SETUP!A8,"") | J13: =IF(SETUP!B8<>"",SETUP!B8,"") | K13: =IF(SUMIF(C$3:C$290,SETUP!A8,E$3:E$290)>0.005,SUMIF(C$3:C$290,SETUP!A8,E$3:E$290),"") | L13: =IF(COUNTIF(C$3:C$290,SETUP!A8)>0.005,COUNTIF(C$3:C$290,SETUP!A8),"") | M13: =IF(SUMIF(C$3:C$290,SETUP!A8,E$3:E$290)>0.005,-K13/K$4,"") | N13: =IF(SUMIF(C$3:C$290,I13,$E$3:$E$290)>0.005,K13/L13,"")
D14: =IF(SETUP!$B$127<>"",SETUP!$B$127,"") | I14: =IF(SETUP!A9<>"",SETUP!A9,"") | J14: =IF(SETUP!B9<>"",SETUP!B9,"") | K14: =IF(SUMIF(C$3:C$290,SETUP!A9,E$3:E$290)>0.005,SUMIF(C$3:C$290,SETUP!A9,E$3:E$290),"") | L14: =IF(COUNTIF(C$3:C$290,SETUP!A9)>0.005,COUNTIF(C$3:C$290,SETUP!A9),"") | M14: =IF(SUMIF(C$3:C$290,SETUP!A9,E$3:E$290)>0.005,-K14/K$4,"") | N14: =IF(SUMIF(C$3:C$290,I14,$E$3:$E$290)>0.005,K14/L14,"")
D15: =IF(SETUP!$B$128<>"",SETUP!$B$128,"") | I15: =IF(SETUP!A10<>"",SETUP!A10,"") | J15: =IF(SETUP!B10<>"",SETUP!B10,"") | K15: =IF(SUMIF(C$3:C$290,SETUP!A10,E$3:E$290)>0.005,SUMIF(C$3:C$290,SETUP!A10,E$3:E$290),"") | L15: =IF(COUNTIF(C$3:C$290,SETUP!A10)>0.005,COUNTIF(C$3:C$290,SETUP!A10),"") | M15: =IF(SUMIF(C$3:C$290,SETUP!A10,E$3:E$290)>0.005,-K15/K$4,"") | N15: =IF(SUMIF(C$3:C$290,I15,$E$3:$E$290)>0.005,K15/L15,"")
D16: =IF(SETUP!$B$129<>"",SETUP!$B$129,"") | I16: =IF(SETUP!A11<>"",SETUP!A11,"") | J16: =IF(SETUP!B11<>"",SETUP!B11,"") | K16: =IF(SUMIF(C$3:C$290,SETUP!A11,E$3:E$290)>0.005,SUMIF(C$3:C$290,SETUP!A11,E$3:E$290),"") | L16: =IF(COUNTIF(C$3:C$290,SETUP!A11)>0.005,COUNTIF(C$3:C$290,SETUP!A11),"") | M16: =IF(SUMIF(C$3:C$290,SETUP!A11,E$3:E$290)>0.005,-K16/K$4,"") | N16: =IF(SUMIF(C$3:C$290,I16,$E$3:$E$290)>0.005,K16/L16,"") | P16: Copyright by Minh Tan 2012 - digitalcitizen.ca
D17: =IF(SETUP!$B$130<>"",SETUP!$B$130,"") | I17: =IF(SETUP!A12<>"",SETUP!A12,"") | J17: =IF(SETUP!B12<>"",SETUP!B12,"") | K17: =IF(SUMIF(C$3:C$290,SETUP!A12,E$3:E$290)>0.005,SUMIF(C$3:C$290,SETUP!A12,E$3:E$290),"") | L17: =IF(COUNTIF(C$3:C$290,SETUP!A12)>0.005,COUNTIF(C$3:C$290,SETUP!A12),"") | M17: =IF(SUMIF(C$3:C$290,SETUP!A12,E$3:E$290)>0.005,-K17/K$4,"") | N17: =IF(SUMIF(C$3:C$290,I17,$E$3:$E$290)>0.005,K17/L17,"")
D18: =IF(SETUP!$B$131<>"",SETUP!$B$131,"") | I18: =IF(SETUP!A13<>"",SETUP!A13,"") | J18: =IF(SETUP!B13<>"",SETUP!B13,"") | K18: =IF(SUMIF(C$3:C$290,SETUP!A13,E$3:E$290)>0.005,SUMIF(C$3:C$290,SETUP!A13,E$3:E$290),"") | L18: =IF(COUNTIF(C$3:C$290,SETUP!A13)>0.005,COUNTIF(C$3:C$290,SETUP!A13),"") | M18: =IF(SUMIF(C$3:C$290,SETUP!A13,E$3:E$290)>0.005,-K18/K$4,"") | N18: =IF(SUMIF(C$3:C$290,I18,$E$3:$E$290)>0.005,K18/L18,"")
D19: =IF(SETUP!$B$132<>"",SETUP!$B$132,"") | I19: =IF(SETUP!A14<>"",SETUP!A14,"") | J19: =IF(SETUP!B14<>"",SETUP!B14,"") | K19: =IF(SUMIF(C$3:C$290,SETUP!A14,E$3:E$290)>0.005,SUMIF(C$3:C$290,SETUP!A14,E$3:E$290),"") | L19: =IF(COUNTIF(C$3:C$290,SETUP!A14)>0.005,COUNTIF(C$3:C$290,SETUP!A14),"") | M19: =IF(SUMIF(C$3:C$290,SETUP!A14,E$3:E$290)>0.005,-K19/K$4,"") | N19: =IF(SUMIF(C$3:C$290,I19,$E$3:$E$290)>0.005,K19/L19,"")
D20: =IF(SETUP!$B$133<>"",SETUP!$B$133,"") | I20: =IF(SETUP!A15<>"",SETUP!A15,"") | J20: =IF(SETUP!B15<>"",SETUP!B15,"") | K20: =IF(SUMIF(C$3:C$290,SETUP!A15,E$3:E$290)>0.005,SUMIF(C$3:C$290,SETUP!A15,E$3:E$290),"") | L20: =IF(COUNTIF(C$3:C$290,SETUP!A15)>0.005,COUNTIF(C$3:C$290,SETUP!A15),"") | M20: =IF(SUMIF(C$3:C$290,SETUP!A15,E$3:E$290)>0.005,-K20/K$4,"") | N20: =IF(SUMIF(C$3:C$290,I20,$E$3:$E$290)>0.005,K20/L20,"")
D21: =IF(SETUP!$B$134<>"",SETUP!$B$134,"") | I21: =IF(SETUP!A16<>"",SETUP!A16,"") | J21: =IF(SETUP!B16<>"",SETUP!B16,"") | K21: =IF(SUMIF(C$3:C$290,SETUP!A16,E$3:E$290)>0.005,SUMIF(C$3:C$290,SETUP!A16,E$3:E$290),"") | L21: =IF(COUNTIF(C$3:C$290,SETUP!A16)>0.005,COUNTIF(C$3:C$290,SETUP!A16),"") | M21: =IF(SUMIF(C$3:C$290,SETUP!A16,E$3:E$290)>0.005,-K21/K$4,"") | N21: =IF(SUMIF(C$3:C$290,I21,$E$3:$E$290)>0.005,K21/L21,"")
D22: =IF(SETUP!$B$135<>"",SETUP!$B$135,"") | I22: =IF(SETUP!A17<>"",SETUP!A17,"") | J22: =IF(SETUP!B17<>"",SETUP!B17,"") | K22: =IF(SUMIF(C$3:C$290,SETUP!A17,E$3:E$290)>0.005,SUMIF(C$3:C$290,SETUP!A17,E$3:E$290),"") | L22: =IF(COUNTIF(C$3:C$290,SETUP!A17)>0.005,COUNTIF(C$3:C$290,SETUP!A17),"") | M22: =IF(SUMIF(C$3:C$290,SETUP!A17,E$3:E$290)>0.005,-K22/K$4,"") | N22: =IF(SUMIF(C$3:C$290,I22,$E$3:$E$290)>0.005,K22/L22,"")
D23: =IF(SETUP!$B$136<>"",SETUP!$B$136,"") | I23: =IF(SETUP!A18<>"",SETUP!A18,"") | J23: =IF(SETUP!B18<>"",SETUP!B18,"") | K23: =IF(SUMIF(C$3:C$290,SETUP!A18,E$3:E$290)>0.005,SUMIF(C$3:C$290,SETUP!A18,E$3:E$290),"") | L23: =IF(COUNTIF(C$3:C$290,SETUP!A18)>0.005,COUNTIF(C$3:C$290,SETUP!A18),"") | M23: =IF(SUMIF(C$3:C$290,SETUP!A18,E$3:E$290)>0.005,-K23/K$4,"") | N23: =IF(SUMIF(C$3:C$290,I23,$E$3:$E$290)>0.005,K23/L23,"")
D24: =IF(SETUP!$B$137<>"",SETUP!$B$137,"") | I24: =IF(SETUP!A19<>"",SETUP!A19,"") | J24: =IF(SETUP!B19<>"",SETUP!B19,"") | K24: =IF(SUMIF(C$3:C$290,SETUP!A19,E$3:E$290)>0.005,SUMIF(C$3:C$290,SETUP!A19,E$3:E$290),"") | L24: =IF(COUNTIF(C$3:C$290,SETUP!A19)>0.005,COUNTIF(C$3:C$290,SETUP!A19),"") | M24: =IF(SUMIF(C$3:C$290,SETUP!A19,E$3:E$290)>0.005,-K24/K$4,"") | N24: =IF(SUMIF(C$3:C$290,I24,$E$3:$E$290)>0.005,K24/L24,"")
D25: =IF(SETUP!$B$138<>"",SETUP!$B$138,"") | I25: =IF(SETUP!A20<>"",SETUP!A20,"") | J25: =IF(SETUP!B20<>"",SETUP!B20,"") | K25: =IF(SUMIF(C$3:C$290,SETUP!A20,E$3:E$290)>0.005,SUMIF(C$3:C$290,SETUP!A20,E$3:E$290),"") | L25: =IF(COUNTIF(C$3:C$290,SETUP!A20)>0.005,COUNTIF(C$3:C$290,SETUP!A20),"") | M25: =IF(SUMIF(C$3:C$290,SETUP!A20,E$3:E$290)>0.005,-K25/K$4,"") | N25: =IF(SUMIF(C$3:C$290,I25,$E$3:$E$290)>0.005,K25/L25,"") | O25: Expenditures
D26: =IF(SETUP!$B$139<>"",SETUP!$B$139,"Blue spaces reserved for repeating monthly items") -> Blue spaces reserved for repeating monthly items | I26: =IF(SETUP!A21<>"",SETUP!A21,"") | J26: =IF(SETUP!B21<>"",SETUP!B21,"") | K26: =IF(SUMIF(C$3:C$290,SETUP!A21,E$3:E$290)>0.005,SUMIF(C$3:C$290,SETUP!A21,E$3:E$290),"") | L26: =IF(COUNTIF(C$3:C$290,SETUP!A21)>0.005,COUNTIF(C$3:C$290,SETUP!A21),"") | M26: =IF(SUMIF(C$3:C$290,SETUP!A21,E$3:E$290)>0.005,-K26/K$4,"") | N26: =IF(SUMIF(C$3:C$290,I26,$E$3:$E$290)>0.005,K26/L26,"")
I27: =IF(SETUP!A22<>"",SETUP!A22,"") | J27: =IF(SETUP!B22<>"",SETUP!B22,"") | K27: =IF(SUMIF(C$3:C$290,SETUP!A22,E$3:E$290)>0.005,SUMIF(C$3:C$290,SETUP!A22,E$3:E$290),"") | L27: =IF(COUNTIF(C$3:C$290,SETUP!A22)>0.005,COUNTIF(C$3:C$290,SETUP!A22),"") | M27: =IF(SUMIF(C$3:C$290,SETUP!A22,E$3:E$290)>0.005,-K27/K$4,"") | N27: =IF(SUMIF(C$3:C$290,I27,$E$3:$E$290)>0.005,K27/L27,"")
I28: =IF(SETUP!A23<>"",SETUP!A23,"") | J28: =IF(SETUP!B23<>"",SETUP!B23,"") | K28: =IF(SUMIF(C$3:C$290,SETUP!A23,E$3:E$290)>0.005,SUMIF(C$3:C$290,SETUP!A23,E$3:E$290),"") | L28: =IF(COUNTIF(C$3:C$290,SETUP!A23)>0.005,COUNTIF(C$3:C$290,SETUP!A23),"") | M28: =IF(SUMIF(C$3:C$290,SETUP!A23,E$3:E$290)>0.005,-K28/K$4,"") | N28: =IF(SUMIF(C$3:C$290,I28,$E$3:$E$290)>0.005,K28/L28,"")
I29: =IF(SETUP!A24<>"",SETUP!A24,"") | J29: =IF(SETUP!B24<>"",SETUP!B24,"") | K29: =IF(SUMIF(C$3:C$290,SETUP!A24,E$3:E$290)>0.005,SUMIF(C$3:C$290,SETUP!A24,E$3:E$290),"") | L29: =IF(COUNTIF(C$3:C$290,SETUP!A24)>0.005,COUNTIF(C$3:C$290,SETUP!A24),"") | M29: =IF(SUMIF(C$3:C$290,SETUP!A24,E$3:E$290)>0.005,-K29/K$4,"") | N29: =IF(SUMIF(C$3:C$290,I29,$E$3:$E$290)>0.005,K29/L29,"")
I30: =IF(SETUP!A25<>"",SETUP!A25,"") | J30: =IF(SETUP!B25<>"",SETUP!B25,"") | K30: =IF(SUMIF(C$3:C$290,SETUP!A25,E$3:E$290)>0.005,SUMIF(C$3:C$290,SETUP!A25,E$3:E$290),"") | L30: =IF(COUNTIF(C$3:C$290,SETUP!A25)>0.005,COUNTIF(C$3:C$290,SETUP!A25),"") | M30: =IF(SUMIF(C$3:C$290,SETUP!A25,E$3:E$290)>0.005,-K30/K$4,"") | N30: =IF(SUMIF(C$3:C$290,I30,$E$3:$E$290)>0.005,K30/L30,"")
I31: =IF(SETUP!A26<>"",SETUP!A26,"") | J31: =IF(SETUP!B26<>"",SETUP!B26,"") | K31: =IF(SUMIF(C$3:C$290,SETUP!A26,E$3:E$290)>0.005,SUMIF(C$3:C$290,SETUP!A26,E$3:E$290),"") | L31: =IF(COUNTIF(C$3:C$290,SETUP!A26)>0.005,COUNTIF(C$3:C$290,SETUP!A26),"") | M31: =IF(SUMIF(C$3:C$290,SETUP!A26,E$3:E$290)>0.005,-K31/K$4,"") | N31: =IF(SUMIF(C$3:C$290,I31,$E$3:$E$290)>0.005,K31/L31,"") | P31: Copyright by Minh Tan 2012 - digitalcitizen.ca
I32: =IF(SETUP!A27<>"",SETUP!A27,"") | J32: =IF(SETUP!B27<>"",SETUP!B27,"") | K32: =IF(SUMIF(C$3:C$290,SETUP!A27,E$3:E$290)>0.005,SUMIF(C$3:C$290,SETUP!A27,E$3:E$290),"") | L32: =IF(COUNTIF(C$3:C$290,SETUP!A27)>0.005,COUNTIF(C$3:C$290,SETUP!A27),"") | M32: =IF(SUMIF(C$3:C$290,SETUP!A27,E$3:E$290)>0.005,-K32/K$4,"") | N32: =IF(SUMIF(C$3:C$290,I32,$E$3:$E$290)>0.005,K32/L32,"")
I33: =IF(SETUP!A28<>"",SETUP!A28,"") | J33: =IF(SETUP!B28<>"",SETUP!B28,"") | K33: =IF(SUMIF(C$3:C$290,SETUP!A28,E$3:E$290)>0.005,SUMIF(C$3:C$290,SETUP!A28,E$3:E$290),"") | L33: =IF(COUNTIF(C$3:C$290,SETUP!A28)>0.005,COUNTIF(C$3:C$290,SETUP!A28),"") | M33: =IF(SUMIF(C$3:C$290,SETUP!A28,E$3:E$290)>0.005,-K33/K$4,"") | N33: =IF(SUMIF(C$3:C$290,I33,$E$3:$E$290)>0.005,K33/L33,"")
I34: =IF(SETUP!A29<>"",SETUP!A29,"") | J34: =IF(SETUP!B29<>"",SETUP!B29,"") | K34: =IF(SUMIF(C$3:C$290,SETUP!A29,E$3:E$290)>0.005,SUMIF(C$3:C$290,SETUP!A29,E$3:E$290),"") | L34: =IF(COUNTIF(C$3:C$290,SETUP!A29)>0.005,COUNTIF(C$3:C$290,SETUP!A29),"") | M34: =IF(SUMIF(C$3:C$290,SETUP!A29,E$3:E$290)>0.005,-K34/K$4,"") | N34: =IF(SUMIF(C$3:C$290,I34,$E$3:$E$290)>0.005,K34/L34,"")
I35: =IF(SETUP!A30<>"",SETUP!A30,"") | J35: =IF(SETUP!B30<>"",SETUP!B30,"") | K35: =IF(SUMIF(C$3:C$290,SETUP!A30,E$3:E$290)>0.005,SUMIF(C$3:C$290,SETUP!A30,E$3:E$290),"") | L35: =IF(COUNTIF(C$3:C$290,SETUP!A30)>0.005,COUNTIF(C$3:C$290,SETUP!A30),"") | M35: =IF(SUMIF(C$3:C$290,SETUP!A30,E$3:E$290)>0.005,-K35/K$4,"") | N35: =IF(SUMIF(C$3:C$290,I35,$E$3:$E$290)>0.005,K35/L35,"")
I36: =IF(SETUP!A31<>"",SETUP!A31,"") | J36: =IF(SETUP!B31<>"",SETUP!B31,"") | K36: =IF(SUMIF(C$3:C$290,SETUP!A31,E$3:E$290)>0.005,SUMIF(C$3:C$290,SETUP!A31,E$3:E$290),"") | L36: =IF(COUNTIF(C$3:C$290,SETUP!A31)>0.005,COUNTIF(C$3:C$290,SETUP!A31),"") | M36: =IF(SUMIF(C$3:C$290,SETUP!A31,E$3:E$290)>0.005,-K36/K$4,"") | N36: =IF(SUMIF(C$3:C$290,I36,$E$3:$E$290)>0.005,K36/L36,"")
I37: =IF(SETUP!A32<>"",SETUP!A32,"") | J37: =IF(SETUP!B32<>"",SETUP!B32,"") | K37: =IF(SUMIF(C$3:C$290,SETUP!A32,E$3:E$290)>0.005,SUMIF(C$3:C$290,SETUP!A32,E$3:E$290),"") | L37: =IF(COUNTIF(C$3:C$290,SETUP!A32)>0.005,COUNTIF(C$3:C$290,SETUP!A32),"") | M37: =IF(SUMIF(C$3:C$290,SETUP!A32,E$3:E$290)>0.005,-K37/K$4,"") | N37: =IF(SUMIF(C$3:C$290,I37,$E$3:$E$290)>0.005,K37/L37,"")
I38: =IF(SETUP!A33<>"",SETUP!A33,"") | J38: =IF(SETUP!B33<>"",SETUP!B33,"") | K38: =IF(SUMIF(C$3:C$290,SETUP!A33,E$3:E$290)>0.005,SUMIF(C$3:C$290,SETUP!A33,E$3:E$290),"") | L38: =IF(COUNTIF(C$3:C$290,SETUP!A33)>0.005,COUNTIF(C$3:C$290,SETUP!A33),"") | M38: =IF(SUMIF(C$3:C$290,SETUP!A33,E$3:E$290)>0.005,-K38/K$4,"") | N38: =IF(SUMIF(C$3:C$290,I38,$E$3:$E$290)>0.005,K38/L38,"")
I39: =IF(SETUP!A34<>"",SETUP!A34,"") | J39: =IF(SETUP!B34<>"",SETUP!B34,"") | K39: =IF(SUMIF(C$3:C$290,SETUP!A34,E$3:E$290)>0.005,SUMIF(C$3:C$290,SETUP!A34,E$3:E$290),"") | L39: =IF(COUNTIF(C$3:C$290,SETUP!A34)>0.005,COUNTIF(C$3:C$290,SETUP!A34),"") | M39: =IF(SUMIF(C$3:C$290,SETUP!A34,E$3:E$290)>0.005,-K39/K$4,"") | N39: =IF(SUMIF(C$3:C$290,I39,$E$3:$E$290)>0.005,K39/L39,"")
I40: =IF(SETUP!A35<>"",SETUP!A35,"") | J40: =IF(SETUP!B35<>"",SETUP!B35,"") | K40: =IF(SUMIF(C$3:C$290,SETUP!A35,E$3:E$290)>0.005,SUMIF(C$3:C$290,SETUP!A35,E$3:E$290),"") | L40: =IF(COUNTIF(C$3:C$290,SETUP!A35)>0.005,COUNTIF(C$3:C$290,SETUP!A35),"") | M40: =IF(SUMIF(C$3:C$290,SETUP!A35,E$3:E$290)>0.005,-K40/K$4,"") | N40: =IF(SUMIF(C$3:C$290,I40,$E$3:$E$290)>0.005,K40/L40,"")
I41: =IF(SETUP!A36<>"",SETUP!A36,"") | J41: =IF(SETUP!B36<>"",SETUP!B36,"") | K41: =IF(SUMIF(C$3:C$290,SETUP!A36,E$3:E$290)>0.005,SUMIF(C$3:C$290,SETUP!A36,E$3:E$290),"") | L41: =IF(COUNTIF(C$3:C$290,SETUP!A36)>0.005,COUNTIF(C$3:C$290,SETUP!A36),"") | M41: =IF(SUMIF(C$3:C$290,SETUP!A36,E$3:E$290)>0.005,-K41/K$4,"") | N41: =IF(SUMIF(C$3:C$290,I41,$E$3:$E$290)>0.005,K41/L41,"") | O41: Expenditures
I42: =IF(SETUP!A37<>"",SETUP!A37,"") | J42: =IF(SETUP!B37<>"",SETUP!B37,"") | K42: =IF(SUMIF(C$3:C$290,SETUP!A37,E$3:E$290)>0.005,SUMIF(C$3:C$290,SETUP!A37,E$3:E$290),"") | L42: =IF(COUNTIF(C$3:C$290,SETUP!A37)>0.005,COUNTIF(C$3:C$290,SETUP!A37),"") | M42: =IF(SUMIF(C$3:C$290,SETUP!A37,E$3:E$290)>0.005,-K42/K$4,"") | N42: =IF(SUMIF(C$3:C$290,I42,$E$3:$E$290)>0.005,K42/L42,"")
I43: =IF(SETUP!A38<>"",SETUP!A38,"") | J43: =IF(SETUP!B38<>"",SETUP!B38,"") | K43: =IF(SUMIF(C$3:C$290,SETUP!A38,E$3:E$290)>0.005,SUMIF(C$3:C$290,SETUP!A38,E$3:E$290),"") | L43: =IF(COUNTIF(C$3:C$290,SETUP!A38)>0.005,COUNTIF(C$3:C$290,SETUP!A38),"") | M43: =IF(SUMIF(C$3:C$290,SETUP!A38,E$3:E$290)>0.005,-K43/K$4,"") | N43: =IF(SUMIF(C$3:C$290,I43,$E$3:$E$290)>0.005,K43/L43,"")
I44: =IF(SETUP!A39<>"",SETUP!A39,"") | J44: =IF(SETUP!B39<>"",SETUP!B39,"") | K44: =IF(SUMIF(C$3:C$290,SETUP!A39,E$3:E$290)>0.005,SUMIF(C$3:C$290,SETUP!A39,E$3:E$290),"") | L44: =IF(COUNTIF(C$3:C$290,SETUP!A39)>0.005,COUNTIF(C$3:C$290,SETUP!A39),"") | M44: =IF(SUMIF(C$3:C$290,SETUP!A39,E$3:E$290)>0.005,-K44/K$4,"") | N44: =IF(SUMIF(C$3:C$290,I44,$E$3:$E$290)>0.005,K44/L44,"")
I45: =IF(SETUP!A40<>"",SETUP!A40,"") | J45: =IF(SETUP!B40<>"",SETUP!B40,"") | K45: =IF(SUMIF(C$3:C$290,SETUP!A40,E$3:E$290)>0.005,SUMIF(C$3:C$290,SETUP!A40,E$3:E$290),"") | L45: =IF(COUNTIF(C$3:C$290,SETUP!A40)>0.005,COUNTIF(C$3:C$290,SETUP!A40),"") | M45: =IF(SUMIF(C$3:C$290,SETUP!A40,E$3:E$290)>0.005,-K45/K$4,"") | N45: =IF(SUMIF(C$3:C$290,I45,$E$3:$E$290)>0.005,K45/L45,"")
I46: =IF(SETUP!A41<>"",SETUP!A41,"") | J46: =IF(SETUP!B41<>"",SETUP!B41,"") | K46: =IF(SUMIF(C$3:C$290,SETUP!A41,E$3:E$290)>0.005,SUMIF(C$3:C$290,SETUP!A41,E$3:E$290),"") | L46: =IF(COUNTIF(C$3:C$290,SETUP!A41)>0.005,COUNTIF(C$3:C$290,SETUP!A41),"") | M46: =IF(SUMIF(C$3:C$290,SETUP!A41,E$3:E$290)>0.005,-K46/K$4,"") | N46: =IF(SUMIF(C$3:C$290,I46,$E$3:$E$290)>0.005,K46/L46,"") | P46: Copyright by Minh Tan 2012 - digitalcitizen.ca
I47: =IF(SETUP!A42<>"",SETUP!A42,"") | J47: =IF(SETUP!B42<>"",SETUP!B42,"") | K47: =IF(SUMIF(C$3:C$290,SETUP!A42,E$3:E$290)>0.005,SUMIF(C$3:C$290,SETUP!A42,E$3:E$290),"") | L47: =IF(COUNTIF(C$3:C$290,SETUP!A42)>0.005,COUNTIF(C$3:C$290,SETUP!A42),"") | M47: =IF(SUMIF(C$3:C$290,SETUP!A42,E$3:E$290)>0.005,-K47/K$4,"") | N47: =IF(SUMIF(C$3:C$290,I47,$E$3:$E$290)>0.005,K47/L47,"")
I48: =IF(SETUP!A43<>"",SETUP!A43,"") | J48: =IF(SETUP!B43<>"",SETUP!B43,"") | K48: =IF(SUMIF(C$3:C$290,SETUP!A43,E$3:E$290)>0.005,SUMIF(C$3:C$290,SETUP!A43,E$3:E$290),"") | L48: =IF(COUNTIF(C$3:C$290,SETUP!A43)>0.005,COUNTIF(C$3:C$290,SETUP!A43),"") | M48: =IF(SUMIF(C$3:C$290,SETUP!A43,E$3:E$290)>0.005,-K48/K$4,"") | N48: =IF(SUMIF(C$3:C$290,I48,$E$3:$E$290)>0.005,K48/L48,"")
I49: =IF(SETUP!A44<>"",SETUP!A44,"") | J49: =IF(SETUP!B44<>"",SETUP!B44,"") | K49: =IF(SUMIF(C$3:C$290,SETUP!A44,E$3:E$290)>0.005,SUMIF(C$3:C$290,SETUP!A44,E$3:E$290),"") | L49: =IF(COUNTIF(C$3:C$290,SETUP!A44)>0.005,COUNTIF(C$3:C$290,SETUP!A44),"") | M49: =IF(SUMIF(C$3:C$290,SETUP!A44,E$3:E$290)>0.005,-K49/K$4,"") | N49: =IF(SUMIF(C$3:C$290,I49,$E$3:$E$290)>0.005,K49/L49,"")
I50: =IF(SETUP!A45<>"",SETUP!A45,"") | J50: =IF(SETUP!B45<>"",SETUP!B45,"") | K50: =IF(SUMIF(C$3:C$290,SETUP!A45,E$3:E$290)>0.005,SUMIF(C$3:C$290,SETUP!A45,E$3:E$290),"") | L50: =IF(COUNTIF(C$3:C$290,SETUP!A45)>0.005,COUNTIF(C$3:C$290,SETUP!A45),"") | M50: =IF(SUMIF(C$3:C$290,SETUP!A45,E$3:E$290)>0.005,-K50/K$4,"") | N50: =IF(SUMIF(C$3:C$290,I50,$E$3:$E$290)>0.005,K50/L50,"")
I51: =IF(SETUP!A46<>"",SETUP!A46,"") | J51: =IF(SETUP!B46<>"",SETUP!B46,"") | K51: =IF(SUMIF(C$3:C$290,SETUP!A46,E$3:E$290)>0.005,SUMIF(C$3:C$290,SETUP!A46,E$3:E$290),"") | L51: =IF(COUNTIF(C$3:C$290,SETUP!A46)>0.005,COUNTIF(C$3:C$290,SETUP!A46),"") | M51: =IF(SUMIF(C$3:C$290,SETUP!A46,E$3:E$290)>0.005,-K51/K$4,"") | N51: =IF(SUMIF(C$3:C$290,I51,$E$3:$E$290)>0.005,K51/L51,"")
I52: =IF(SETUP!A47<>"",SETUP!A47,"") | J52: =IF(SETUP!B47<>"",SETUP!B47,"") | K52: =IF(SUMIF(C$3:C$290,SETUP!A47,E$3:E$290)>0.005,SUMIF(C$3:C$290,SETUP!A47,E$3:E$290),"") | L52: =IF(COUNTIF(C$3:C$290,SETUP!A47)>0.005,COUNTIF(C$3:C$290,SETUP!A47),"") | M52: =IF(SUMIF(C$3:C$290,SETUP!A47,E$3:E$290)>0.005,-K52/K$4,"") | N52: =IF(SUMIF(C$3:C$290,I52,$E$3:$E$290)>0.005,K52/L52,"")
J53: =IF(SETUP!B48<>"",SETUP!B48,"") | K53: =IF(K$4<0,SUMIF($I$8:$I$52,SETUP!$G$5,$K$8:$K$52)+SUMIF($I$8:$I$52,SETUP!$G$6,$K$8:$K$52)+SUMIF($I$8:$I$52,SETUP!$G$7,$K$8:$K$52)+SUMIF($I$8:$I$52,SETUP!$G$8,$K$8:$K$52)+SUMIF($I$8:$I$52,SETUP!$G$9,$K$8:$K$52),"") | L53: =IF(K$4<0,SUMIF($I$8:$I$52,SETUP!$G$5,$L$8:$L$52)+SUMIF($I$8:$I$52,SETUP!$G$6,$L$8:$L$52)+SUMIF($I$8:$I$52,SETUP!$G$7,$L$8:$L$52)+SUMIF($I$8:$I$52,SETUP!$G$8,$L$8:$L$52)+SUMIF($I$8:$I$52,SETUP!$G$9,$L$8:$L$52),"") | M53: =IF(ISERROR(IF(K53>0.005,-K53/K$4,"")),"",-K53/K$4) | N53: =IF(AND(SUM(E$3:$E$290),L53>0.005),K53/L53,"")
J54: =IF(SETUP!B49<>"",SETUP!B49,"") | K54: =IF(K$4<0,SUMIF($I$8:$I$52,SETUP!$G$12,$K$8:$K$52)+SUMIF($I$8:$I$52,SETUP!$G$13,$K$8:$K$52)+SUMIF($I$8:$I$52,SETUP!$G$14,$K$8:$K$52)+SUMIF($I$8:$I$52,SETUP!$G$15,$K$8:$K$52)+SUMIF($I$8:$I$52,SETUP!$G$16,$K$8:$K$52),"") | L54: =IF(K$4<0,SUMIF($I$8:$I$52,SETUP!$G$12,$L$8:$L$52)+SUMIF($I$8:$I$52,SETUP!$G$13,$L$8:$L$52)+SUMIF($I$8:$I$52,SETUP!$G$14,$L$8:$L$52)+SUMIF($I$8:$I$52,SETUP!$G$15,$L$8:$L$52)+SUMIF($I$8:$I$52,SETUP!$G$16,$L$8:$L$52),"") | M54: =IF(ISERROR(IF(K54>0.005,-K54/K$4,"")),"",-K54/K$4) | N54: =IF(AND(SUM(E$3:$E$290),L54>0.005),K54/L54,"")
J55: =IF(SETUP!B50<>"",SETUP!B50,"") | K55: =IF(K$4<0,SUMIF($I$8:$I$52,SETUP!$G$19,$K$8:$K$52)+SUMIF($I$8:$I$52,SETUP!$G$20,$K$8:$K$52)+SUMIF($I$8:$I$52,SETUP!$G$21,$K$8:$K$52)+SUMIF($I$8:$I$52,SETUP!$G$22,$K$8:$K$52)+SUMIF($I$8:$I$52,SETUP!$G$23,$K$8:$K$52),"") | L55: =IF(K$4<0,SUMIF($I$8:$I$52,SETUP!$G$19,$L$8:$L$52)+SUMIF($I$8:$I$52,SETUP!$G$20,$L$8:$L$52)+SUMIF($I$8:$I$52,SETUP!$G$21,$L$8:$L$52)+SUMIF($I$8:$I$52,SETUP!$G$22,$L$8:$L$52)+SUMIF($I$8:$I$52,SETUP!$G$23,$L$8:$L$52),"") | M55: =IF(ISERROR(IF(K55>0.005,-K55/K$4,"")),"",-K55/K$4) | N55: =IF(AND(SUM(E$3:$E$290),L55>0.005),K55/L55,"")
J56: =IF(SETUP!B51<>"",SETUP!B51,"") | K56: =IF(K$4<0,SUMIF($I$8:$I$52,SETUP!$G$26,$K$8:$K$52)+SUMIF($I$8:$I$52,SETUP!$G$27,$K$8:$K$52)+SUMIF($I$8:$I$52,SETUP!$G$28,$K$8:$K$52)+SUMIF($I$8:$I$52,SETUP!$G$29,$K$8:$K$52)+SUMIF($I$8:$I$52,SETUP!$G$30,$K$8:$K$52),"") | L56: =IF(K$4<0,SUMIF($I$8:$I$52,SETUP!$G$26,$L$8:$L$52)+SUMIF($I$8:$I$52,SETUP!$G$27,$L$8:$L$52)+SUMIF($I$8:$I$52,SETUP!$G$28,$L$8:$L$52)+SUMIF($I$8:$I$52,SETUP!$G$29,$L$8:$L$52)+SUMIF($I$8:$I$52,SETUP!$G$30,$L$8:$L$52),"") | M56: =IF(ISERROR(IF(K56>0.005,-K56/K$4,"")),"",-K56/K$4) | N56: =IF(AND(SUM(E$3:$E$290),L56>0.005),K56/L56,"")
J57: =IF(SETUP!B52<>"",SETUP!B52,"") | K57: =IF(K$4<0,SUMIF($I$8:$I$52,SETUP!$G$36,$K$8:$K$52)+SUMIF($I$8:$I$52,SETUP!$G$37,$K$8:$K$52)+SUMIF($I$8:$I$52,SETUP!$G$38,$K$8:$K$52)+SUMIF($I$8:$I$52,SETUP!$G$39,$K$8:$K$52)+SUMIF($I$8:$I$52,SETUP!$G$40,$K$8:$K$52),"") | L57: =IF(K$4<0,SUMIF($I$8:$I$52,SETUP!$G$36,$L$8:$L$52)+SUMIF($I$8:$I$52,SETUP!$G$37,$L$8:$L$52)+SUMIF($I$8:$I$52,SETUP!$G$38,$L$8:$L$52)+SUMIF($I$8:$I$52,SETUP!$G$39,$L$8:$L$52)+SUMIF($I$8:$I$52,SETUP!$G$40,$L$8:$L$52),"") | M57: =IF(ISERROR(IF(K57>0.005,-K57/K$4,"")),"",-K57/K$4) | N57: =IF(AND(SUM(E$3:$E$290),L57>0.005),K57/L57,"")
J58: Unclassified Spending | K58: =IF(ISERROR(IF(-SUM(K8:K52)-K4>0.005,-SUM(K8:K52)-K4,"")),"",-SUM(K8:K52)-K4) | L58: =IF(ISERROR(IF(-SUM(K8:K52)-K4>0.005,L4-SUM(L8:L52),"")),"",L4-SUM(L8:L52)) | M58: =IF(ISERROR(IF(-SUM(K8:K52)-K4>0.005,-K58/K4,"")),"",-K58/K4) | N58: =IF(ISERROR(IF(-SUM(K8:K52)-K4>0.005,K58/L58,"")),"",IF(K58>0.005,K58/L58,""))
I60: =IF(SETUP!A53<>"",SETUP!A53,"") | J60: =IF(SETUP!B53<>"",SETUP!B53,"") | K60: =IF(SUMIF(C$3:C$290,SETUP!A53,F$3:F$290)>0.005,SUMIF(C$3:C$290,SETUP!A53,F$3:F$290),"") | L60: =IF(COUNTIF(C$3:C$290,SETUP!A53)>0.005,COUNTIF(C$3:C$290,SETUP!A53),"") | M60: =IF(SUMIF(C$3:C$290,SETUP!A53,F$3:F$290)>0.005,K60/K$3,"") | N60: =IF(SUMIF(C$3:C$290,I60,$F$3:$F$290)>0.005,K60/L60,"") | O60: Income
I61: =IF(SETUP!A54<>"",SETUP!A54,"") | J61: =IF(SETUP!B54<>"",SETUP!B54,"") | K61: =IF(SUMIF(C$3:C$290,SETUP!A54,F$3:F$290)>0.005,SUMIF(C$3:C$290,SETUP!A54,F$3:F$290),"") | L61: =IF(COUNTIF(C$3:C$290,SETUP!A54)>0.005,COUNTIF(C$3:C$290,SETUP!A54),"") | M61: =IF(SUMIF(C$3:C$290,SETUP!A54,F$3:F$290)>0.005,K61/K$3,"") | N61: =IF(SUMIF(C$3:C$290,I61,$F$3:$F$290)>0.005,K61/L61,"") | P61: Copyright by Minh Tan 2012 - digitalcitizen.ca
I62: =IF(SETUP!A55<>"",SETUP!A55,"") | J62: =IF(SETUP!B55<>"",SETUP!B55,"") | K62: =IF(SUMIF(C$3:C$290,SETUP!A55,F$3:F$290)>0.005,SUMIF(C$3:C$290,SETUP!A55,F$3:F$290),"") | L62: =IF(COUNTIF(C$3:C$290,SETUP!A55)>0.005,COUNTIF(C$3:C$290,SETUP!A55),"") | M62: =IF(SUMIF(C$3:C$290,SETUP!A55,F$3:F$290)>0.005,K62/K$3,"") | N62: =IF(SUMIF(C$3:C$290,I62,$F$3:$F$290)>0.005,K62/L62,"")
I63: =IF(SETUP!A56<>"",SETUP!A56,"") | J63: =IF(SETUP!B56<>"",SETUP!B56,"") | K63: =IF(SUMIF(C$3:C$290,SETUP!A56,F$3:F$290)>0.005,SUMIF(C$3:C$290,SETUP!A56,F$3:F$290),"") | L63: =IF(COUNTIF(C$3:C$290,SETUP!A56)>0.005,COUNTIF(C$3:C$290,SETUP!A56),"") | M63: =IF(SUMIF(C$3:C$290,SETUP!A56,F$3:F$290)>0.005,K63/K$3,"") | N63: =IF(SUMIF(C$3:C$290,I63,$F$3:$F$290)>0.005,K63/L63,"")
I64: =IF(SETUP!A57<>"",SETUP!A57,"") | J64: =IF(SETUP!B57<>"",SETUP!B57,"") | K64: =IF(SUMIF(C$3:C$290,SETUP!A57,F$3:F$290)>0.005,SUMIF(C$3:C$290,SETUP!A57,F$3:F$290),"") | L64: =IF(COUNTIF(C$3:C$290,SETUP!A57)>0.005,COUNTIF(C$3:C$290,SETUP!A57),"") | M64: =IF(SUMIF(C$3:C$290,SETUP!A57,F$3:F$290)>0.005,K64/K$3,"") | N64: =IF(SUMIF(C$3:C$290,I64,$F$3:$F$290)>0.005,K64/L64,"")
I65: =IF(SETUP!A58<>"",SETUP!A58,"") | J65: =IF(SETUP!B58<>"",SETUP!B58,"") | K65: =IF(SUMIF(C$3:C$290,SETUP!A58,F$3:F$290)>0.005,SUMIF(C$3:C$290,SETUP!A58,F$3:F$290),"") | L65: =IF(COUNTIF(C$3:C$290,SETUP!A58)>0.005,COUNTIF(C$3:C$290,SETUP!A58),"") | M65: =IF(SUMIF(C$3:C$290,SETUP!A58,F$3:F$290)>0.005,K65/K$3,"") | N65: =IF(SUMIF(C$3:C$290,I65,$F$3:$F$290)>0.005,K65/L65,"")
I66: =IF(SETUP!A59<>"",SETUP!A59,"") | J66: =IF(SETUP!B59<>"",SETUP!B59,"") | K66: =IF(SUMIF(C$3:C$290,SETUP!A59,F$3:F$290)>0.005,SUMIF(C$3:C$290,SETUP!A59,F$3:F$290),"") | L66: =IF(COUNTIF(C$3:C$290,SETUP!A59)>0.005,COUNTIF(C$3:C$290,SETUP!A59),"") | M66: =IF(SUMIF(C$3:C$290,SETUP!A59,F$3:F$290)>0.005,K66/K$3,"") | N66: =IF(SUMIF(C$3:C$290,I66,$F$3:$F$290)>0.005,K66/L66,"")
I67: =IF(SETUP!A60<>"",SETUP!A60,"") | J67: =IF(SETUP!B60<>"",SETUP!B60,"") | K67: =IF(SUMIF(C$3:C$290,SETUP!A60,F$3:F$290)>0.005,SUMIF(C$3:C$290,SETUP!A60,F$3:F$290),"") | L67: =IF(COUNTIF(C$3:C$290,SETUP!A60)>0.005,COUNTIF(C$3:C$290,SETUP!A60),"") | M67: =IF(SUMIF(C$3:C$290,SETUP!A60,F$3:F$290)>0.005,K67/K$3,"") | N67: =IF(SUMIF(C$3:C$290,I67,$F$3:$F$290)>0.005,K67/L67,"")
I68: =IF(SETUP!A61<>"",SETUP!A61,"") | J68: =IF(SETUP!B61<>"",SETUP!B61,"") | K68: =IF(SUMIF(C$3:C$290,SETUP!A61,F$3:F$290)>0.005,SUMIF(C$3:C$290,SETUP!A61,F$3:F$290),"") | L68: =IF(COUNTIF(C$3:C$290,SETUP!A61)>0.005,COUNTIF(C$3:C$290,SETUP!A61),"") | M68: =IF(SUMIF(C$3:C$290,SETUP!A61,F$3:F$290)>0.005,K68/K$3,"") | N68: =IF(SUMIF(C$3:C$290,I68,$F$3:$F$290)>0.005,K68/L68,"")
I69: =IF(SETUP!A62<>"",SETUP!A62,"") | J69: =IF(SETUP!B62<>"",SETUP!B62,"") | K69: =IF(SUMIF(C$3:C$290,SETUP!A62,F$3:F$290)>0.005,SUMIF(C$3:C$290,SETUP!A62,F$3:F$290),"") | L69: =IF(COUNTIF(C$3:C$290,SETUP!A62)>0.005,COUNTIF(C$3:C$290,SETUP!A62),"") | M69: =IF(SUMIF(C$3:C$290,SETUP!A62,F$3:F$290)>0.005,K69/K$3,"") | N69: =IF(SUMIF(C$3:C$290,I69,$F$3:$F$290)>0.005,K69/L69,"")
J70: =IF(AND(SETUP!A$63<>"",SETUP!A$63<>"x"),SETUP!B$63,"") | K70: =IF(SUM(F$3:F$290)>0.005,SUMIF($I$60:$I$69,SETUP!$G$43,$K$60:$K$69)+SUMIF($I$60:$I$69,SETUP!$G$44,$K$60:$K$69)+SUMIF($I$60:$I$69,SETUP!$G$45,$K$60:$K$69)+SUMIF($I$60:$I$69,SETUP!$G$46,$K$60:$K$69),"") | L70: =IF(SUM(F$3:F$290)>0.005,SUMIF($I$60:$I$69,SETUP!$G$43,$L$60:$L$69)+SUMIF($I$60:$I$69,SETUP!$G$44,$L$60:$L$69)+SUMIF($I$60:$I$69,SETUP!$G$45,$L$60:$L$69)+SUMIF($I$60:$I$69,SETUP!$G$46,$L$60:$L$69),"") | M70: =IF(ISERROR(IF(K70>0.005,K70/K$3,"")),"",K70/K$3) | N70: =IF(AND(SUM(F$3:$F$290),L70>0.005),K70/L70,"")
J71: =SETUP!H48 | K71: =IF(SUM(F$3:F$290)>0.005,SUMIF($I$60:$I$69,SETUP!$G$49,$K$60:$K$69)+SUMIF($I$60:$I$69,SETUP!$G$50,$K$60:$K$69)+SUMIF($I$60:$I$69,SETUP!$G$51,$K$60:$K$69)+SUMIF($I$60:$I$69,SETUP!$G$52,$K$60:$K$69),"") | L71: =IF(SUM(F$3:F$290)>0.005,SUMIF($I$60:$I$69,SETUP!$G$49,$L$60:$L$69)+SUMIF($I$60:$I$69,SETUP!$G$50,$L$60:$L$69)+SUMIF($I$60:$I$69,SETUP!$G$51,$L$60:$L$69)+SUMIF($I$60:$I$69,SETUP!$G$52,$L$60:$L$69),"") | M71: =IF(ISERROR(IF(K71>0.005,K71/K$3,"")),"",K71/K$3) | N71: =IF(AND(SUM(F$3:$F$290),L71>0.005),K71/L71,"")
J72: =IF(AND(SETUP!A$65<>"",SETUP!A$65<>"x"),SETUP!B$65,"") | K72: =IF(SUM(F$3:F$290)>0.005,SUMIF($I$60:$I$69,SETUP!$G$55,$K$60:$K$69)+SUMIF($I$60:$I$69,SETUP!$G$56,$K$60:$K$69)+SUMIF($I$60:$I$69,SETUP!$G$57,$K$60:$K$69)+SUMIF($I$60:$I$69,SETUP!$G$58,$K$60:$K$69),"") | L72: =IF(SUM(F$3:F$290)>0.005,SUMIF($I$60:$I$69,SETUP!$G$55,$L$60:$L$69)+SUMIF($I$60:$I$69,SETUP!$G$56,$L$60:$L$69)+SUMIF($I$60:$I$69,SETUP!$G$57,$L$60:$L$69)+SUMIF($I$60:$I$69,SETUP!$G$58,$L$60:$L$69),"") | M72: =IF(ISERROR(IF(K72>0.005,K72/K$3,"")),"",K72/K$3) | N72: =IF(AND(SUM(F$3:$F$290),L72>0.005),K72/L72,"")
J73: Unclassified Income | K73: =IF(ISERROR(IF(K3-SUM(K60:K69)>0.005,K3-SUM(K60:K69),"")),"",K3-SUM(K60:K69)) | L73: =IF(ISERROR(IF(L3-SUM(L60:L69)>0.005,L3-SUM(L60:L69),"")),"",L3-SUM(L60:L69)) | M73: =IF(ISERROR(IF(K3-SUM(K60:K69)>0.005,K73/K3,"")),"",K73/K3) | N73: =IF(ISERROR(IF(L3-SUM(L60:L69)>0.005,K73/L73,"")),"",IF(K73>0.005,K73/L73,""))
I75: =IF(SETUP!A66<>"",SETUP!A66,"") | J75: =IF(SETUP!B66<>"",SETUP!B66,"") | K75: =IF(SUMIF(B$3:B$290,SETUP!A66,E$3:E$290)>0.005,SUMIF(B$3:B$290,SETUP!A66,E$3:E$290),"") | L75: =IF(COUNTIF(B$3:B$290,SETUP!A66)>0.005,COUNTIF(B$3:B$290,SETUP!A66),"") | M75: =IF(SUMIF(B$3:B$290,SETUP!A66,E$3:E$290)>0.005,-K75/K$4,"") | N75: =IF(SUMIF(B$3:B$290,I75,$E$3:$E$290)>0.005,K75/L75,"") | O75: Payment Methods
I76: =IF(SETUP!A67<>"",SETUP!A67,"") | J76: =IF(SETUP!B67<>"",SETUP!B67,"") | K76: =IF(SUMIF(B$3:B$290,SETUP!A67,E$3:E$290)>0.005,SUMIF(B$3:B$290,SETUP!A67,E$3:E$290),"") | L76: =IF(COUNTIF(B$3:B$290,SETUP!A67)>0.005,COUNTIF(B$3:B$290,SETUP!A67),"") | M76: =IF(SUMIF(B$3:B$290,SETUP!A67,E$3:E$290)>0.005,-K76/K$4,"") | N76: =IF(SUMIF(B$3:B$290,I76,$E$3:$E$290)>0.005,K76/L76,"") | P76: Copyright by Minh Tan 2012 - digitalcitizen.ca
I77: =IF(SETUP!A68<>"",SETUP!A68,"") | J77: =IF(SETUP!B68<>"",SETUP!B68,"") | K77: =IF(SUMIF(B$3:B$290,SETUP!A68,E$3:E$290)>0.005,SUMIF(B$3:B$290,SETUP!A68,E$3:E$290),"") | L77: =IF(COUNTIF(B$3:B$290,SETUP!A68)>0.005,COUNTIF(B$3:B$290,SETUP!A68),"") | M77: =IF(SUMIF(B$3:B$290,SETUP!A68,E$3:E$290)>0.005,-K77/K$4,"") | N77: =IF(SUMIF(B$3:B$290,I77,$E$3:$E$290)>0.005,K77/L77,"")
I78: =IF(SETUP!A69<>"",SETUP!A69,"") | J78: =IF(SETUP!B69<>"",SETUP!B69,"") | K78: =IF(SUMIF(B$3:B$290,SETUP!A69,E$3:E$290)>0.005,SUMIF(B$3:B$290,SETUP!A69,E$3:E$290),"") | L78: =IF(COUNTIF(B$3:B$290,SETUP!A69)>0.005,COUNTIF(B$3:B$290,SETUP!A69),"") | M78: =IF(SUMIF(B$3:B$290,SETUP!A69,E$3:E$290)>0.005,-K78/K$4,"") | N78: =IF(SUMIF(B$3:B$290,I78,$E$3:$E$290)>0.005,K78/L78,"")
I79: =IF(SETUP!A70<>"",SETUP!A70,"") | J79: =IF(SETUP!B70<>"",SETUP!B70,"") | K79: =IF(SUMIF(B$3:B$290,SETUP!A70,E$3:E$290)>0.005,SUMIF(B$3:B$290,SETUP!A70,E$3:E$290),"") | L79: =IF(COUNTIF(B$3:B$290,SETUP!A70)>0.005,COUNTIF(B$3:B$290,SETUP!A70),"") | M79: =IF(SUMIF(B$3:B$290,SETUP!A70,E$3:E$290)>0.005,-K79/K$4,"") | N79: =IF(SUMIF(B$3:B$290,I79,$E$3:$E$290)>0.005,K79/L79,"")
I80: =IF(SETUP!A71<>"",SETUP!A71,"") | J80: =IF(SETUP!B71<>"",SETUP!B71,"") | K80: =IF(SUMIF(B$3:B$290,SETUP!A71,E$3:E$290)>0.005,SUMIF(B$3:B$290,SETUP!A71,E$3:E$290),"") | L80: =IF(COUNTIF(B$3:B$290,SETUP!A71)>0.005,COUNTIF(B$3:B$290,SETUP!A71),"") | M80: =IF(SUMIF(B$3:B$290,SETUP!A71,E$3:E$290)>0.005,-K80/K$4,"") | N80: =IF(SUMIF(B$3:B$290,I80,$E$3:$E$290)>0.005,K80/L80,"")
I81: =IF(SETUP!A72<>"",SETUP!A72,"") | J81: =IF(SETUP!B72<>"",SETUP!B72,"") | K81: =IF(SUMIF(B$3:B$290,SETUP!A72,E$3:E$290)>0.005,SUMIF(B$3:B$290,SETUP!A72,E$3:E$290),"") | L81: =IF(COUNTIF(B$3:B$290,SETUP!A72)>0.005,COUNTIF(B$3:B$290,SETUP!A72),"") | M81: =IF(SUMIF(B$3:B$290,SETUP!A72,E$3:E$290)>0.005,-K81/K$4,"") | N81: =IF(SUMIF(B$3:B$290,I81,$E$3:$E$290)>0.005,K81/L81,"")
I82: =IF(SETUP!A73<>"",SETUP!A73,"") | J82: =IF(SETUP!B73<>"",SETUP!B73,"") | K82: =IF(SUMIF(B$3:B$290,SETUP!A73,E$3:E$290)>0.005,SUMIF(B$3:B$290,SETUP!A73,E$3:E$290),"") | L82: =IF(COUNTIF(B$3:B$290,SETUP!A73)>0.005,COUNTIF(B$3:B$290,SETUP!A73),"") | M82: =IF(SUMIF(B$3:B$290,SETUP!A73,E$3:E$290)>0.005,-K82/K$4,"") | N82: =IF(SUMIF(B$3:B$290,I82,$E$3:$E$290)>0.005,K82/L82,"")
J83: =IF(SETUP!B74<>"",SETUP!B74,"") | K83: =IF(K$4<0,SUMIF($I$75:$I$82,SETUP!$G$61,$K$75:$K$82)+SUMIF($I$75:$I$82,SETUP!$G$62,$K$75:$K$82)+SUMIF($I$75:$I$82,SETUP!$G$63,$K$75:$K$82)+SUMIF($I$75:$I$82,SETUP!$G$64,$K$75:$K$82),"") | L83: =IF(K$4<0,SUMIF($I$75:$I$82,SETUP!$G$61,$L$75:$L$82)+SUMIF($I$75:$I$82,SETUP!$G$62,$L$75:$L$82)+SUMIF($I$75:$I$82,SETUP!$G$63,$L$75:$L$82)+SUMIF($I$75:$I$82,SETUP!$G$64,$L$75:$L$82),"") | M83: =IF(ISERROR(IF($K$83>0.005,-$K83/K$4,"")),"",-$K83/K$4) | N83: =IF(AND(SUM(E$3:$E$290),L83>0.005),K83/L83,"")
J84: =IF(SETUP!B75<>"",SETUP!B75,"") | K84: =IF(K$4<0,SUMIF($I$75:$I$82,SETUP!$G$68,$K$75:$K$82)+SUMIF($I$75:$I$82,SETUP!$G$69,$K$75:$K$82)+SUMIF($I$75:$I$82,SETUP!$G$70,$K$75:$K$82)+SUMIF($I$75:$I$82,SETUP!$G$71,$K$75:$K$82),"") | L84: =IF(K$4<0,SUMIF($I$75:$I$82,SETUP!$G$68,$L$75:$L$82)+SUMIF($I$75:$I$82,SETUP!$G$69,$L$75:$L$82)+SUMIF($I$75:$I$82,SETUP!$G$70,$L$75:$L$82)+SUMIF($I$75:$I$82,SETUP!$G$71,$L$75:$L$82),"") | M84: =IF(ISERROR(IF($K$83>0.005,-$K84/K$4,"")),"",-$K84/K$4) | N84: =IF(AND(SUM(E$3:$E$290),L84>0.005),K84/L84,"")
J85: =IF(SETUP!B76<>"",SETUP!B76,"") | K85: =IF(K$4<0,SUMIF($I$75:$I$82,SETUP!$G$75,$K$75:$K$82)+SUMIF($I$75:$I$82,SETUP!$G$76,$K$75:$K$82)+SUMIF($I$75:$I$82,SETUP!$G$77,$K$75:$K$82)+SUMIF($I$75:$I$82,SETUP!$G$78,$K$75:$K$82),"") | L85: =IF(K$4<0,SUMIF($I$75:$I$82,SETUP!$G$75,$L$75:$L$82)+SUMIF($I$75:$I$82,SETUP!$G$76,$L$75:$L$82)+SUMIF($I$75:$I$82,SETUP!$G$77,$L$75:$L$82)+SUMIF($I$75:$I$82,SETUP!$G$78,$L$75:$L$82),"") | M85: =IF(ISERROR(IF($K$83>0.005,-$K85/K$4,"")),"",-$K85/K$4) | N85: =IF(AND(SUM(E$3:$E$290),L85>0.005),K85/L85,"")
J86: Unclassified Payment Methods | K86: =IF(ISERROR(IF(SUM(E3:E290)>SUM(K75:K82),SUM(E3:E290)-SUM(K75:K82),"")),"",IF(SUM(E3:E290)-SUM(K75:K82)>0,SUM(E3:E290)-SUM(K75:K82),"")) | L86: =IF(ISERROR(IF(SUM(E3:E290)>SUM(K75:K82),L4-SUM(L75:L82),"")),"",IF(SUM(E3:E290)-SUM(K75:K82)>0,COUNTIF(E3:E290,">0.005")-SUM(L75:L82),"")) | M86: =IF(SUM(E3:E290)-SUM(K75:K82)>0,K86/SUM(E3:E290),"") | N86: =IF(SUM(E3:E290)-SUM(K75:K82)>0.005,K86/L86,"")
J90: INCOME | K90: =IF($K$3>0.005,$K$3,"") | L90: =IF($L$3>0.005,$L$3,"") | N90: =IF(N3>0.005,N3,"")
J91: EXPENDITURES | K91: =IF($K$4<0,$K$4,"") | L91: =IF($L$4>0.005,$L$4,"") | M91: =IF($M$4<>"",$M$4,"") | N91: =IF(N4<0,N4,"") | P91: Copyright by Minh Tan 2012 - digitalcitizen.ca
J92: NET | K92: =IF($K$5<>"",$K$5,"") | L92: =IF(L$5<>"",L$5,"")
J93: CURRENT BALANCE | K93: =IF($K$6<>0.005,$K$6,"")
J94: POORLY SPENT | K94: =IF($K$7<0,$K$7,"") | L94: =IF($L$7<>"",$L$7,"") | M94: =IF($M$7<>"",$M$7,"") | N94: =IF(N7<0,N7,"")
I95: =$I$8 | J95: =$J$8 | K95: =IF(K8<>"",K8,"") | L95: =IF(L8<>"",L8,"") | M95: =IF(M8<>"",M8,"") | N95: =IF(N8>0.005,N8,"") | O95: Expenditures
I96: =$I$9 | J96: =$J$9 | K96: =IF(K9<>"",K9,"") | L96: =IF(L9<>"",L9,"") | M96: =IF(M9<>"",M9,"") | N96: =IF(N9>0.005,N9,"")
I97: =$I$10 | J97: =$J$10 | K97: =IF(K10<>"",K10,"") | L97: =IF(L10<>"",L10,"") | M97: =IF(M10<>"",M10,"") | N97: =IF(N10>0.005,N10,"")
I98: =$I$11 | J98: =$J$11 | K98: =IF(K11<>"",K11,"") | L98: =IF(L11<>"",L11,"") | M98: =IF(M11<>"",M11,"") | N98: =IF(N11>0.005,N11,"")
I99: =$I$12 | J99: =$J$12 | K99: =IF(K12<>"",K12,"") | L99: =IF(L12<>"",L12,"") | M99: =IF(M12<>"",M12,"") | N99: =IF(N12>0.005,N12,"")
I100: =$I$13 | J100: =$J$13 | K100: =IF(K13<>"",K13,"") | L100: =IF(L13<>"",L13,"") | M100: =IF(M13<>"",M13,"") | N100: =IF(N13>0.005,N13,"")
I101: =$I$14 | J101: =$J$14 | K101: =IF(K14<>"",K14,"") | L101: =IF(L14<>"",L14,"") | M101: =IF(M14<>"",M14,"") | N101: =IF(N14>0.005,N14,"")
I102: =$I$15 | J102: =$J$15 | K102: =IF(K15<>"",K15,"") | L102: =IF(L15<>"",L15,"") | M102: =IF(M15<>"",M15,"") | N102: =IF(N15>0.005,N15,"")
I103: =$I$16 | J103: =$J$16 | K103: =IF(K16<>"",K16,"") | L103: =IF(L16<>"",L16,"") | M103: =IF(M16<>"",M16,"") | N103: =IF(N16>0.005,N16,"")
I104: =$I$17 | J104: =$J$17 | K104: =IF(K17<>"",K17,"") | L104: =IF(L17<>"",L17,"") | M104: =IF(M17<>"",M17,"") | N104: =IF(N17>0.005,N17,"")
I105: =$I$18 | J105: =$J$18 | K105: =IF(K18<>"",K18,"") | L105: =IF(L18<>"",L18,"") | M105: =IF(M18<>"",M18,"") | N105: =IF(N18>0.005,N18,"")
...

Sheet MAR
A1: Date | B1: Met | C1: Cat | D1: Transaction Description (March) | E1: Spent | F1: Earned | G1: =SETUP!H89 -> X | I1: CATEGORIES | K1: Amount | L1: # Trans | M1: % | N1: Avg per Trans | P1: Copyright by Minh Tan 2012 - digitalcitizen.ca
D2: Starting Balance | E2: =IF(SETUP!H83=3,SETUP!E96,FEB!K6)
D3: =IF(SETUP!$B$116<>"",SETUP!$B$116,"") | J3: INCOME | K3: =IF(SUM(F3:F290)>0.005,SUM(F3:F290),"") | L3: =IF(COUNTIF(F3:F290,">0.005")>0.005,COUNTIF(F3:F290,">0.005"),"") | N3: =IF(SUM(F3:F290)>0.005,K3/L3,"")
D4: =IF(SETUP!$B$117<>"",SETUP!$B$117,"") | J4: EXPENDITURES | K4: =IF(SUM(E3:E290)>0.005,-SUM(E3:E290),"") | L4: =IF(COUNTIF(E3:E290,">0.005")>0.005,COUNTIF(E3:E290,">0.005"),"") | M4: =IF(ISERROR(IF(K3>1,-K4/K3,"")),"",K4/K3) | N4: =IF(SUM(E3:E290)>0.005,K4/L4,"")
D5: =IF(SETUP!$B$118<>"",SETUP!$B$118,"") | J5: NET | K5: =IF(OR(SUM(F3:F290)>0.005,K4<-0.005),SUM(K3:K4),"") | L5: =IF(OR(-SUM(F3:F290)-SUM(E3:E290)>0.005,SUM(F3:F290)-SUM(K60:K69)>0.005,-SUM(E3:E290)-SUM(K83:K85)>0.005),("Check unclassified entries in "&IF(-SUM(K8:K52)-K4>0.005,"Expenditures ","")&IF(K3-SUM(K60:K69)>0.005,"Income ","")&IF(-K4-SUM(K83:K85)>0.005,"Payment","")),"")
D6: =IF(SETUP!$B$119<>"",SETUP!$B$119,"") | J6: CURRENT BALANCE | K6: =IF(OR(SUM(F3:F290)>0.005,K4<-0.005),SUM(E2,K5),"")
D7: =IF(SETUP!$B$120<>"",SETUP!$B$120,"") | J7: POORLY SPENT | K7: =IF(SUM(G3:G290)>0.005,-SUM(G3:G290),"") | L7: =IF(COUNTIF(G3:G290,">0.005")>0.005,COUNTIF(G3:G290,">0.005"),"") | M7: =IF(SUM(G3:G290)>0.005,K7/K4,"") | N7: =IF(K7<0,K7/L7,"")
D8: =IF(SETUP!$B$121<>"",SETUP!$B$121,"") | I8: =IF(SETUP!A3<>"",SETUP!A3,"") | J8: =IF(SETUP!B3<>"",SETUP!B3,"") | K8: =IF(SUMIF(C$3:C$290,SETUP!A3,E$3:E$290)>0.005,SUMIF(C$3:C$290,SETUP!A3,E$3:E$290),"") | L8: =IF(COUNTIF(C$3:C$290,SETUP!A3)>0.005,COUNTIF(C$3:C$290,SETUP!A3),"") | M8: =IF(SUMIF(C$3:C$290,SETUP!A3,E$3:E$290)>0.005,-K8/K$4,"") | N8: =IF(SUMIF(C$3:C$290,I8,$E$3:$E$290)>0.005,K8/L8,"") | O8: Expenditures
D9: =IF(SETUP!$B$122<>"",SETUP!$B$122,"") | I9: =IF(SETUP!A4<>"",SETUP!A4,"") | J9: =IF(SETUP!B4<>"",SETUP!B4,"") | K9: =IF(SUMIF(C$3:C$290,SETUP!A4,E$3:E$290)>0.005,SUMIF(C$3:C$290,SETUP!A4,E$3:E$290),"") | L9: =IF(COUNTIF(C$3:C$290,SETUP!A4)>0.005,COUNTIF(C$3:C$290,SETUP!A4),"") | M9: =IF(SUMIF(C$3:C$290,SETUP!A4,E$3:E$290)>0.005,-K9/K$4,"") | N9: =IF(SUMIF(C$3:C$290,I9,$E$3:$E$290)>0.005,K9/L9,"")
D10: =IF(SETUP!$B$123<>"",SETUP!$B$123,"") | I10: =IF(SETUP!A5<>"",SETUP!A5,"") | J10: =IF(SETUP!B5<>"",SETUP!B5,"") | K10: =IF(SUMIF(C$3:C$290,SETUP!A5,E$3:E$290)>0.005,SUMIF(C$3:C$290,SETUP!A5,E$3:E$290),"") | L10: =IF(COUNTIF(C$3:C$290,SETUP!A5)>0.005,COUNTIF(C$3:C$290,SETUP!A5),"") | M10: =IF(SUMIF(C$3:C$290,SETUP!A5,E$3:E$290)>0.005,-K10/K$4,"") | N10: =IF(SUMIF(C$3:C$290,I10,$E$3:$E$290)>0.005,K10/L10,"")
D11: =IF(SETUP!$B$124<>"",SETUP!$B$124,"") | I11: =IF(SETUP!A6<>"",SETUP!A6,"") | J11: =IF(SETUP!B6<>"",SETUP!B6,"") | K11: =IF(SUMIF(C$3:C$290,SETUP!A6,E$3:E$290)>0.005,SUMIF(C$3:C$290,SETUP!A6,E$3:E$290),"") | L11: =IF(COUNTIF(C$3:C$290,SETUP!A6)>0.005,COUNTIF(C$3:C$290,SETUP!A6),"") | M11: =IF(SUMIF(C$3:C$290,SETUP!A6,E$3:E$290)>0.005,-K11/K$4,"") | N11: =IF(SUMIF(C$3:C$290,I11,$E$3:$E$290)>0.005,K11/L11,"")
D12: =IF(SETUP!$B$125<>"",SETUP!$B$125,"") | I12: =IF(SETUP!A7<>"",SETUP!A7,"") | J12: =IF(SETUP!B7<>"",SETUP!B7,"") | K12: =IF(SUMIF(C$3:C$290,SETUP!A7,E$3:E$290)>0.005,SUMIF(C$3:C$290,SETUP!A7,E$3:E$290),"") | L12: =IF(COUNTIF(C$3:C$290,SETUP!A7)>0.005,COUNTIF(C$3:C$290,SETUP!A7),"") | M12: =IF(SUMIF(C$3:C$290,SETUP!A7,E$3:E$290)>0.005,-K12/K$4,"") | N12: =IF(SUMIF(C$3:C$290,I12,$E$3:$E$290)>0.005,K12/L12,"")
D13: =IF(SETUP!$B$126<>"",SETUP!$B$126,"") | I13: =IF(SETUP!A8<>"",SETUP!A8,"") | J13: =IF(SETUP!B8<>"",SETUP!B8,"") | K13: =IF(SUMIF(C$3:C$290,SETUP!A8,E$3:E$290)>0.005,SUMIF(C$3:C$290,SETUP!A8,E$3:E$290),"") | L13: =IF(COUNTIF(C$3:C$290,SETUP!A8)>0.005,COUNTIF(C$3:C$290,SETUP!A8),"") | M13: =IF(SUMIF(C$3:C$290,SETUP!A8,E$3:E$290)>0.005,-K13/K$4,"") | N13: =IF(SUMIF(C$3:C$290,I13,$E$3:$E$290)>0.005,K13/L13,"")
D14: =IF(SETUP!$B$127<>"",SETUP!$B$127,"") | I14: =IF(SETUP!A9<>"",SETUP!A9,"") | J14: =IF(SETUP!B9<>"",SETUP!B9,"") | K14: =IF(SUMIF(C$3:C$290,SETUP!A9,E$3:E$290)>0.005,SUMIF(C$3:C$290,SETUP!A9,E$3:E$290),"") | L14: =IF(COUNTIF(C$3:C$290,SETUP!A9)>0.005,COUNTIF(C$3:C$290,SETUP!A9),"") | M14: =IF(SUMIF(C$3:C$290,SETUP!A9,E$3:E$290)>0.005,-K14/K$4,"") | N14: =IF(SUMIF(C$3:C$290,I14,$E$3:$E$290)>0.005,K14/L14,"")
D15: =IF(SETUP!$B$128<>"",SETUP!$B$128,"") | I15: =IF(SETUP!A10<>"",SETUP!A10,"") | J15: =IF(SETUP!B10<>"",SETUP!B10,"") | K15: =IF(SUMIF(C$3:C$290,SETUP!A10,E$3:E$290)>0.005,SUMIF(C$3:C$290,SETUP!A10,E$3:E$290),"") | L15: =IF(COUNTIF(C$3:C$290,SETUP!A10)>0.005,COUNTIF(C$3:C$290,SETUP!A10),"") | M15: =IF(SUMIF(C$3:C$290,SETUP!A10,E$3:E$290)>0.005,-K15/K$4,"") | N15: =IF(SUMIF(C$3:C$290,I15,$E$3:$E$290)>0.005,K15/L15,"")
D16: =IF(SETUP!$B$129<>"",SETUP!$B$129,"") | I16: =IF(SETUP!A11<>"",SETUP!A11,"") | J16: =IF(SETUP!B11<>"",SETUP!B11,"") | K16: =IF(SUMIF(C$3:C$290,SETUP!A11,E$3:E$290)>0.005,SUMIF(C$3:C$290,SETUP!A11,E$3:E$290),"") | L16: =IF(COUNTIF(C$3:C$290,SETUP!A11)>0.005,COUNTIF(C$3:C$290,SETUP!A11),"") | M16: =IF(SUMIF(C$3:C$290,SETUP!A11,E$3:E$290)>0.005,-K16/K$4,"") | N16: =IF(SUMIF(C$3:C$290,I16,$E$3:$E$290)>0.005,K16/L16,"") | P16: Copyright by Minh Tan 2012 - digitalcitizen.ca
D17: =IF(SETUP!$B$130<>"",SETUP!$B$130,"") | I17: =IF(SETUP!A12<>"",SETUP!A12,"") | J17: =IF(SETUP!B12<>"",SETUP!B12,"") | K17: =IF(SUMIF(C$3:C$290,SETUP!A12,E$3:E$290)>0.005,SUMIF(C$3:C$290,SETUP!A12,E$3:E$290),"") | L17: =IF(COUNTIF(C$3:C$290,SETUP!A12)>0.005,COUNTIF(C$3:C$290,SETUP!A12),"") | M17: =IF(SUMIF(C$3:C$290,SETUP!A12,E$3:E$290)>0.005,-K17/K$4,"") | N17: =IF(SUMIF(C$3:C$290,I17,$E$3:$E$290)>0.005,K17/L17,"")
D18: =IF(SETUP!$B$131<>"",SETUP!$B$131,"") | I18: =IF(SETUP!A13<>"",SETUP!A13,"") | J18: =IF(SETUP!B13<>"",SETUP!B13,"") | K18: =IF(SUMIF(C$3:C$290,SETUP!A13,E$3:E$290)>0.005,SUMIF(C$3:C$290,SETUP!A13,E$3:E$290),"") | L18: =IF(COUNTIF(C$3:C$290,SETUP!A13)>0.005,COUNTIF(C$3:C$290,SETUP!A13),"") | M18: =IF(SUMIF(C$3:C$290,SETUP!A13,E$3:E$290)>0.005,-K18/K$4,"") | N18: =IF(SUMIF(C$3:C$290,I18,$E$3:$E$290)>0.005,K18/L18,"")
D19: =IF(SETUP!$B$132<>"",SETUP!$B$132,"") | I19: =IF(SETUP!A14<>"",SETUP!A14,"") | J19: =IF(SETUP!B14<>"",SETUP!B14,"") | K19: =IF(SUMIF(C$3:C$290,SETUP!A14,E$3:E$290)>0.005,SUMIF(C$3:C$290,SETUP!A14,E$3:E$290),"") | L19: =IF(COUNTIF(C$3:C$290,SETUP!A14)>0.005,COUNTIF(C$3:C$290,SETUP!A14),"") | M19: =IF(SUMIF(C$3:C$290,SETUP!A14,E$3:E$290)>0.005,-K19/K$4,"") | N19: =IF(SUMIF(C$3:C$290,I19,$E$3:$E$290)>0.005,K19/L19,"")
D20: =IF(SETUP!$B$133<>"",SETUP!$B$133,"") | I20: =IF(SETUP!A15<>"",SETUP!A15,"") | J20: =IF(SETUP!B15<>"",SETUP!B15,"") | K20: =IF(SUMIF(C$3:C$290,SETUP!A15,E$3:E$290)>0.005,SUMIF(C$3:C$290,SETUP!A15,E$3:E$290),"") | L20: =IF(COUNTIF(C$3:C$290,SETUP!A15)>0.005,COUNTIF(C$3:C$290,SETUP!A15),"") | M20: =IF(SUMIF(C$3:C$290,SETUP!A15,E$3:E$290)>0.005,-K20/K$4,"") | N20: =IF(SUMIF(C$3:C$290,I20,$E$3:$E$290)>0.005,K20/L20,"")
D21: =IF(SETUP!$B$134<>"",SETUP!$B$134,"") | I21: =IF(SETUP!A16<>"",SETUP!A16,"") | J21: =IF(SETUP!B16<>"",SETUP!B16,"") | K21: =IF(SUMIF(C$3:C$290,SETUP!A16,E$3:E$290)>0.005,SUMIF(C$3:C$290,SETUP!A16,E$3:E$290),"") | L21: =IF(COUNTIF(C$3:C$290,SETUP!A16)>0.005,COUNTIF(C$3:C$290,SETUP!A16),"") | M21: =IF(SUMIF(C$3:C$290,SETUP!A16,E$3:E$290)>0.005,-K21/K$4,"") | N21: =IF(SUMIF(C$3:C$290,I21,$E$3:$E$290)>0.005,K21/L21,"")
D22: =IF(SETUP!$B$135<>"",SETUP!$B$135,"") | I22: =IF(SETUP!A17<>"",SETUP!A17,"") | J22: =IF(SETUP!B17<>"",SETUP!B17,"") | K22: =IF(SUMIF(C$3:C$290,SETUP!A17,E$3:E$290)>0.005,SUMIF(C$3:C$290,SETUP!A17,E$3:E$290),"") | L22: =IF(COUNTIF(C$3:C$290,SETUP!A17)>0.005,COUNTIF(C$3:C$290,SETUP!A17),"") | M22: =IF(SUMIF(C$3:C$290,SETUP!A17,E$3:E$290)>0.005,-K22/K$4,"") | N22: =IF(SUMIF(C$3:C$290,I22,$E$3:$E$290)>0.005,K22/L22,"")
D23: =IF(SETUP!$B$136<>"",SETUP!$B$136,"") | I23: =IF(SETUP!A18<>"",SETUP!A18,"") | J23: =IF(SETUP!B18<>"",SETUP!B18,"") | K23: =IF(SUMIF(C$3:C$290,SETUP!A18,E$3:E$290)>0.005,SUMIF(C$3:C$290,SETUP!A18,E$3:E$290),"") | L23: =IF(COUNTIF(C$3:C$290,SETUP!A18)>0.005,COUNTIF(C$3:C$290,SETUP!A18),"") | M23: =IF(SUMIF(C$3:C$290,SETUP!A18,E$3:E$290)>0.005,-K23/K$4,"") | N23: =IF(SUMIF(C$3:C$290,I23,$E$3:$E$290)>0.005,K23/L23,"")
D24: =IF(SETUP!$B$137<>"",SETUP!$B$137,"") | I24: =IF(SETUP!A19<>"",SETUP!A19,"") | J24: =IF(SETUP!B19<>"",SETUP!B19,"") | K24: =IF(SUMIF(C$3:C$290,SETUP!A19,E$3:E$290)>0.005,SUMIF(C$3:C$290,SETUP!A19,E$3:E$290),"") | L24: =IF(COUNTIF(C$3:C$290,SETUP!A19)>0.005,COUNTIF(C$3:C$290,SETUP!A19),"") | M24: =IF(SUMIF(C$3:C$290,SETUP!A19,E$3:E$290)>0.005,-K24/K$4,"") | N24: =IF(SUMIF(C$3:C$290,I24,$E$3:$E$290)>0.005,K24/L24,"")
D25: =IF(SETUP!$B$138<>"",SETUP!$B$138,"") | I25: =IF(SETUP!A20<>"",SETUP!A20,"") | J25: =IF(SETUP!B20<>"",SETUP!B20,"") | K25: =IF(SUMIF(C$3:C$290,SETUP!A20,E$3:E$290)>0.005,SUMIF(C$3:C$290,SETUP!A20,E$3:E$290),"") | L25: =IF(COUNTIF(C$3:C$290,SETUP!A20)>0.005,COUNTIF(C$3:C$290,SETUP!A20),"") | M25: =IF(SUMIF(C$3:C$290,SETUP!A20,E$3:E$290)>0.005,-K25/K$4,"") | N25: =IF(SUMIF(C$3:C$290,I25,$E$3:$E$290)>0.005,K25/L25,"") | O25: Expenditures
D26: =IF(SETUP!$B$139<>"",SETUP!$B$139,"Blue spaces reserved for repeating monthly items") -> Blue spaces reserved for repeating monthly items | I26: =IF(SETUP!A21<>"",SETUP!A21,"") | J26: =IF(SETUP!B21<>"",SETUP!B21,"") | K26: =IF(SUMIF(C$3:C$290,SETUP!A21,E$3:E$290)>0.005,SUMIF(C$3:C$290,SETUP!A21,E$3:E$290),"") | L26: =IF(COUNTIF(C$3:C$290,SETUP!A21)>0.005,COUNTIF(C$3:C$290,SETUP!A21),"") | M26: =IF(SUMIF(C$3:C$290,SETUP!A21,E$3:E$290)>0.005,-K26/K$4,"") | N26: =IF(SUMIF(C$3:C$290,I26,$E$3:$E$290)>0.005,K26/L26,"")
I27: =IF(SETUP!A22<>"",SETUP!A22,"") | J27: =IF(SETUP!B22<>"",SETUP!B22,"") | K27: =IF(SUMIF(C$3:C$290,SETUP!A22,E$3:E$290)>0.005,SUMIF(C$3:C$290,SETUP!A22,E$3:E$290),"") | L27: =IF(COUNTIF(C$3:C$290,SETUP!A22)>0.005,COUNTIF(C$3:C$290,SETUP!A22),"") | M27: =IF(SUMIF(C$3:C$290,SETUP!A22,E$3:E$290)>0.005,-K27/K$4,"") | N27: =IF(SUMIF(C$3:C$290,I27,$E$3:$E$290)>0.005,K27/L27,"")
I28: =IF(SETUP!A23<>"",SETUP!A23,"") | J28: =IF(SETUP!B23<>"",SETUP!B23,"") | K28: =IF(SUMIF(C$3:C$290,SETUP!A23,E$3:E$290)>0.005,SUMIF(C$3:C$290,SETUP!A23,E$3:E$290),"") | L28: =IF(COUNTIF(C$3:C$290,SETUP!A23)>0.005,COUNTIF(C$3:C$290,SETUP!A23),"") | M28: =IF(SUMIF(C$3:C$290,SETUP!A23,E$3:E$290)>0.005,-K28/K$4,"") | N28: =IF(SUMIF(C$3:C$290,I28,$E$3:$E$290)>0.005,K28/L28,"")
I29: =IF(SETUP!A24<>"",SETUP!A24,"") | J29: =IF(SETUP!B24<>"",SETUP!B24,"") | K29: =IF(SUMIF(C$3:C$290,SETUP!A24,E$3:E$290)>0.005,SUMIF(C$3:C$290,SETUP!A24,E$3:E$290),"") | L29: =IF(COUNTIF(C$3:C$290,SETUP!A24)>0.005,COUNTIF(C$3:C$290,SETUP!A24),"") | M29: =IF(SUMIF(C$3:C$290,SETUP!A24,E$3:E$290)>0.005,-K29/K$4,"") | N29: =IF(SUMIF(C$3:C$290,I29,$E$3:$E$290)>0.005,K29/L29,"")
I30: =IF(SETUP!A25<>"",SETUP!A25,"") | J30: =IF(SETUP!B25<>"",SETUP!B25,"") | K30: =IF(SUMIF(C$3:C$290,SETUP!A25,E$3:E$290)>0.005,SUMIF(C$3:C$290,SETUP!A25,E$3:E$290),"") | L30: =IF(COUNTIF(C$3:C$290,SETUP!A25)>0.005,COUNTIF(C$3:C$290,SETUP!A25),"") | M30: =IF(SUMIF(C$3:C$290,SETUP!A25,E$3:E$290)>0.005,-K30/K$4,"") | N30: =IF(SUMIF(C$3:C$290,I30,$E$3:$E$290)>0.005,K30/L30,"")
I31: =IF(SETUP!A26<>"",SETUP!A26,"") | J31: =IF(SETUP!B26<>"",SETUP!B26,"") | K31: =IF(SUMIF(C$3:C$290,SETUP!A26,E$3:E$290)>0.005,SUMIF(C$3:C$290,SETUP!A26,E$3:E$290),"") | L31: =IF(COUNTIF(C$3:C$290,SETUP!A26)>0.005,COUNTIF(C$3:C$290,SETUP!A26),"") | M31: =IF(SUMIF(C$3:C$290,SETUP!A26,E$3:E$290)>0.005,-K31/K$4,"") | N31: =IF(SUMIF(C$3:C$290,I31,$E$3:$E$290)>0.005,K31/L31,"") | P31: Copyright by Minh Tan 2012 - digitalcitizen.ca
I32: =IF(SETUP!A27<>"",SETUP!A27,"") | J32: =IF(SETUP!B27<>"",SETUP!B27,"") | K32: =IF(SUMIF(C$3:C$290,SETUP!A27,E$3:E$290)>0.005,SUMIF(C$3:C$290,SETUP!A27,E$3:E$290),"") | L32: =IF(COUNTIF(C$3:C$290,SETUP!A27)>0.005,COUNTIF(C$3:C$290,SETUP!A27),"") | M32: =IF(SUMIF(C$3:C$290,SETUP!A27,E$3:E$290)>0.005,-K32/K$4,"") | N32: =IF(SUMIF(C$3:C$290,I32,$E$3:$E$290)>0.005,K32/L32,"")
I33: =IF(SETUP!A28<>"",SETUP!A28,"") | J33: =IF(SETUP!B28<>"",SETUP!B28,"") | K33: =IF(SUMIF(C$3:C$290,SETUP!A28,E$3:E$290)>0.005,SUMIF(C$3:C$290,SETUP!A28,E$3:E$290),"") | L33: =IF(COUNTIF(C$3:C$290,SETUP!A28)>0.005,COUNTIF(C$3:C$290,SETUP!A28),"") | M33: =IF(SUMIF(C$3:C$290,SETUP!A28,E$3:E$290)>0.005,-K33/K$4,"") | N33: =IF(SUMIF(C$3:C$290,I33,$E$3:$E$290)>0.005,K33/L33,"")
I34: =IF(SETUP!A29<>"",SETUP!A29,"") | J34: =IF(SETUP!B29<>"",SETUP!B29,"") | K34: =IF(SUMIF(C$3:C$290,SETUP!A29,E$3:E$290)>0.005,SUMIF(C$3:C$290,SETUP!A29,E$3:E$290),"") | L34: =IF(COUNTIF(C$3:C$290,SETUP!A29)>0.005,COUNTIF(C$3:C$290,SETUP!A29),"") | M34: =IF(SUMIF(C$3:C$290,SETUP!A29,E$3:E$290)>0.005,-K34/K$4,"") | N34: =IF(SUMIF(C$3:C$290,I34,$E$3:$E$290)>0.005,K34/L34,"")
I35: =IF(SETUP!A30<>"",SETUP!A30,"") | J35: =IF(SETUP!B30<>"",SETUP!B30,"") | K35: =IF(SUMIF(C$3:C$290,SETUP!A30,E$3:E$290)>0.005,SUMIF(C$3:C$290,SETUP!A30,E$3:E$290),"") | L35: =IF(COUNTIF(C$3:C$290,SETUP!A30)>0.005,COUNTIF(C$3:C$290,SETUP!A30),"") | M35: =IF(SUMIF(C$3:C$290,SETUP!A30,E$3:E$290)>0.005,-K35/K$4,"") | N35: =IF(SUMIF(C$3:C$290,I35,$E$3:$E$290)>0.005,K35/L35,"")
I36: =IF(SETUP!A31<>"",SETUP!A31,"") | J36: =IF(SETUP!B31<>"",SETUP!B31,"") | K36: =IF(SUMIF(C$3:C$290,SETUP!A31,E$3:E$290)>0.005,SUMIF(C$3:C$290,SETUP!A31,E$3:E$290),"") | L36: =IF(COUNTIF(C$3:C$290,SETUP!A31)>0.005,COUNTIF(C$3:C$290,SETUP!A31),"") | M36: =IF(SUMIF(C$3:C$290,SETUP!A31,E$3:E$290)>0.005,-K36/K$4,"") | N36: =IF(SUMIF(C$3:C$290,I36,$E$3:$E$290)>0.005,K36/L36,"")
I37: =IF(SETUP!A32<>"",SETUP!A32,"") | J37: =IF(SETUP!B32<>"",SETUP!B32,"") | K37: =IF(SUMIF(C$3:C$290,SETUP!A32,E$3:E$290)>0.005,SUMIF(C$3:C$290,SETUP!A32,E$3:E$290),"") | L37: =IF(COUNTIF(C$3:C$290,SETUP!A32)>0.005,COUNTIF(C$3:C$290,SETUP!A32),"") | M37: =IF(SUMIF(C$3:C$290,SETUP!A32,E$3:E$290)>0.005,-K37/K$4,"") | N37: =IF(SUMIF(C$3:C$290,I37,$E$3:$E$290)>0.005,K37/L37,"")
I38: =IF(SETUP!A33<>"",SETUP!A33,"") | J38: =IF(SETUP!B33<>"",SETUP!B33,"") | K38: =IF(SUMIF(C$3:C$290,SETUP!A33,E$3:E$290)>0.005,SUMIF(C$3:C$290,SETUP!A33,E$3:E$290),"") | L38: =IF(COUNTIF(C$3:C$290,SETUP!A33)>0.005,COUNTIF(C$3:C$290,SETUP!A33),"") | M38: =IF(SUMIF(C$3:C$290,SETUP!A33,E$3:E$290)>0.005,-K38/K$4,"") | N38: =IF(SUMIF(C$3:C$290,I38,$E$3:$E$290)>0.005,K38/L38,"")
I39: =IF(SETUP!A34<>"",SETUP!A34,"") | J39: =IF(SETUP!B34<>"",SETUP!B34,"") | K39: =IF(SUMIF(C$3:C$290,SETUP!A34,E$3:E$290)>0.005,SUMIF(C$3:C$290,SETUP!A34,E$3:E$290),"") | L39: =IF(COUNTIF(C$3:C$290,SETUP!A34)>0.005,COUNTIF(C$3:C$290,SETUP!A34),"") | M39: =IF(SUMIF(C$3:C$290,SETUP!A34,E$3:E$290)>0.005,-K39/K$4,"") | N39: =IF(SUMIF(C$3:C$290,I39,$E$3:$E$290)>0.005,K39/L39,"")
I40: =IF(SETUP!A35<>"",SETUP!A35,"") | J40: =IF(SETUP!B35<>"",SETUP!B35,"") | K40: =IF(SUMIF(C$3:C$290,SETUP!A35,E$3:E$290)>0.005,SUMIF(C$3:C$290,SETUP!A35,E$3:E$290),"") | L40: =IF(COUNTIF(C$3:C$290,SETUP!A35)>0.005,COUNTIF(C$3:C$290,SETUP!A35),"") | M40: =IF(SUMIF(C$3:C$290,SETUP!A35,E$3:E$290)>0.005,-K40/K$4,"") | N40: =IF(SUMIF(C$3:C$290,I40,$E$3:$E$290)>0.005,K40/L40,"")
I41: =IF(SETUP!A36<>"",SETUP!A36,"") | J41: =IF(SETUP!B36<>"",SETUP!B36,"") | K41: =IF(SUMIF(C$3:C$290,SETUP!A36,E$3:E$290)>0.005,SUMIF(C$3:C$290,SETUP!A36,E$3:E$290),"") | L41: =IF(COUNTIF(C$3:C$290,SETUP!A36)>0.005,COUNTIF(C$3:C$290,SETUP!A36),"") | M41: =IF(SUMIF(C$3:C$290,SETUP!A36,E$3:E$290)>0.005,-K41/K$4,"") | N41: =IF(SUMIF(C$3:C$290,I41,$E$3:$E$290)>0.005,K41/L41,"") | O41: Expenditures
I42: =IF(SETUP!A37<>"",SETUP!A37,"") | J42: =IF(SETUP!B37<>"",SETUP!B37,"") | K42: =IF(SUMIF(C$3:C$290,SETUP!A37,E$3:E$290)>0.005,SUMIF(C$3:C$290,SETUP!A37,E$3:E$290),"") | L42: =IF(COUNTIF(C$3:C$290,SETUP!A37)>0.005,COUNTIF(C$3:C$290,SETUP!A37),"") | M42: =IF(SUMIF(C$3:C$290,SETUP!A37,E$3:E$290)>0.005,-K42/K$4,"") | N42: =IF(SUMIF(C$3:C$290,I42,$E$3:$E$290)>0.005,K42/L42,"")
I43: =IF(SETUP!A38<>"",SETUP!A38,"") | J43: =IF(SETUP!B38<>"",SETUP!B38,"") | K43: =IF(SUMIF(C$3:C$290,SETUP!A38,E$3:E$290)>0.005,SUMIF(C$3:C$290,SETUP!A38,E$3:E$290),"") | L43: =IF(COUNTIF(C$3:C$290,SETUP!A38)>0.005,COUNTIF(C$3:C$290,SETUP!A38),"") | M43: =IF(SUMIF(C$3:C$290,SETUP!A38,E$3:E$290)>0.005,-K43/K$4,"") | N43: =IF(SUMIF(C$3:C$290,I43,$E$3:$E$290)>0.005,K43/L43,"")
I44: =IF(SETUP!A39<>"",SETUP!A39,"") | J44: =IF(SETUP!B39<>"",SETUP!B39,"") | K44: =IF(SUMIF(C$3:C$290,SETUP!A39,E$3:E$290)>0.005,SUMIF(C$3:C$290,SETUP!A39,E$3:E$290),"") | L44: =IF(COUNTIF(C$3:C$290,SETUP!A39)>0.005,COUNTIF(C$3:C$290,SETUP!A39),"") | M44: =IF(SUMIF(C$3:C$290,SETUP!A39,E$3:E$290)>0.005,-K44/K$4,"") | N44: =IF(SUMIF(C$3:C$290,I44,$E$3:$E$290)>0.005,K44/L44,"")
I45: =IF(SETUP!A40<>"",SETUP!A40,"") | J45: =IF(SETUP!B40<>"",SETUP!B40,"") | K45: =IF(SUMIF(C$3:C$290,SETUP!A40,E$3:E$290)>0.005,SUMIF(C$3:C$290,SETUP!A40,E$3:E$290),"") | L45: =IF(COUNTIF(C$3:C$290,SETUP!A40)>0.005,COUNTIF(C$3:C$290,SETUP!A40),"") | M45: =IF(SUMIF(C$3:C$290,SETUP!A40,E$3:E$290)>0.005,-K45/K$4,"") | N45: =IF(SUMIF(C$3:C$290,I45,$E$3:$E$290)>0.005,K45/L45,"")
I46: =IF(SETUP!A41<>"",SETUP!A41,"") | J46: =IF(SETUP!B41<>"",SETUP!B41,"") | K46: =IF(SUMIF(C$3:C$290,SETUP!A41,E$3:E$290)>0.005,SUMIF(C$3:C$290,SETUP!A41,E$3:E$290),"") | L46: =IF(COUNTIF(C$3:C$290,SETUP!A41)>0.005,COUNTIF(C$3:C$290,SETUP!A41),"") | M46: =IF(SUMIF(C$3:C$290,SETUP!A41,E$3:E$290)>0.005,-K46/K$4,"") | N46: =IF(SUMIF(C$3:C$290,I46,$E$3:$E$290)>0.005,K46/L46,"") | P46: Copyright by Minh Tan 2012 - digitalcitizen.ca
I47: =IF(SETUP!A42<>"",SETUP!A42,"") | J47: =IF(SETUP!B42<>"",SETUP!B42,"") | K47: =IF(SUMIF(C$3:C$290,SETUP!A42,E$3:E$290)>0.005,SUMIF(C$3:C$290,SETUP!A42,E$3:E$290),"") | L47: =IF(COUNTIF(C$3:C$290,SETUP!A42)>0.005,COUNTIF(C$3:C$290,SETUP!A42),"") | M47: =IF(SUMIF(C$3:C$290,SETUP!A42,E$3:E$290)>0.005,-K47/K$4,"") | N47: =IF(SUMIF(C$3:C$290,I47,$E$3:$E$290)>0.005,K47/L47,"")
I48: =IF(SETUP!A43<>"",SETUP!A43,"") | J48: =IF(SETUP!B43<>"",SETUP!B43,"") | K48: =IF(SUMIF(C$3:C$290,SETUP!A43,E$3:E$290)>0.005,SUMIF(C$3:C$290,SETUP!A43,E$3:E$290),"") | L48: =IF(COUNTIF(C$3:C$290,SETUP!A43)>0.005,COUNTIF(C$3:C$290,SETUP!A43),"") | M48: =IF(SUMIF(C$3:C$290,SETUP!A43,E$3:E$290)>0.005,-K48/K$4,"") | N48: =IF(SUMIF(C$3:C$290,I48,$E$3:$E$290)>0.005,K48/L48,"")
I49: =IF(SETUP!A44<>"",SETUP!A44,"") | J49: =IF(SETUP!B44<>"",SETUP!B44,"") | K49: =IF(SUMIF(C$3:C$290,SETUP!A44,E$3:E$290)>0.005,SUMIF(C$3:C$290,SETUP!A44,E$3:E$290),"") | L49: =IF(COUNTIF(C$3:C$290,SETUP!A44)>0.005,COUNTIF(C$3:C$290,SETUP!A44),"") | M49: =IF(SUMIF(C$3:C$290,SETUP!A44,E$3:E$290)>0.005,-K49/K$4,"") | N49: =IF(SUMIF(C$3:C$290,I49,$E$3:$E$290)>0.005,K49/L49,"")
I50: =IF(SETUP!A45<>"",SETUP!A45,"") | J50: =IF(SETUP!B45<>"",SETUP!B45,"") | K50: =IF(SUMIF(C$3:C$290,SETUP!A45,E$3:E$290)>0.005,SUMIF(C$3:C$290,SETUP!A45,E$3:E$290),"") | L50: =IF(COUNTIF(C$3:C$290,SETUP!A45)>0.005,COUNTIF(C$3:C$290,SETUP!A45),"") | M50: =IF(SUMIF(C$3:C$290,SETUP!A45,E$3:E$290)>0.005,-K50/K$4,"") | N50: =IF(SUMIF(C$3:C$290,I50,$E$3:$E$290)>0.005,K50/L50,"")
I51: =IF(SETUP!A46<>"",SETUP!A46,"") | J51: =IF(SETUP!B46<>"",SETUP!B46,"") | K51: =IF(SUMIF(C$3:C$290,SETUP!A46,E$3:E$290)>0.005,SUMIF(C$3:C$290,SETUP!A46,E$3:E$290),"") | L51: =IF(COUNTIF(C$3:C$290,SETUP!A46)>0.005,COUNTIF(C$3:C$290,SETUP!A46),"") | M51: =IF(SUMIF(C$3:C$290,SETUP!A46,E$3:E$290)>0.005,-K51/K$4,"") | N51: =IF(SUMIF(C$3:C$290,I51,$E$3:$E$290)>0.005,K51/L51,"")
I52: =IF(SETUP!A47<>"",SETUP!A47,"") | J52: =IF(SETUP!B47<>"",SETUP!B47,"") | K52: =IF(SUMIF(C$3:C$290,SETUP!A47,E$3:E$290)>0.005,SUMIF(C$3:C$290,SETUP!A47,E$3:E$290),"") | L52: =IF(COUNTIF(C$3:C$290,SETUP!A47)>0.005,COUNTIF(C$3:C$290,SETUP!A47),"") | M52: =IF(SUMIF(C$3:C$290,SETUP!A47,E$3:E$290)>0.005,-K52/K$4,"") | N52: =IF(SUMIF(C$3:C$290,I52,$E$3:$E$290)>0.005,K52/L52,"")
J53: =IF(SETUP!B48<>"",SETUP!B48,"") | K53: =IF(K$4<0,SUMIF($I$8:$I$52,SETUP!$G$5,$K$8:$K$52)+SUMIF($I$8:$I$52,SETUP!$G$6,$K$8:$K$52)+SUMIF($I$8:$I$52,SETUP!$G$7,$K$8:$K$52)+SUMIF($I$8:$I$52,SETUP!$G$8,$K$8:$K$52)+SUMIF($I$8:$I$52,SETUP!$G$9,$K$8:$K$52),"") | L53: =IF(K$4<0,SUMIF($I$8:$I$52,SETUP!$G$5,$L$8:$L$52)+SUMIF($I$8:$I$52,SETUP!$G$6,$L$8:$L$52)+SUMIF($I$8:$I$52,SETUP!$G$7,$L$8:$L$52)+SUMIF($I$8:$I$52,SETUP!$G$8,$L$8:$L$52)+SUMIF($I$8:$I$52,SETUP!$G$9,$L$8:$L$52),"") | M53: =IF(ISERROR(IF(K53>0.005,-K53/K$4,"")),"",-K53/K$4) | N53: =IF(AND(SUM(E$3:$E$290),L53>0.005),K53/L53,"")
J54: =IF(SETUP!B49<>"",SETUP!B49,"") | K54: =IF(K$4<0,SUMIF($I$8:$I$52,SETUP!$G$12,$K$8:$K$52)+SUMIF($I$8:$I$52,SETUP!$G$13,$K$8:$K$52)+SUMIF($I$8:$I$52,SETUP!$G$14,$K$8:$K$52)+SUMIF($I$8:$I$52,SETUP!$G$15,$K$8:$K$52)+SUMIF($I$8:$I$52,SETUP!$G$16,$K$8:$K$52),"") | L54: =IF(K$4<0,SUMIF($I$8:$I$52,SETUP!$G$12,$L$8:$L$52)+SUMIF($I$8:$I$52,SETUP!$G$13,$L$8:$L$52)+SUMIF($I$8:$I$52,SETUP!$G$14,$L$8:$L$52)+SUMIF($I$8:$I$52,SETUP!$G$15,$L$8:$L$52)+SUMIF($I$8:$I$52,SETUP!$G$16,$L$8:$L$52),"") | M54: =IF(ISERROR(IF(K54>0.005,-K54/K$4,"")),"",-K54/K$4) | N54: =IF(AND(SUM(E$3:$E$290),L54>0.005),K54/L54,"")
J55: =IF(SETUP!B50<>"",SETUP!B50,"") | K55: =IF(K$4<0,SUMIF($I$8:$I$52,SETUP!$G$19,$K$8:$K$52)+SUMIF($I$8:$I$52,SETUP!$G$20,$K$8:$K$52)+SUMIF($I$8:$I$52,SETUP!$G$21,$K$8:$K$52)+SUMIF($I$8:$I$52,SETUP!$G$22,$K$8:$K$52)+SUMIF($I$8:$I$52,SETUP!$G$23,$K$8:$K$52),"") | L55: =IF(K$4<0,SUMIF($I$8:$I$52,SETUP!$G$19,$L$8:$L$52)+SUMIF($I$8:$I$52,SETUP!$G$20,$L$8:$L$52)+SUMIF($I$8:$I$52,SETUP!$G$21,$L$8:$L$52)+SUMIF($I$8:$I$52,SETUP!$G$22,$L$8:$L$52)+SUMIF($I$8:$I$52,SETUP!$G$23,$L$8:$L$52),"") | M55: =IF(ISERROR(IF(K55>0.005,-K55/K$4,"")),"",-K55/K$4) | N55: =IF(AND(SUM(E$3:$E$290),L55>0.005),K55/L55,"")
J56: =IF(SETUP!B51<>"",SETUP!B51,"") | K56: =IF(K$4<0,SUMIF($I$8:$I$52,SETUP!$G$26,$K$8:$K$52)+SUMIF($I$8:$I$52,SETUP!$G$27,$K$8:$K$52)+SUMIF($I$8:$I$52,SETUP!$G$28,$K$8:$K$52)+SUMIF($I$8:$I$52,SETUP!$G$29,$K$8:$K$52)+SUMIF($I$8:$I$52,SETUP!$G$30,$K$8:$K$52),"") | L56: =IF(K$4<0,SUMIF($I$8:$I$52,SETUP!$G$26,$L$8:$L$52)+SUMIF($I$8:$I$52,SETUP!$G$27,$L$8:$L$52)+SUMIF($I$8:$I$52,SETUP!$G$28,$L$8:$L$52)+SUMIF($I$8:$I$52,SETUP!$G$29,$L$8:$L$52)+SUMIF($I$8:$I$52,SETUP!$G$30,$L$8:$L$52),"") | M56: =IF(ISERROR(IF(K56>0.005,-K56/K$4,"")),"",-K56/K$4) | N56: =IF(AND(SUM(E$3:$E$290),L56>0.005),K56/L56,"")
J57: =IF(SETUP!B52<>"",SETUP!B52,"") | K57: =IF(K$4<0,SUMIF($I$8:$I$52,SETUP!$G$36,$K$8:$K$52)+SUMIF($I$8:$I$52,SETUP!$G$37,$K$8:$K$52)+SUMIF($I$8:$I$52,SETUP!$G$38,$K$8:$K$52)+SUMIF($I$8:$I$52,SETUP!$G$39,$K$8:$K$52)+SUMIF($I$8:$I$52,SETUP!$G$40,$K$8:$K$52),"") | L57: =IF(K$4<0,SUMIF($I$8:$I$52,SETUP!$G$36,$L$8:$L$52)+SUMIF($I$8:$I$52,SETUP!$G$37,$L$8:$L$52)+SUMIF($I$8:$I$52,SETUP!$G$38,$L$8:$L$52)+SUMIF($I$8:$I$52,SETUP!$G$39,$L$8:$L$52)+SUMIF($I$8:$I$52,SETUP!$G$40,$L$8:$L$52),"") | M57: =IF(ISERROR(IF(K57>0.005,-K57/K$4,"")),"",-K57/K$4) | N57: =IF(AND(SUM(E$3:$E$290),L57>0.005),K57/L57,"")
J58: Unclassified Spending | K58: =IF(ISERROR(IF(-SUM(K8:K52)-K4>0.005,-SUM(K8:K52)-K4,"")),"",-SUM(K8:K52)-K4) | L58: =IF(ISERROR(IF(-SUM(K8:K52)-K4>0.005,L4-SUM(L8:L52),"")),"",L4-SUM(L8:L52)) | M58: =IF(ISERROR(IF(-SUM(K8:K52)-K4>0.005,-K58/K4,"")),"",-K58/K4) | N58: =IF(ISERROR(IF(-SUM(K8:K52)-K4>0.005,K58/L58,"")),"",IF(K58>0.005,K58/L58,""))
I60: =IF(SETUP!A53<>"",SETUP!A53,"") | J60: =IF(SETUP!B53<>"",SETUP!B53,"") | K60: =IF(SUMIF(C$3:C$290,SETUP!A53,F$3:F$290)>0.005,SUMIF(C$3:C$290,SETUP!A53,F$3:F$290),"") | L60: =IF(COUNTIF(C$3:C$290,SETUP!A53)>0.005,COUNTIF(C$3:C$290,SETUP!A53),"") | M60: =IF(SUMIF(C$3:C$290,SETUP!A53,F$3:F$290)>0.005,K60/K$3,"") | N60: =IF(SUMIF(C$3:C$290,I60,$F$3:$F$290)>0.005,K60/L60,"") | O60: Income
I61: =IF(SETUP!A54<>"",SETUP!A54,"") | J61: =IF(SETUP!B54<>"",SETUP!B54,"") | K61: =IF(SUMIF(C$3:C$290,SETUP!A54,F$3:F$290)>0.005,SUMIF(C$3:C$290,SETUP!A54,F$3:F$290),"") | L61: =IF(COUNTIF(C$3:C$290,SETUP!A54)>0.005,COUNTIF(C$3:C$290,SETUP!A54),"") | M61: =IF(SUMIF(C$3:C$290,SETUP!A54,F$3:F$290)>0.005,K61/K$3,"") | N61: =IF(SUMIF(C$3:C$290,I61,$F$3:$F$290)>0.005,K61/L61,"") | P61: Copyright by Minh Tan 2012 - digitalcitizen.ca
I62: =IF(SETUP!A55<>"",SETUP!A55,"") | J62: =IF(SETUP!B55<>"",SETUP!B55,"") | K62: =IF(SUMIF(C$3:C$290,SETUP!A55,F$3:F$290)>0.005,SUMIF(C$3:C$290,SETUP!A55,F$3:F$290),"") | L62: =IF(COUNTIF(C$3:C$290,SETUP!A55)>0.005,COUNTIF(C$3:C$290,SETUP!A55),"") | M62: =IF(SUMIF(C$3:C$290,SETUP!A55,F$3:F$290)>0.005,K62/K$3,"") | N62: =IF(SUMIF(C$3:C$290,I62,$F$3:$F$290)>0.005,K62/L62,"")
I63: =IF(SETUP!A56<>"",SETUP!A56,"") | J63: =IF(SETUP!B56<>"",SETUP!B56,"") | K63: =IF(SUMIF(C$3:C$290,SETUP!A56,F$3:F$290)>0.005,SUMIF(C$3:C$290,SETUP!A56,F$3:F$290),"") | L63: =IF(COUNTIF(C$3:C$290,SETUP!A56)>0.005,COUNTIF(C$3:C$290,SETUP!A56),"") | M63: =IF(SUMIF(C$3:C$290,SETUP!A56,F$3:F$290)>0.005,K63/K$3,"") | N63: =IF(SUMIF(C$3:C$290,I63,$F$3:$F$290)>0.005,K63/L63,"")
I64: =IF(SETUP!A57<>"",SETUP!A57,"") | J64: =IF(SETUP!B57<>"",SETUP!B57,"") | K64: =IF(SUMIF(C$3:C$290,SETUP!A57,F$3:F$290)>0.005,SUMIF(C$3:C$290,SETUP!A57,F$3:F$290),"") | L64: =IF(COUNTIF(C$3:C$290,SETUP!A57)>0.005,COUNTIF(C$3:C$290,SETUP!A57),"") | M64: =IF(SUMIF(C$3:C$290,SETUP!A57,F$3:F$290)>0.005,K64/K$3,"") | N64: =IF(SUMIF(C$3:C$290,I64,$F$3:$F$290)>0.005,K64/L64,"")
I65: =IF(SETUP!A58<>"",SETUP!A58,"") | J65: =IF(SETUP!B58<>"",SETUP!B58,"") | K65: =IF(SUMIF(C$3:C$290,SETUP!A58,F$3:F$290)>0.005,SUMIF(C$3:C$290,SETUP!A58,F$3:F$290),"") | L65: =IF(COUNTIF(C$3:C$290,SETUP!A58)>0.005,COUNTIF(C$3:C$290,SETUP!A58),"") | M65: =IF(SUMIF(C$3:C$290,SETUP!A58,F$3:F$290)>0.005,K65/K$3,"") | N65: =IF(SUMIF(C$3:C$290,I65,$F$3:$F$290)>0.005,K65/L65,"")
I66: =IF(SETUP!A59<>"",SETUP!A59,"") | J66: =IF(SETUP!B59<>"",SETUP!B59,"") | K66: =IF(SUMIF(C$3:C$290,SETUP!A59,F$3:F$290)>0.005,SUMIF(C$3:C$290,SETUP!A59,F$3:F$290),"") | L66: =IF(COUNTIF(C$3:C$290,SETUP!A59)>0.005,COUNTIF(C$3:C$290,SETUP!A59),"") | M66: =IF(SUMIF(C$3:C$290,SETUP!A59,F$3:F$290)>0.005,K66/K$3,"") | N66: =IF(SUMIF(C$3:C$290,I66,$F$3:$F$290)>0.005,K66/L66,"")
I67: =IF(SETUP!A60<>"",SETUP!A60,"") | J67: =IF(SETUP!B60<>"",SETUP!B60,"") | K67: =IF(SUMIF(C$3:C$290,SETUP!A60,F$3:F$290)>0.005,SUMIF(C$3:C$290,SETUP!A60,F$3:F$290),"") | L67: =IF(COUNTIF(C$3:C$290,SETUP!A60)>0.005,COUNTIF(C$3:C$290,SETUP!A60),"") | M67: =IF(SUMIF(C$3:C$290,SETUP!A60,F$3:F$290)>0.005,K67/K$3,"") | N67: =IF(SUMIF(C$3:C$290,I67,$F$3:$F$290)>0.005,K67/L67,"")
I68: =IF(SETUP!A61<>"",SETUP!A61,"") | J68: =IF(SETUP!B61<>"",SETUP!B61,"") | K68: =IF(SUMIF(C$3:C$290,SETUP!A61,F$3:F$290)>0.005,SUMIF(C$3:C$290,SETUP!A61,F$3:F$290),"") | L68: =IF(COUNTIF(C$3:C$290,SETUP!A61)>0.005,COUNTIF(C$3:C$290,SETUP!A61),"") | M68: =IF(SUMIF(C$3:C$290,SETUP!A61,F$3:F$290)>0.005,K68/K$3,"") | N68: =IF(SUMIF(C$3:C$290,I68,$F$3:$F$290)>0.005,K68/L68,"")
I69: =IF(SETUP!A62<>"",SETUP!A62,"") | J69: =IF(SETUP!B62<>"",SETUP!B62,"") | K69: =IF(SUMIF(C$3:C$290,SETUP!A62,F$3:F$290)>0.005,SUMIF(C$3:C$290,SETUP!A62,F$3:F$290),"") | L69: =IF(COUNTIF(C$3:C$290,SETUP!A62)>0.005,COUNTIF(C$3:C$290,SETUP!A62),"") | M69: =IF(SUMIF(C$3:C$290,SETUP!A62,F$3:F$290)>0.005,K69/K$3,"") | N69: =IF(SUMIF(C$3:C$290,I69,$F$3:$F$290)>0.005,K69/L69,"")
J70: =IF(AND(SETUP!A$63<>"",SETUP!A$63<>"x"),SETUP!B$63,"") | K70: =IF(SUM(F$3:F$290)>0.005,SUMIF($I$60:$I$69,SETUP!$G$43,$K$60:$K$69)+SUMIF($I$60:$I$69,SETUP!$G$44,$K$60:$K$69)+SUMIF($I$60:$I$69,SETUP!$G$45,$K$60:$K$69)+SUMIF($I$60:$I$69,SETUP!$G$46,$K$60:$K$69),"") | L70: =IF(SUM(F$3:F$290)>0.005,SUMIF($I$60:$I$69,SETUP!$G$43,$L$60:$L$69)+SUMIF($I$60:$I$69,SETUP!$G$44,$L$60:$L$69)+SUMIF($I$60:$I$69,SETUP!$G$45,$L$60:$L$69)+SUMIF($I$60:$I$69,SETUP!$G$46,$L$60:$L$69),"") | M70: =IF(ISERROR(IF(K70>0.005,K70/K$3,"")),"",K70/K$3) | N70: =IF(AND(SUM(F$3:$F$290),L70>0.005),K70/L70,"")
J71: =SETUP!H48 | K71: =IF(SUM(F$3:F$290)>0.005,SUMIF($I$60:$I$69,SETUP!$G$49,$K$60:$K$69)+SUMIF($I$60:$I$69,SETUP!$G$50,$K$60:$K$69)+SUMIF($I$60:$I$69,SETUP!$G$51,$K$60:$K$69)+SUMIF($I$60:$I$69,SETUP!$G$52,$K$60:$K$69),"") | L71: =IF(SUM(F$3:F$290)>0.005,SUMIF($I$60:$I$69,SETUP!$G$49,$L$60:$L$69)+SUMIF($I$60:$I$69,SETUP!$G$50,$L$60:$L$69)+SUMIF($I$60:$I$69,SETUP!$G$51,$L$60:$L$69)+SUMIF($I$60:$I$69,SETUP!$G$52,$L$60:$L$69),"") | M71: =IF(ISERROR(IF(K71>0.005,K71/K$3,"")),"",K71/K$3) | N71: =IF(AND(SUM(F$3:$F$290),L71>0.005),K71/L71,"")
J72: =IF(AND(SETUP!A$65<>"",SETUP!A$65<>"x"),SETUP!B$65,"") | K72: =IF(SUM(F$3:F$290)>0.005,SUMIF($I$60:$I$69,SETUP!$G$55,$K$60:$K$69)+SUMIF($I$60:$I$69,SETUP!$G$56,$K$60:$K$69)+SUMIF($I$60:$I$69,SETUP!$G$57,$K$60:$K$69)+SUMIF($I$60:$I$69,SETUP!$G$58,$K$60:$K$69),"") | L72: =IF(SUM(F$3:F$290)>0.005,SUMIF($I$60:$I$69,SETUP!$G$55,$L$60:$L$69)+SUMIF($I$60:$I$69,SETUP!$G$56,$L$60:$L$69)+SUMIF($I$60:$I$69,SETUP!$G$57,$L$60:$L$69)+SUMIF($I$60:$I$69,SETUP!$G$58,$L$60:$L$69),"") | M72: =IF(ISERROR(IF(K72>0.005,K72/K$3,"")),"",K72/K$3) | N72: =IF(AND(SUM(F$3:$F$290),L72>0.005),K72/L72,"")
J73: Unclassified Income | K73: =IF(ISERROR(IF(K3-SUM(K60:K69)>0.005,K3-SUM(K60:K69),"")),"",K3-SUM(K60:K69)) | L73: =IF(ISERROR(IF(L3-SUM(L60:L69)>0.005,L3-SUM(L60:L69),"")),"",L3-SUM(L60:L69)) | M73: =IF(ISERROR(IF(K3-SUM(K60:K69)>0.005,K73/K3,"")),"",K73/K3) | N73: =IF(ISERROR(IF(L3-SUM(L60:L69)>0.005,K73/L73,"")),"",IF(K73>0.005,K73/L73,""))
I75: =IF(SETUP!A66<>"",SETUP!A66,"") | J75: =IF(SETUP!B66<>"",SETUP!B66,"") | K75: =IF(SUMIF(B$3:B$290,SETUP!A66,E$3:E$290)>0.005,SUMIF(B$3:B$290,SETUP!A66,E$3:E$290),"") | L75: =IF(COUNTIF(B$3:B$290,SETUP!A66)>0.005,COUNTIF(B$3:B$290,SETUP!A66),"") | M75: =IF(SUMIF(B$3:B$290,SETUP!A66,E$3:E$290)>0.005,-K75/K$4,"") | N75: =IF(SUMIF(B$3:B$290,I75,$E$3:$E$290)>0.005,K75/L75,"") | O75: Payment Methods
I76: =IF(SETUP!A67<>"",SETUP!A67,"") | J76: =IF(SETUP!B67<>"",SETUP!B67,"") | K76: =IF(SUMIF(B$3:B$290,SETUP!A67,E$3:E$290)>0.005,SUMIF(B$3:B$290,SETUP!A67,E$3:E$290),"") | L76: =IF(COUNTIF(B$3:B$290,SETUP!A67)>0.005,COUNTIF(B$3:B$290,SETUP!A67),"") | M76: =IF(SUMIF(B$3:B$290,SETUP!A67,E$3:E$290)>0.005,-K76/K$4,"") | N76: =IF(SUMIF(B$3:B$290,I76,$E$3:$E$290)>0.005,K76/L76,"") | P76: Copyright by Minh Tan 2012 - digitalcitizen.ca
I77: =IF(SETUP!A68<>"",SETUP!A68,"") | J77: =IF(SETUP!B68<>"",SETUP!B68,"") | K77: =IF(SUMIF(B$3:B$290,SETUP!A68,E$3:E$290)>0.005,SUMIF(B$3:B$290,SETUP!A68,E$3:E$290),"") | L77: =IF(COUNTIF(B$3:B$290,SETUP!A68)>0.005,COUNTIF(B$3:B$290,SETUP!A68),"") | M77: =IF(SUMIF(B$3:B$290,SETUP!A68,E$3:E$290)>0.005,-K77/K$4,"") | N77: =IF(SUMIF(B$3:B$290,I77,$E$3:$E$290)>0.005,K77/L77,"")
I78: =IF(SETUP!A69<>"",SETUP!A69,"") | J78: =IF(SETUP!B69<>"",SETUP!B69,"") | K78: =IF(SUMIF(B$3:B$290,SETUP!A69,E$3:E$290)>0.005,SUMIF(B$3:B$290,SETUP!A69,E$3:E$290),"") | L78: =IF(COUNTIF(B$3:B$290,SETUP!A69)>0.005,COUNTIF(B$3:B$290,SETUP!A69),"") | M78: =IF(SUMIF(B$3:B$290,SETUP!A69,E$3:E$290)>0.005,-K78/K$4,"") | N78: =IF(SUMIF(B$3:B$290,I78,$E$3:$E$290)>0.005,K78/L78,"")
I79: =IF(SETUP!A70<>"",SETUP!A70,"") | J79: =IF(SETUP!B70<>"",SETUP!B70,"") | K79: =IF(SUMIF(B$3:B$290,SETUP!A70,E$3:E$290)>0.005,SUMIF(B$3:B$290,SETUP!A70,E$3:E$290),"") | L79: =IF(COUNTIF(B$3:B$290,SETUP!A70)>0.005,COUNTIF(B$3:B$290,SETUP!A70),"") | M79: =IF(SUMIF(B$3:B$290,SETUP!A70,E$3:E$290)>0.005,-K79/K$4,"") | N79: =IF(SUMIF(B$3:B$290,I79,$E$3:$E$290)>0.005,K79/L79,"")
I80: =IF(SETUP!A71<>"",SETUP!A71,"") | J80: =IF(SETUP!B71<>"",SETUP!B71,"") | K80: =IF(SUMIF(B$3:B$290,SETUP!A71,E$3:E$290)>0.005,SUMIF(B$3:B$290,SETUP!A71,E$3:E$290),"") | L80: =IF(COUNTIF(B$3:B$290,SETUP!A71)>0.005,COUNTIF(B$3:B$290,SETUP!A71),"") | M80: =IF(SUMIF(B$3:B$290,SETUP!A71,E$3:E$290)>0.005,-K80/K$4,"") | N80: =IF(SUMIF(B$3:B$290,I80,$E$3:$E$290)>0.005,K80/L80,"")
I81: =IF(SETUP!A72<>"",SETUP!A72,"") | J81: =IF(SETUP!B72<>"",SETUP!B72,"") | K81: =IF(SUMIF(B$3:B$290,SETUP!A72,E$3:E$290)>0.005,SUMIF(B$3:B$290,SETUP!A72,E$3:E$290),"") | L81: =IF(COUNTIF(B$3:B$290,SETUP!A72)>0.005,COUNTIF(B$3:B$290,SETUP!A72),"") | M81: =IF(SUMIF(B$3:B$290,SETUP!A72,E$3:E$290)>0.005,-K81/K$4,"") | N81: =IF(SUMIF(B$3:B$290,I81,$E$3:$E$290)>0.005,K81/L81,"")
I82: =IF(SETUP!A73<>"",SETUP!A73,"") | J82: =IF(SETUP!B73<>"",SETUP!B73,"") | K82: =IF(SUMIF(B$3:B$290,SETUP!A73,E$3:E$290)>0.005,SUMIF(B$3:B$290,SETUP!A73,E$3:E$290),"") | L82: =IF(COUNTIF(B$3:B$290,SETUP!A73)>0.005,COUNTIF(B$3:B$290,SETUP!A73),"") | M82: =IF(SUMIF(B$3:B$290,SETUP!A73,E$3:E$290)>0.005,-K82/K$4,"") | N82: =IF(SUMIF(B$3:B$290,I82,$E$3:$E$290)>0.005,K82/L82,"")
J83: =IF(SETUP!B74<>"",SETUP!B74,"") | K83: =IF(K$4<0,SUMIF($I$75:$I$82,SETUP!$G$61,$K$75:$K$82)+SUMIF($I$75:$I$82,SETUP!$G$62,$K$75:$K$82)+SUMIF($I$75:$I$82,SETUP!$G$63,$K$75:$K$82)+SUMIF($I$75:$I$82,SETUP!$G$64,$K$75:$K$82),"") | L83: =IF(K$4<0,SUMIF($I$75:$I$82,SETUP!$G$61,$L$75:$L$82)+SUMIF($I$75:$I$82,SETUP!$G$62,$L$75:$L$82)+SUMIF($I$75:$I$82,SETUP!$G$63,$L$75:$L$82)+SUMIF($I$75:$I$82,SETUP!$G$64,$L$75:$L$82),"") | M83: =IF(ISERROR(IF($K$83>0.005,-$K83/K$4,"")),"",-$K83/K$4) | N83: =IF(AND(SUM(E$3:$E$290),L83>0.005),K83/L83,"")
J84: =IF(SETUP!B75<>"",SETUP!B75,"") | K84: =IF(K$4<0,SUMIF($I$75:$I$82,SETUP!$G$68,$K$75:$K$82)+SUMIF($I$75:$I$82,SETUP!$G$69,$K$75:$K$82)+SUMIF($I$75:$I$82,SETUP!$G$70,$K$75:$K$82)+SUMIF($I$75:$I$82,SETUP!$G$71,$K$75:$K$82),"") | L84: =IF(K$4<0,SUMIF($I$75:$I$82,SETUP!$G$68,$L$75:$L$82)+SUMIF($I$75:$I$82,SETUP!$G$69,$L$75:$L$82)+SUMIF($I$75:$I$82,SETUP!$G$70,$L$75:$L$82)+SUMIF($I$75:$I$82,SETUP!$G$71,$L$75:$L$82),"") | M84: =IF(ISERROR(IF($K$83>0.005,-$K84/K$4,"")),"",-$K84/K$4) | N84: =IF(AND(SUM(E$3:$E$290),L84>0.005),K84/L84,"")
J85: =IF(SETUP!B76<>"",SETUP!B76,"") | K85: =IF(K$4<0,SUMIF($I$75:$I$82,SETUP!$G$75,$K$75:$K$82)+SUMIF($I$75:$I$82,SETUP!$G$76,$K$75:$K$82)+SUMIF($I$75:$I$82,SETUP!$G$77,$K$75:$K$82)+SUMIF($I$75:$I$82,SETUP!$G$78,$K$75:$K$82),"") | L85: =IF(K$4<0,SUMIF($I$75:$I$82,SETUP!$G$75,$L$75:$L$82)+SUMIF($I$75:$I$82,SETUP!$G$76,$L$75:$L$82)+SUMIF($I$75:$I$82,SETUP!$G$77,$L$75:$L$82)+SUMIF($I$75:$I$82,SETUP!$G$78,$L$75:$L$82),"") | M85: =IF(ISERROR(IF($K$83>0.005,-$K85/K$4,"")),"",-$K85/K$4) | N85: =IF(AND(SUM(E$3:$E$290),L85>0.005),K85/L85,"")
J86: Unclassified Payment Methods | K86: =IF(ISERROR(IF(SUM(E3:E290)>SUM(K75:K82),SUM(E3:E290)-SUM(K75:K82),"")),"",IF(SUM(E3:E290)-SUM(K75:K82)>0,SUM(E3:E290)-SUM(K75:K82),"")) | L86: =IF(ISERROR(IF(SUM(E3:E290)>SUM(K75:K82),L4-SUM(L75:L82),"")),"",IF(SUM(E3:E290)-SUM(K75:K82)>0,COUNTIF(E3:E290,">0.005")-SUM(L75:L82),"")) | M86: =IF(SUM(E3:E290)-SUM(K75:K82)>0,K86/SUM(E3:E290),"") | N86: =IF(SUM(E3:E290)-SUM(K75:K82)>0.005,K86/L86,"")
J90: INCOME | K90: =IF($K$3>0.005,$K$3,"") | L90: =IF($L$3>0.005,$L$3,"") | N90: =IF(N3>0.005,N3,"")
J91: EXPENDITURES | K91: =IF($K$4<0,$K$4,"") | L91: =IF($L$4>0.005,$L$4,"") | M91: =IF($M$4<>"",$M$4,"") | N91: =IF(N4<0,N4,"") | P91: Copyright by Minh Tan 2012 - digitalcitizen.ca
J92: NET | K92: =IF($K$5<>"",$K$5,"") | L92: =IF(L$5<>"",L$5,"")
J93: CURRENT BALANCE | K93: =IF($K$6<>0.005,$K$6,"")
J94: POORLY SPENT | K94: =IF($K$7<0,$K$7,"") | L94: =IF($L$7<>"",$L$7,"") | M94: =IF($M$7<>"",$M$7,"") | N94: =IF(N7<0,N7,"")
I95: =$I$8 | J95: =$J$8 | K95: =IF(K8<>"",K8,"") | L95: =IF(L8<>"",L8,"") | M95: =IF(M8<>"",M8,"") | N95: =IF(N8>0.005,N8,"") | O95: Expenditures
I96: =$I$9 | J96: =$J$9 | K96: =IF(K9<>"",K9,"") | L96: =IF(L9<>"",L9,"") | M96: =IF(M9<>"",M9,"") | N96: =IF(N9>0.005,N9,"")
I97: =$I$10 | J97: =$J$10 | K97: =IF(K10<>"",K10,"") | L97: =IF(L10<>"",L10,"") | M97: =IF(M10<>"",M10,"") | N97: =IF(N10>0.005,N10,"")
I98: =$I$11 | J98: =$J$11 | K98: =IF(K11<>"",K11,"") | L98: =IF(L11<>"",L11,"") | M98: =IF(M11<>"",M11,"") | N98: =IF(N11>0.005,N11,"")
I99: =$I$12 | J99: =$J$12 | K99: =IF(K12<>"",K12,"") | L99: =IF(L12<>"",L12,"") | M99: =IF(M12<>"",M12,"") | N99: =IF(N12>0.005,N12,"")
I100: =$I$13 | J100: =$J$13 | K100: =IF(K13<>"",K13,"") | L100: =IF(L13<>"",L13,"") | M100: =IF(M13<>"",M13,"") | N100: =IF(N13>0.005,N13,"")
I101: =$I$14 | J101: =$J$14 | K101: =IF(K14<>"",K14,"") | L101: =IF(L14<>"",L14,"") | M101: =IF(M14<>"",M14,"") | N101: =IF(N14>0.005,N14,"")
I102: =$I$15 | J102: =$J$15 | K102: =IF(K15<>"",K15,"") | L102: =IF(L15<>"",L15,"") | M102: =IF(M15<>"",M15,"") | N102: =IF(N15>0.005,N15,"")
I103: =$I$16 | J103: =$J$16 | K103: =IF(K16<>"",K16,"") | L103: =IF(L16<>"",L16,"") | M103: =IF(M16<>"",M16,"") | N103: =IF(N16>0.005,N16,"")
I104: =$I$17 | J104: =$J$17 | K104: =IF(K17<>"",K17,"") | L104: =IF(L17<>"",L17,"") | M104: =IF(M17<>"",M17,"") | N104: =IF(N17>0.005,N17,"")
I105: =$I$18 | J105: =$J$18 | K105: =IF(K18<>"",K18,"") | L105: =IF(L18<>"",L18,"") | M105: =IF(M18<>"",M18,"") | N105: =IF(N18>0.005,N18,"")
...

Sheet APR
A1: Date | B1: Met | C1: Cat | D1: Transaction Description (April) | E1: Spent | F1: Earned | G1: =SETUP!H89 -> X | I1: CATEGORIES | K1: Amount | L1: # Trans | M1: % | N1: Avg per Trans | P1: Copyright by Minh Tan 2012 - digitalcitizen.ca
D2: Starting Balance | E2: =IF(SETUP!H83=4,SETUP!E96,MAR!K6)
D3: =IF(SETUP!$B$116<>"",SETUP!$B$116,"") | J3: INCOME | K3: =IF(SUM(F3:F290)>0.005,SUM(F3:F290),"") | L3: =IF(COUNTIF(F3:F290,">0.005")>0.005,COUNTIF(F3:F290,">0.005"),"") | N3: =IF(SUM(F3:F290)>0.005,K3/L3,"")
D4: =IF(SETUP!$B$117<>"",SETUP!$B$117,"") | J4: EXPENDITURES | K4: =IF(SUM(E3:E290)>0.005,-SUM(E3:E290),"") | L4: =IF(COUNTIF(E3:E290,">0.005")>0.005,COUNTIF(E3:E290,">0.005"),"") | M4: =IF(ISERROR(IF(K3>1,-K4/K3,"")),"",K4/K3) | N4: =IF(SUM(E3:E290)>0.005,K4/L4,"")
D5: =IF(SETUP!$B$118<>"",SETUP!$B$118,"") | J5: NET | K5: =IF(OR(SUM(F3:F290)>0.005,K4<-0.005),SUM(K3:K4),"") | L5: =IF(OR(-SUM(F3:F290)-SUM(E3:E290)>0.005,SUM(F3:F290)-SUM(K60:K69)>0.005,-SUM(E3:E290)-SUM(K83:K85)>0.005),("Check unclassified entries in "&IF(-SUM(K8:K52)-K4>0.005,"Expenditures ","")&IF(K3-SUM(K60:K69)>0.005,"Income ","")&IF(-K4-SUM(K83:K85)>0.005,"Payment","")),"")
D6: =IF(SETUP!$B$119<>"",SETUP!$B$119,"") | J6: CURRENT BALANCE | K6: =IF(OR(SUM(F3:F290)>0.005,K4<-0.005),SUM(E2,K5),"")
D7: =IF(SETUP!$B$120<>"",SETUP!$B$120,"") | J7: POORLY SPENT | K7: =IF(SUM(G3:G290)>0.005,-SUM(G3:G290),"") | L7: =IF(COUNTIF(G3:G290,">0.005")>0.005,COUNTIF(G3:G290,">0.005"),"") | M7: =IF(SUM(G3:G290)>0.005,K7/K4,"") | N7: =IF(K7<0,K7/L7,"")
D8: =IF(SETUP!$B$121<>"",SETUP!$B$121,"") | I8: =IF(SETUP!A3<>"",SETUP!A3,"") | J8: =IF(SETUP!B3<>"",SETUP!B3,"") | K8: =IF(SUMIF(C$3:C$290,SETUP!A3,E$3:E$290)>0.005,SUMIF(C$3:C$290,SETUP!A3,E$3:E$290),"") | L8: =IF(COUNTIF(C$3:C$290,SETUP!A3)>0.005,COUNTIF(C$3:C$290,SETUP!A3),"") | M8: =IF(SUMIF(C$3:C$290,SETUP!A3,E$3:E$290)>0.005,-K8/K$4,"") | N8: =IF(SUMIF(C$3:C$290,I8,$E$3:$E$290)>0.005,K8/L8,"") | O8: Expenditures
D9: =IF(SETUP!$B$122<>"",SETUP!$B$122,"") | I9: =IF(SETUP!A4<>"",SETUP!A4,"") | J9: =IF(SETUP!B4<>"",SETUP!B4,"") | K9: =IF(SUMIF(C$3:C$290,SETUP!A4,E$3:E$290)>0.005,SUMIF(C$3:C$290,SETUP!A4,E$3:E$290),"") | L9: =IF(COUNTIF(C$3:C$290,SETUP!A4)>0.005,COUNTIF(C$3:C$290,SETUP!A4),"") | M9: =IF(SUMIF(C$3:C$290,SETUP!A4,E$3:E$290)>0.005,-K9/K$4,"") | N9: =IF(SUMIF(C$3:C$290,I9,$E$3:$E$290)>0.005,K9/L9,"")
D10: =IF(SETUP!$B$123<>"",SETUP!$B$123,"") | I10: =IF(SETUP!A5<>"",SETUP!A5,"") | J10: =IF(SETUP!B5<>"",SETUP!B5,"") | K10: =IF(SUMIF(C$3:C$290,SETUP!A5,E$3:E$290)>0.005,SUMIF(C$3:C$290,SETUP!A5,E$3:E$290),"") | L10: =IF(COUNTIF(C$3:C$290,SETUP!A5)>0.005,COUNTIF(C$3:C$290,SETUP!A5),"") | M10: =IF(SUMIF(C$3:C$290,SETUP!A5,E$3:E$290)>0.005,-K10/K$4,"") | N10: =IF(SUMIF(C$3:C$290,I10,$E$3:$E$290)>0.005,K10/L10,"")
D11: =IF(SETUP!$B$124<>"",SETUP!$B$124,"") | I11: =IF(SETUP!A6<>"",SETUP!A6,"") | J11: =IF(SETUP!B6<>"",SETUP!B6,"") | K11: =IF(SUMIF(C$3:C$290,SETUP!A6,E$3:E$290)>0.005,SUMIF(C$3:C$290,SETUP!A6,E$3:E$290),"") | L11: =IF(COUNTIF(C$3:C$290,SETUP!A6)>0.005,COUNTIF(C$3:C$290,SETUP!A6),"") | M11: =IF(SUMIF(C$3:C$290,SETUP!A6,E$3:E$290)>0.005,-K11/K$4,"") | N11: =IF(SUMIF(C$3:C$290,I11,$E$3:$E$290)>0.005,K11/L11,"")
D12: =IF(SETUP!$B$125<>"",SETUP!$B$125,"") | I12: =IF(SETUP!A7<>"",SETUP!A7,"") | J12: =IF(SETUP!B7<>"",SETUP!B7,"") | K12: =IF(SUMIF(C$3:C$290,SETUP!A7,E$3:E$290)>0.005,SUMIF(C$3:C$290,SETUP!A7,E$3:E$290),"") | L12: =IF(COUNTIF(C$3:C$290,SETUP!A7)>0.005,COUNTIF(C$3:C$290,SETUP!A7),"") | M12: =IF(SUMIF(C$3:C$290,SETUP!A7,E$3:E$290)>0.005,-K12/K$4,"") | N12: =IF(SUMIF(C$3:C$290,I12,$E$3:$E$290)>0.005,K12/L12,"")
D13: =IF(SETUP!$B$126<>"",SETUP!$B$126,"") | I13: =IF(SETUP!A8<>"",SETUP!A8,"") | J13: =IF(SETUP!B8<>"",SETUP!B8,"") | K13: =IF(SUMIF(C$3:C$290,SETUP!A8,E$3:E$290)>0.005,SUMIF(C$3:C$290,SETUP!A8,E$3:E$290),"") | L13: =IF(COUNTIF(C$3:C$290,SETUP!A8)>0.005,COUNTIF(C$3:C$290,SETUP!A8),"") | M13: =IF(SUMIF(C$3:C$290,SETUP!A8,E$3:E$290)>0.005,-K13/K$4,"") | N13: =IF(SUMIF(C$3:C$290,I13,$E$3:$E$290)>0.005,K13/L13,"")
D14: =IF(SETUP!$B$127<>"",SETUP!$B$127,"") | I14: =IF(SETUP!A9<>"",SETUP!A9,"") | J14: =IF(SETUP!B9<>"",SETUP!B9,"") | K14: =IF(SUMIF(C$3:C$290,SETUP!A9,E$3:E$290)>0.005,SUMIF(C$3:C$290,SETUP!A9,E$3:E$290),"") | L14: =IF(COUNTIF(C$3:C$290,SETUP!A9)>0.005,COUNTIF(C$3:C$290,SETUP!A9),"") | M14: =IF(SUMIF(C$3:C$290,SETUP!A9,E$3:E$290)>0.005,-K14/K$4,"") | N14: =IF(SUMIF(C$3:C$290,I14,$E$3:$E$290)>0.005,K14/L14,"")
D15: =IF(SETUP!$B$128<>"",SETUP!$B$128,"") | I15: =IF(SETUP!A10<>"",SETUP!A10,"") | J15: =IF(SETUP!B10<>"",SETUP!B10,"") | K15: =IF(SUMIF(C$3:C$290,SETUP!A10,E$3:E$290)>0.005,SUMIF(C$3:C$290,SETUP!A10,E$3:E$290),"") | L15: =IF(COUNTIF(C$3:C$290,SETUP!A10)>0.005,COUNTIF(C$3:C$290,SETUP!A10),"") | M15: =IF(SUMIF(C$3:C$290,SETUP!A10,E$3:E$290)>0.005,-K15/K$4,"") | N15: =IF(SUMIF(C$3:C$290,I15,$E$3:$E$290)>0.005,K15/L15,"")
D16: =IF(SETUP!$B$129<>"",SETUP!$B$129,"") | I16: =IF(SETUP!A11<>"",SETUP!A11,"") | J16: =IF(SETUP!B11<>"",SETUP!B11,"") | K16: =IF(SUMIF(C$3:C$290,SETUP!A11,E$3:E$290)>0.005,SUMIF(C$3:C$290,SETUP!A11,E$3:E$290),"") | L16: =IF(COUNTIF(C$3:C$290,SETUP!A11)>0.005,COUNTIF(C$3:C$290,SETUP!A11),"") | M16: =IF(SUMIF(C$3:C$290,SETUP!A11,E$3:E$290)>0.005,-K16/K$4,"") | N16: =IF(SUMIF(C$3:C$290,I16,$E$3:$E$290)>0.005,K16/L16,"") | P16: Copyright by Minh Tan 2012 - digitalcitizen.ca
D17: =IF(SETUP!$B$130<>"",SETUP!$B$130,"") | I17: =IF(SETUP!A12<>"",SETUP!A12,"") | J17: =IF(SETUP!B12<>"",SETUP!B12,"") | K17: =IF(SUMIF(C$3:C$290,SETUP!A12,E$3:E$290)>0.005,SUMIF(C$3:C$290,SETUP!A12,E$3:E$290),"") | L17: =IF(COUNTIF(C$3:C$290,SETUP!A12)>0.005,COUNTIF(C$3:C$290,SETUP!A12),"") | M17: =IF(SUMIF(C$3:C$290,SETUP!A12,E$3:E$290)>0.005,-K17/K$4,"") | N17: =IF(SUMIF(C$3:C$290,I17,$E$3:$E$290)>0.005,K17/L17,"")
D18: =IF(SETUP!$B$131<>"",SETUP!$B$131,"") | I18: =IF(SETUP!A13<>"",SETUP!A13,"") | J18: =IF(SETUP!B13<>"",SETUP!B13,"") | K18: =IF(SUMIF(C$3:C$290,SETUP!A13,E$3:E$290)>0.005,SUMIF(C$3:C$290,SETUP!A13,E$3:E$290),"") | L18: =IF(COUNTIF(C$3:C$290,SETUP!A13)>0.005,COUNTIF(C$3:C$290,SETUP!A13),"") | M18: =IF(SUMIF(C$3:C$290,SETUP!A13,E$3:E$290)>0.005,-K18/K$4,"") | N18: =IF(SUMIF(C$3:C$290,I18,$E$3:$E$290)>0.005,K18/L18,"")
D19: =IF(SETUP!$B$132<>"",SETUP!$B$132,"") | I19: =IF(SETUP!A14<>"",SETUP!A14,"") | J19: =IF(SETUP!B14<>"",SETUP!B14,"") | K19: =IF(SUMIF(C$3:C$290,SETUP!A14,E$3:E$290)>0.005,SUMIF(C$3:C$290,SETUP!A14,E$3:E$290),"") | L19: =IF(COUNTIF(C$3:C$290,SETUP!A14)>0.005,COUNTIF(C$3:C$290,SETUP!A14),"") | M19: =IF(SUMIF(C$3:C$290,SETUP!A14,E$3:E$290)>0.005,-K19/K$4,"") | N19: =IF(SUMIF(C$3:C$290,I19,$E$3:$E$290)>0.005,K19/L19,"")
D20: =IF(SETUP!$B$133<>"",SETUP!$B$133,"") | I20: =IF(SETUP!A15<>"",SETUP!A15,"") | J20: =IF(SETUP!B15<>"",SETUP!B15,"") | K20: =IF(SUMIF(C$3:C$290,SETUP!A15,E$3:E$290)>0.005,SUMIF(C$3:C$290,SETUP!A15,E$3:E$290),"") | L20: =IF(COUNTIF(C$3:C$290,SETUP!A15)>0.005,COUNTIF(C$3:C$290,SETUP!A15),"") | M20: =IF(SUMIF(C$3:C$290,SETUP!A15,E$3:E$290)>0.005,-K20/K$4,"") | N20: =IF(SUMIF(C$3:C$290,I20,$E$3:$E$290)>0.005,K20/L20,"")
D21: =IF(SETUP!$B$134<>"",SETUP!$B$134,"") | I21: =IF(SETUP!A16<>"",SETUP!A16,"") | J21: =IF(SETUP!B16<>"",SETUP!B16,"") | K21: =IF(SUMIF(C$3:C$290,SETUP!A16,E$3:E$290)>0.005,SUMIF(C$3:C$290,SETUP!A16,E$3:E$290),"") | L21: =IF(COUNTIF(C$3:C$290,SETUP!A16)>0.005,COUNTIF(C$3:C$290,SETUP!A16),"") | M21: =IF(SUMIF(C$3:C$290,SETUP!A16,E$3:E$290)>0.005,-K21/K$4,"") | N21: =IF(SUMIF(C$3:C$290,I21,$E$3:$E$290)>0.005,K21/L21,"")
D22: =IF(SETUP!$B$135<>"",SETUP!$B$135,"") | I22: =IF(SETUP!A17<>"",SETUP!A17,"") | J22: =IF(SETUP!B17<>"",SETUP!B17,"") | K22: =IF(SUMIF(C$3:C$290,SETUP!A17,E$3:E$290)>0.005,SUMIF(C$3:C$290,SETUP!A17,E$3:E$290),"") | L22: =IF(COUNTIF(C$3:C$290,SETUP!A17)>0.005,COUNTIF(C$3:C$290,SETUP!A17),"") | M22: =IF(SUMIF(C$3:C$290,SETUP!A17,E$3:E$290)>0.005,-K22/K$4,"") | N22: =IF(SUMIF(C$3:C$290,I22,$E$3:$E$290)>0.005,K22/L22,"")
D23: =IF(SETUP!$B$136<>"",SETUP!$B$136,"") | I23: =IF(SETUP!A18<>"",SETUP!A18,"") | J23: =IF(SETUP!B18<>"",SETUP!B18,"") | K23: =IF(SUMIF(C$3:C$290,SETUP!A18,E$3:E$290)>0.005,SUMIF(C$3:C$290,SETUP!A18,E$3:E$290),"") | L23: =IF(COUNTIF(C$3:C$290,SETUP!A18)>0.005,COUNTIF(C$3:C$290,SETUP!A18),"") | M23: =IF(SUMIF(C$3:C$290,SETUP!A18,E$3:E$290)>0.005,-K23/K$4,"") | N23: =IF(SUMIF(C$3:C$290,I23,$E$3:$E$290)>0.005,K23/L23,"")
D24: =IF(SETUP!$B$137<>"",SETUP!$B$137,"") | I24: =IF(SETUP!A19<>"",SETUP!A19,"") | J24: =IF(SETUP!B19<>"",SETUP!B19,"") | K24: =IF(SUMIF(C$3:C$290,SETUP!A19,E$3:E$290)>0.005,SUMIF(C$3:C$290,SETUP!A19,E$3:E$290),"") | L24: =IF(COUNTIF(C$3:C$290,SETUP!A19)>0.005,COUNTIF(C$3:C$290,SETUP!A19),"") | M24: =IF(SUMIF(C$3:C$290,SETUP!A19,E$3:E$290)>0.005,-K24/K$4,"") | N24: =IF(SUMIF(C$3:C$290,I24,$E$3:$E$290)>0.005,K24/L24,"")
D25: =IF(SETUP!$B$138<>"",SETUP!$B$138,"") | I25: =IF(SETUP!A20<>"",SETUP!A20,"") | J25: =IF(SETUP!B20<>"",SETUP!B20,"") | K25: =IF(SUMIF(C$3:C$290,SETUP!A20,E$3:E$290)>0.005,SUMIF(C$3:C$290,SETUP!A20,E$3:E$290),"") | L25: =IF(COUNTIF(C$3:C$290,SETUP!A20)>0.005,COUNTIF(C$3:C$290,SETUP!A20),"") | M25: =IF(SUMIF(C$3:C$290,SETUP!A20,E$3:E$290)>0.005,-K25/K$4,"") | N25: =IF(SUMIF(C$3:C$290,I25,$E$3:$E$290)>0.005,K25/L25,"") | O25: Expenditures
D26: =IF(SETUP!$B$139<>"",SETUP!$B$139,"Blue spaces reserved for repeating monthly items") -> Blue spaces reserved for repeating monthly items | I26: =IF(SETUP!A21<>"",SETUP!A21,"") | J26: =IF(SETUP!B21<>"",SETUP!B21,"") | K26: =IF(SUMIF(C$3:C$290,SETUP!A21,E$3:E$290)>0.005,SUMIF(C$3:C$290,SETUP!A21,E$3:E$290),"") | L26: =IF(COUNTIF(C$3:C$290,SETUP!A21)>0.005,COUNTIF(C$3:C$290,SETUP!A21),"") | M26: =IF(SUMIF(C$3:C$290,SETUP!A21,E$3:E$290)>0.005,-K26/K$4,"") | N26: =IF(SUMIF(C$3:C$290,I26,$E$3:$E$290)>0.005,K26/L26,"")
I27: =IF(SETUP!A22<>"",SETUP!A22,"") | J27: =IF(SETUP!B22<>"",SETUP!B22,"") | K27: =IF(SUMIF(C$3:C$290,SETUP!A22,E$3:E$290)>0.005,SUMIF(C$3:C$290,SETUP!A22,E$3:E$290),"") | L27: =IF(COUNTIF(C$3:C$290,SETUP!A22)>0.005,COUNTIF(C$3:C$290,SETUP!A22),"") | M27: =IF(SUMIF(C$3:C$290,SETUP!A22,E$3:E$290)>0.005,-K27/K$4,"") | N27: =IF(SUMIF(C$3:C$290,I27,$E$3:$E$290)>0.005,K27/L27,"")
I28: =IF(SETUP!A23<>"",SETUP!A23,"") | J28: =IF(SETUP!B23<>"",SETUP!B23,"") | K28: =IF(SUMIF(C$3:C$290,SETUP!A23,E$3:E$290)>0.005,SUMIF(C$3:C$290,SETUP!A23,E$3:E$290),"") | L28: =IF(COUNTIF(C$3:C$290,SETUP!A23)>0.005,COUNTIF(C$3:C$290,SETUP!A23),"") | M28: =IF(SUMIF(C$3:C$290,SETUP!A23,E$3:E$290)>0.005,-K28/K$4,"") | N28: =IF(SUMIF(C$3:C$290,I28,$E$3:$E$290)>0.005,K28/L28,"")
I29: =IF(SETUP!A24<>"",SETUP!A24,"") | J29: =IF(SETUP!B24<>"",SETUP!B24,"") | K29: =IF(SUMIF(C$3:C$290,SETUP!A24,E$3:E$290)>0.005,SUMIF(C$3:C$290,SETUP!A24,E$3:E$290),"") | L29: =IF(COUNTIF(C$3:C$290,SETUP!A24)>0.005,COUNTIF(C$3:C$290,SETUP!A24),"") | M29: =IF(SUMIF(C$3:C$290,SETUP!A24,E$3:E$290)>0.005,-K29/K$4,"") | N29: =IF(SUMIF(C$3:C$290,I29,$E$3:$E$290)>0.005,K29/L29,"")
I30: =IF(SETUP!A25<>"",SETUP!A25,"") | J30: =IF(SETUP!B25<>"",SETUP!B25,"") | K30: =IF(SUMIF(C$3:C$290,SETUP!A25,E$3:E$290)>0.005,SUMIF(C$3:C$290,SETUP!A25,E$3:E$290),"") | L30: =IF(COUNTIF(C$3:C$290,SETUP!A25)>0.005,COUNTIF(C$3:C$290,SETUP!A25),"") | M30: =IF(SUMIF(C$3:C$290,SETUP!A25,E$3:E$290)>0.005,-K30/K$4,"") | N30: =IF(SUMIF(C$3:C$290,I30,$E$3:$E$290)>0.005,K30/L30,"")
I31: =IF(SETUP!A26<>"",SETUP!A26,"") | J31: =IF(SETUP!B26<>"",SETUP!B26,"") | K31: =IF(SUMIF(C$3:C$290,SETUP!A26,E$3:E$290)>0.005,SUMIF(C$3:C$290,SETUP!A26,E$3:E$290),"") | L31: =IF(COUNTIF(C$3:C$290,SETUP!A26)>0.005,COUNTIF(C$3:C$290,SETUP!A26),"") | M31: =IF(SUMIF(C$3:C$290,SETUP!A26,E$3:E$290)>0.005,-K31/K$4,"") | N31: =IF(SUMIF(C$3:C$290,I31,$E$3:$E$290)>0.005,K31/L31,"") | P31: Copyright by Minh Tan 2012 - digitalcitizen.ca
I32: =IF(SETUP!A27<>"",SETUP!A27,"") | J32: =IF(SETUP!B27<>"",SETUP!B27,"") | K32: =IF(SUMIF(C$3:C$290,SETUP!A27,E$3:E$290)>0.005,SUMIF(C$3:C$290,SETUP!A27,E$3:E$290),"") | L32: =IF(COUNTIF(C$3:C$290,SETUP!A27)>0.005,COUNTIF(C$3:C$290,SETUP!A27),"") | M32: =IF(SUMIF(C$3:C$290,SETUP!A27,E$3:E$290)>0.005,-K32/K$4,"") | N32: =IF(SUMIF(C$3:C$290,I32,$E$3:$E$290)>0.005,K32/L32,"")
I33: =IF(SETUP!A28<>"",SETUP!A28,"") | J33: =IF(SETUP!B28<>"",SETUP!B28,"") | K33: =IF(SUMIF(C$3:C$290,SETUP!A28,E$3:E$290)>0.005,SUMIF(C$3:C$290,SETUP!A28,E$3:E$290),"") | L33: =IF(COUNTIF(C$3:C$290,SETUP!A28)>0.005,COUNTIF(C$3:C$290,SETUP!A28),"") | M33: =IF(SUMIF(C$3:C$290,SETUP!A28,E$3:E$290)>0.005,-K33/K$4,"") | N33: =IF(SUMIF(C$3:C$290,I33,$E$3:$E$290)>0.005,K33/L33,"")
I34: =IF(SETUP!A29<>"",SETUP!A29,"") | J34: =IF(SETUP!B29<>"",SETUP!B29,"") | K34: =IF(SUMIF(C$3:C$290,SETUP!A29,E$3:E$290)>0.005,SUMIF(C$3:C$290,SETUP!A29,E$3:E$290),"") | L34: =IF(COUNTIF(C$3:C$290,SETUP!A29)>0.005,COUNTIF(C$3:C$290,SETUP!A29),"") | M34: =IF(SUMIF(C$3:C$290,SETUP!A29,E$3:E$290)>0.005,-K34/K$4,"") | N34: =IF(SUMIF(C$3:C$290,I34,$E$3:$E$290)>0.005,K34/L34,"")
I35: =IF(SETUP!A30<>"",SETUP!A30,"") | J35: =IF(SETUP!B30<>"",SETUP!B30,"") | K35: =IF(SUMIF(C$3:C$290,SETUP!A30,E$3:E$290)>0.005,SUMIF(C$3:C$290,SETUP!A30,E$3:E$290),"") | L35: =IF(COUNTIF(C$3:C$290,SETUP!A30)>0.005,COUNTIF(C$3:C$290,SETUP!A30),"") | M35: =IF(SUMIF(C$3:C$290,SETUP!A30,E$3:E$290)>0.005,-K35/K$4,"") | N35: =IF(SUMIF(C$3:C$290,I35,$E$3:$E$290)>0.005,K35/L35,"")
I36: =IF(SETUP!A31<>"",SETUP!A31,"") | J36: =IF(SETUP!B31<>"",SETUP!B31,"") | K36: =IF(SUMIF(C$3:C$290,SETUP!A31,E$3:E$290)>0.005,SUMIF(C$3:C$290,SETUP!A31,E$3:E$290),"") | L36: =IF(COUNTIF(C$3:C$290,SETUP!A31)>0.005,COUNTIF(C$3:C$290,SETUP!A31),"") | M36: =IF(SUMIF(C$3:C$290,SETUP!A31,E$3:E$290)>0.005,-K36/K$4,"") | N36: =IF(SUMIF(C$3:C$290,I36,$E$3:$E$290)>0.005,K36/L36,"")
I37: =IF(SETUP!A32<>"",SETUP!A32,"") | J37: =IF(SETUP!B32<>"",SETUP!B32,"") | K37: =IF(SUMIF(C$3:C$290,SETUP!A32,E$3:E$290)>0.005,SUMIF(C$3:C$290,SETUP!A32,E$3:E$290),"") | L37: =IF(COUNTIF(C$3:C$290,SETUP!A32)>0.005,COUNTIF(C$3:C$290,SETUP!A32),"") | M37: =IF(SUMIF(C$3:C$290,SETUP!A32,E$3:E$290)>0.005,-K37/K$4,"") | N37: =IF(SUMIF(C$3:C$290,I37,$E$3:$E$290)>0.005,K37/L37,"")
I38: =IF(SETUP!A33<>"",SETUP!A33,"") | J38: =IF(SETUP!B33<>"",SETUP!B33,"") | K38: =IF(SUMIF(C$3:C$290,SETUP!A33,E$3:E$290)>0.005,SUMIF(C$3:C$290,SETUP!A33,E$3:E$290),"") | L38: =IF(COUNTIF(C$3:C$290,SETUP!A33)>0.005,COUNTIF(C$3:C$290,SETUP!A33),"") | M38: =IF(SUMIF(C$3:C$290,SETUP!A33,E$3:E$290)>0.005,-K38/K$4,"") | N38: =IF(SUMIF(C$3:C$290,I38,$E$3:$E$290)>0.005,K38/L38,"")
I39: =IF(SETUP!A34<>"",SETUP!A34,"") | J39: =IF(SETUP!B34<>"",SETUP!B34,"") | K39: =IF(SUMIF(C$3:C$290,SETUP!A34,E$3:E$290)>0.005,SUMIF(C$3:C$290,SETUP!A34,E$3:E$290),"") | L39: =IF(COUNTIF(C$3:C$290,SETUP!A34)>0.005,COUNTIF(C$3:C$290,SETUP!A34),"") | M39: =IF(SUMIF(C$3:C$290,SETUP!A34,E$3:E$290)>0.005,-K39/K$4,"") | N39: =IF(SUMIF(C$3:C$290,I39,$E$3:$E$290)>0.005,K39/L39,"")
I40: =IF(SETUP!A35<>"",SETUP!A35,"") | J40: =IF(SETUP!B35<>"",SETUP!B35,"") | K40: =IF(SUMIF(C$3:C$290,SETUP!A35,E$3:E$290)>0.005,SUMIF(C$3:C$290,SETUP!A35,E$3:E$290),"") | L40: =IF(COUNTIF(C$3:C$290,SETUP!A35)>0.005,COUNTIF(C$3:C$290,SETUP!A35),"") | M40: =IF(SUMIF(C$3:C$290,SETUP!A35,E$3:E$290)>0.005,-K40/K$4,"") | N40: =IF(SUMIF(C$3:C$290,I40,$E$3:$E$290)>0.005,K40/L40,"")
I41: =IF(SETUP!A36<>"",SETUP!A36,"") | J41: =IF(SETUP!B36<>"",SETUP!B36,"") | K41: =IF(SUMIF(C$3:C$290,SETUP!A36,E$3:E$290)>0.005,SUMIF(C$3:C$290,SETUP!A36,E$3:E$290),"") | L41: =IF(COUNTIF(C$3:C$290,SETUP!A36)>0.005,COUNTIF(C$3:C$290,SETUP!A36),"") | M41: =IF(SUMIF(C$3:C$290,SETUP!A36,E$3:E$290)>0.005,-K41/K$4,"") | N41: =IF(SUMIF(C$3:C$290,I41,$E$3:$E$290)>0.005,K41/L41,"") | O41: Expenditures
I42: =IF(SETUP!A37<>"",SETUP!A37,"") | J42: =IF(SETUP!B37<>"",SETUP!B37,"") | K42: =IF(SUMIF(C$3:C$290,SETUP!A37,E$3:E$290)>0.005,SUMIF(C$3:C$290,SETUP!A37,E$3:E$290),"") | L42: =IF(COUNTIF(C$3:C$290,SETUP!A37)>0.005,COUNTIF(C$3:C$290,SETUP!A37),"") | M42: =IF(SUMIF(C$3:C$290,SETUP!A37,E$3:E$290)>0.005,-K42/K$4,"") | N42: =IF(SUMIF(C$3:C$290,I42,$E$3:$E$290)>0.005,K42/L42,"")
I43: =IF(SETUP!A38<>"",SETUP!A38,"") | J43: =IF(SETUP!B38<>"",SETUP!B38,"") | K43: =IF(SUMIF(C$3:C$290,SETUP!A38,E$3:E$290)>0.005,SUMIF(C$3:C$290,SETUP!A38,E$3:E$290),"") | L43: =IF(COUNTIF(C$3:C$290,SETUP!A38)>0.005,COUNTIF(C$3:C$290,SETUP!A38),"") | M43: =IF(SUMIF(C$3:C$290,SETUP!A38,E$3:E$290)>0.005,-K43/K$4,"") | N43: =IF(SUMIF(C$3:C$290,I43,$E$3:$E$290)>0.005,K43/L43,"")
I44: =IF(SETUP!A39<>"",SETUP!A39,"") | J44: =IF(SETUP!B39<>"",SETUP!B39,"") | K44: =IF(SUMIF(C$3:C$290,SETUP!A39,E$3:E$290)>0.005,SUMIF(C$3:C$290,SETUP!A39,E$3:E$290),"") | L44: =IF(COUNTIF(C$3:C$290,SETUP!A39)>0.005,COUNTIF(C$3:C$290,SETUP!A39),"") | M44: =IF(SUMIF(C$3:C$290,SETUP!A39,E$3:E$290)>0.005,-K44/K$4,"") | N44: =IF(SUMIF(C$3:C$290,I44,$E$3:$E$290)>0.005,K44/L44,"")
I45: =IF(SETUP!A40<>"",SETUP!A40,"") | J45: =IF(SETUP!B40<>"",SETUP!B40,"") | K45: =IF(SUMIF(C$3:C$290,SETUP!A40,E$3:E$290)>0.005,SUMIF(C$3:C$290,SETUP!A40,E$3:E$290),"") | L45: =IF(COUNTIF(C$3:C$290,SETUP!A40)>0.005,COUNTIF(C$3:C$290,SETUP!A40),"") | M45: =IF(SUMIF(C$3:C$290,SETUP!A40,E$3:E$290)>0.005,-K45/K$4,"") | N45: =IF(SUMIF(C$3:C$290,I45,$E$3:$E$290)>0.005,K45/L45,"")
I46: =IF(SETUP!A41<>"",SETUP!A41,"") | J46: =IF(SETUP!B41<>"",SETUP!B41,"") | K46: =IF(SUMIF(C$3:C$290,SETUP!A41,E$3:E$290)>0.005,SUMIF(C$3:C$290,SETUP!A41,E$3:E$290),"") | L46: =IF(COUNTIF(C$3:C$290,SETUP!A41)>0.005,COUNTIF(C$3:C$290,SETUP!A41),"") | M46: =IF(SUMIF(C$3:C$290,SETUP!A41,E$3:E$290)>0.005,-K46/K$4,"") | N46: =IF(SUMIF(C$3:C$290,I46,$E$3:$E$290)>0.005,K46/L46,"") | P46: Copyright by Minh Tan 2012 - digitalcitizen.ca
I47: =IF(SETUP!A42<>"",SETUP!A42,"") | J47: =IF(SETUP!B42<>"",SETUP!B42,"") | K47: =IF(SUMIF(C$3:C$290,SETUP!A42,E$3:E$290)>0.005,SUMIF(C$3:C$290,SETUP!A42,E$3:E$290),"") | L47: =IF(COUNTIF(C$3:C$290,SETUP!A42)>0.005,COUNTIF(C$3:C$290,SETUP!A42),"") | M47: =IF(SUMIF(C$3:C$290,SETUP!A42,E$3:E$290)>0.005,-K47/K$4,"") | N47: =IF(SUMIF(C$3:C$290,I47,$E$3:$E$290)>0.005,K47/L47,"")
I48: =IF(SETUP!A43<>"",SETUP!A43,"") | J48: =IF(SETUP!B43<>"",SETUP!B43,"") | K48: =IF(SUMIF(C$3:C$290,SETUP!A43,E$3:E$290)>0.005,SUMIF(C$3:C$290,SETUP!A43,E$3:E$290),"") | L48: =IF(COUNTIF(C$3:C$290,SETUP!A43)>0.005,COUNTIF(C$3:C$290,SETUP!A43),"") | M48: =IF(SUMIF(C$3:C$290,SETUP!A43,E$3:E$290)>0.005,-K48/K$4,"") | N48: =IF(SUMIF(C$3:C$290,I48,$E$3:$E$290)>0.005,K48/L48,"")
I49: =IF(SETUP!A44<>"",SETUP!A44,"") | J49: =IF(SETUP!B44<>"",SETUP!B44,"") | K49: =IF(SUMIF(C$3:C$290,SETUP!A44,E$3:E$290)>0.005,SUMIF(C$3:C$290,SETUP!A44,E$3:E$290),"") | L49: =IF(COUNTIF(C$3:C$290,SETUP!A44)>0.005,COUNTIF(C$3:C$290,SETUP!A44),"") | M49: =IF(SUMIF(C$3:C$290,SETUP!A44,E$3:E$290)>0.005,-K49/K$4,"") | N49: =IF(SUMIF(C$3:C$290,I49,$E$3:$E$290)>0.005,K49/L49,"")
I50: =IF(SETUP!A45<>"",SETUP!A45,"") | J50: =IF(SETUP!B45<>"",SETUP!B45,"") | K50: =IF(SUMIF(C$3:C$290,SETUP!A45,E$3:E$290)>0.005,SUMIF(C$3:C$290,SETUP!A45,E$3:E$290),"") | L50: =IF(COUNTIF(C$3:C$290,SETUP!A45)>0.005,COUNTIF(C$3:C$290,SETUP!A45),"") | M50: =IF(SUMIF(C$3:C$290,SETUP!A45,E$3:E$290)>0.005,-K50/K$4,"") | N50: =IF(SUMIF(C$3:C$290,I50,$E$3:$E$290)>0.005,K50/L50,"")
I51: =IF(SETUP!A46<>"",SETUP!A46,"") | J51: =IF(SETUP!B46<>"",SETUP!B46,"") | K51: =IF(SUMIF(C$3:C$290,SETUP!A46,E$3:E$290)>0.005,SUMIF(C$3:C$290,SETUP!A46,E$3:E$290),"") | L51: =IF(COUNTIF(C$3:C$290,SETUP!A46)>0.005,COUNTIF(C$3:C$290,SETUP!A46),"") | M51: =IF(SUMIF(C$3:C$290,SETUP!A46,E$3:E$290)>0.005,-K51/K$4,"") | N51: =IF(SUMIF(C$3:C$290,I51,$E$3:$E$290)>0.005,K51/L51,"")
I52: =IF(SETUP!A47<>"",SETUP!A47,"") | J52: =IF(SETUP!B47<>"",SETUP!B47,"") | K52: =IF(SUMIF(C$3:C$290,SETUP!A47,E$3:E$290)>0.005,SUMIF(C$3:C$290,SETUP!A47,E$3:E$290),"") | L52: =IF(COUNTIF(C$3:C$290,SETUP!A47)>0.005,COUNTIF(C$3:C$290,SETUP!A47),"") | M52: =IF(SUMIF(C$3:C$290,SETUP!A47,E$3:E$290)>0.005,-K52/K$4,"") | N52: =IF(SUMIF(C$3:C$290,I52,$E$3:$E$290)>0.005,K52/L52,"")
J53: =IF(SETUP!B48<>"",SETUP!B48,"") | K53: =IF(K$4<0,SUMIF($I$8:$I$52,SETUP!$G$5,$K$8:$K$52)+SUMIF($I$8:$I$52,SETUP!$G$6,$K$8:$K$52)+SUMIF($I$8:$I$52,SETUP!$G$7,$K$8:$K$52)+SUMIF($I$8:$I$52,SETUP!$G$8,$K$8:$K$52)+SUMIF($I$8:$I$52,SETUP!$G$9,$K$8:$K$52),"") | L53: =IF(K$4<0,SUMIF($I$8:$I$52,SETUP!$G$5,$L$8:$L$52)+SUMIF($I$8:$I$52,SETUP!$G$6,$L$8:$L$52)+SUMIF($I$8:$I$52,SETUP!$G$7,$L$8:$L$52)+SUMIF($I$8:$I$52,SETUP!$G$8,$L$8:$L$52)+SUMIF($I$8:$I$52,SETUP!$G$9,$L$8:$L$52),"") | M53: =IF(ISERROR(IF(K53>0.005,-K53/K$4,"")),"",-K53/K$4) | N53: =IF(AND(SUM(E$3:$E$290),L53>0.005),K53/L53,"")
J54: =IF(SETUP!B49<>"",SETUP!B49,"") | K54: =IF(K$4<0,SUMIF($I$8:$I$52,SETUP!$G$12,$K$8:$K$52)+SUMIF($I$8:$I$52,SETUP!$G$13,$K$8:$K$52)+SUMIF($I$8:$I$52,SETUP!$G$14,$K$8:$K$52)+SUMIF($I$8:$I$52,SETUP!$G$15,$K$8:$K$52)+SUMIF($I$8:$I$52,SETUP!$G$16,$K$8:$K$52),"") | L54: =IF(K$4<0,SUMIF($I$8:$I$52,SETUP!$G$12,$L$8:$L$52)+SUMIF($I$8:$I$52,SETUP!$G$13,$L$8:$L$52)+SUMIF($I$8:$I$52,SETUP!$G$14,$L$8:$L$52)+SUMIF($I$8:$I$52,SETUP!$G$15,$L$8:$L$52)+SUMIF($I$8:$I$52,SETUP!$G$16,$L$8:$L$52),"") | M54: =IF(ISERROR(IF(K54>0.005,-K54/K$4,"")),"",-K54/K$4) | N54: =IF(AND(SUM(E$3:$E$290),L54>0.005),K54/L54,"")
J55: =IF(SETUP!B50<>"",SETUP!B50,"") | K55: =IF(K$4<0,SUMIF($I$8:$I$52,SETUP!$G$19,$K$8:$K$52)+SUMIF($I$8:$I$52,SETUP!$G$20,$K$8:$K$52)+SUMIF($I$8:$I$52,SETUP!$G$21,$K$8:$K$52)+SUMIF($I$8:$I$52,SETUP!$G$22,$K$8:$K$52)+SUMIF($I$8:$I$52,SETUP!$G$23,$K$8:$K$52),"") | L55: =IF(K$4<0,SUMIF($I$8:$I$52,SETUP!$G$19,$L$8:$L$52)+SUMIF($I$8:$I$52,SETUP!$G$20,$L$8:$L$52)+SUMIF($I$8:$I$52,SETUP!$G$21,$L$8:$L$52)+SUMIF($I$8:$I$52,SETUP!$G$22,$L$8:$L$52)+SUMIF($I$8:$I$52,SETUP!$G$23,$L$8:$L$52),"") | M55: =IF(ISERROR(IF(K55>0.005,-K55/K$4,"")),"",-K55/K$4) | N55: =IF(AND(SUM(E$3:$E$290),L55>0.005),K55/L55,"")
J56: =IF(SETUP!B51<>"",SETUP!B51,"") | K56: =IF(K$4<0,SUMIF($I$8:$I$52,SETUP!$G$26,$K$8:$K$52)+SUMIF($I$8:$I$52,SETUP!$G$27,$K$8:$K$52)+SUMIF($I$8:$I$52,SETUP!$G$28,$K$8:$K$52)+SUMIF($I$8:$I$52,SETUP!$G$29,$K$8:$K$52)+SUMIF($I$8:$I$52,SETUP!$G$30,$K$8:$K$52),"") | L56: =IF(K$4<0,SUMIF($I$8:$I$52,SETUP!$G$26,$L$8:$L$52)+SUMIF($I$8:$I$52,SETUP!$G$27,$L$8:$L$52)+SUMIF($I$8:$I$52,SETUP!$G$28,$L$8:$L$52)+SUMIF($I$8:$I$52,SETUP!$G$29,$L$8:$L$52)+SUMIF($I$8:$I$52,SETUP!$G$30,$L$8:$L$52),"") | M56: =IF(ISERROR(IF(K56>0.005,-K56/K$4,"")),"",-K56/K$4) | N56: =IF(AND(SUM(E$3:$E$290),L56>0.005),K56/L56,"")
J57: =IF(SETUP!B52<>"",SETUP!B52,"") | K57: =IF(K$4<0,SUMIF($I$8:$I$52,SETUP!$G$36,$K$8:$K$52)+SUMIF($I$8:$I$52,SETUP!$G$37,$K$8:$K$52)+SUMIF($I$8:$I$52,SETUP!$G$38,$K$8:$K$52)+SUMIF($I$8:$I$52,SETUP!$G$39,$K$8:$K$52)+SUMIF($I$8:$I$52,SETUP!$G$40,$K$8:$K$52),"") | L57: =IF(K$4<0,SUMIF($I$8:$I$52,SETUP!$G$36,$L$8:$L$52)+SUMIF($I$8:$I$52,SETUP!$G$37,$L$8:$L$52)+SUMIF($I$8:$I$52,SETUP!$G$38,$L$8:$L$52)+SUMIF($I$8:$I$52,SETUP!$G$39,$L$8:$L$52)+SUMIF($I$8:$I$52,SETUP!$G$40,$L$8:$L$52),"") | M57: =IF(ISERROR(IF(K57>0.005,-K57/K$4,"")),"",-K57/K$4) | N57: =IF(AND(SUM(E$3:$E$290),L57>0.005),K57/L57,"")
J58: Unclassified Spending | K58: =IF(ISERROR(IF(-SUM(K8:K52)-K4>0.005,-SUM(K8:K52)-K4,"")),"",-SUM(K8:K52)-K4) | L58: =IF(ISERROR(IF(-SUM(K8:K52)-K4>0.005,L4-SUM(L8:L52),"")),"",L4-SUM(L8:L52)) | M58: =IF(ISERROR(IF(-SUM(K8:K52)-K4>0.005,-K58/K4,"")),"",-K58/K4) | N58: =IF(ISERROR(IF(-SUM(K8:K52)-K4>0.005,K58/L58,"")),"",IF(K58>0.005,K58/L58,""))
I60: =IF(SETUP!A53<>"",SETUP!A53,"") | J60: =IF(SETUP!B53<>"",SETUP!B53,"") | K60: =IF(SUMIF(C$3:C$290,SETUP!A53,F$3:F$290)>0.005,SUMIF(C$3:C$290,SETUP!A53,F$3:F$290),"") | L60: =IF(COUNTIF(C$3:C$290,SETUP!A53)>0.005,COUNTIF(C$3:C$290,SETUP!A53),"") | M60: =IF(SUMIF(C$3:C$290,SETUP!A53,F$3:F$290)>0.005,K60/K$3,"") | N60: =IF(SUMIF(C$3:C$290,I60,$F$3:$F$290)>0.005,K60/L60,"") | O60: Income
I61: =IF(SETUP!A54<>"",SETUP!A54,"") | J61: =IF(SETUP!B54<>"",SETUP!B54,"") | K61: =IF(SUMIF(C$3:C$290,SETUP!A54,F$3:F$290)>0.005,SUMIF(C$3:C$290,SETUP!A54,F$3:F$290),"") | L61: =IF(COUNTIF(C$3:C$290,SETUP!A54)>0.005,COUNTIF(C$3:C$290,SETUP!A54),"") | M61: =IF(SUMIF(C$3:C$290,SETUP!A54,F$3:F$290)>0.005,K61/K$3,"") | N61: =IF(SUMIF(C$3:C$290,I61,$F$3:$F$290)>0.005,K61/L61,"") | P61: Copyright by Minh Tan 2012 - digitalcitizen.ca
I62: =IF(SETUP!A55<>"",SETUP!A55,"") | J62: =IF(SETUP!B55<>"",SETUP!B55,"") | K62: =IF(SUMIF(C$3:C$290,SETUP!A55,F$3:F$290)>0.005,SUMIF(C$3:C$290,SETUP!A55,F$3:F$290),"") | L62: =IF(COUNTIF(C$3:C$290,SETUP!A55)>0.005,COUNTIF(C$3:C$290,SETUP!A55),"") | M62: =IF(SUMIF(C$3:C$290,SETUP!A55,F$3:F$290)>0.005,K62/K$3,"") | N62: =IF(SUMIF(C$3:C$290,I62,$F$3:$F$290)>0.005,K62/L62,"")
I63: =IF(SETUP!A56<>"",SETUP!A56,"") | J63: =IF(SETUP!B56<>"",SETUP!B56,"") | K63: =IF(SUMIF(C$3:C$290,SETUP!A56,F$3:F$290)>0.005,SUMIF(C$3:C$290,SETUP!A56,F$3:F$290),"") | L63: =IF(COUNTIF(C$3:C$290,SETUP!A56)>0.005,COUNTIF(C$3:C$290,SETUP!A56),"") | M63: =IF(SUMIF(C$3:C$290,SETUP!A56,F$3:F$290)>0.005,K63/K$3,"") | N63: =IF(SUMIF(C$3:C$290,I63,$F$3:$F$290)>0.005,K63/L63,"")
I64: =IF(SETUP!A57<>"",SETUP!A57,"") | J64: =IF(SETUP!B57<>"",SETUP!B57,"") | K64: =IF(SUMIF(C$3:C$290,SETUP!A57,F$3:F$290)>0.005,SUMIF(C$3:C$290,SETUP!A57,F$3:F$290),"") | L64: =IF(COUNTIF(C$3:C$290,SETUP!A57)>0.005,COUNTIF(C$3:C$290,SETUP!A57),"") | M64: =IF(SUMIF(C$3:C$290,SETUP!A57,F$3:F$290)>0.005,K64/K$3,"") | N64: =IF(SUMIF(C$3:C$290,I64,$F$3:$F$290)>0.005,K64/L64,"")
I65: =IF(SETUP!A58<>"",SETUP!A58,"") | J65: =IF(SETUP!B58<>"",SETUP!B58,"") | K65: =IF(SUMIF(C$3:C$290,SETUP!A58,F$3:F$290)>0.005,SUMIF(C$3:C$290,SETUP!A58,F$3:F$290),"") | L65: =IF(COUNTIF(C$3:C$290,SETUP!A58)>0.005,COUNTIF(C$3:C$290,SETUP!A58),"") | M65: =IF(SUMIF(C$3:C$290,SETUP!A58,F$3:F$290)>0.005,K65/K$3,"") | N65: =IF(SUMIF(C$3:C$290,I65,$F$3:$F$290)>0.005,K65/L65,"")
I66: =IF(SETUP!A59<>"",SETUP!A59,"") | J66: =IF(SETUP!B59<>"",SETUP!B59,"") | K66: =IF(SUMIF(C$3:C$290,SETUP!A59,F$3:F$290)>0.005,SUMIF(C$3:C$290,SETUP!A59,F$3:F$290),"") | L66: =IF(COUNTIF(C$3:C$290,SETUP!A59)>0.005,COUNTIF(C$3:C$290,SETUP!A59),"") | M66: =IF(SUMIF(C$3:C$290,SETUP!A59,F$3:F$290)>0.005,K66/K$3,"") | N66: =IF(SUMIF(C$3:C$290,I66,$F$3:$F$290)>0.005,K66/L66,"")
I67: =IF(SETUP!A60<>"",SETUP!A60,"") | J67: =IF(SETUP!B60<>"",SETUP!B60,"") | K67: =IF(SUMIF(C$3:C$290,SETUP!A60,F$3:F$290)>0.005,SUMIF(C$3:C$290,SETUP!A60,F$3:F$290),"") | L67: =IF(COUNTIF(C$3:C$290,SETUP!A60)>0.005,COUNTIF(C$3:C$290,SETUP!A60),"") | M67: =IF(SUMIF(C$3:C$290,SETUP!A60,F$3:F$290)>0.005,K67/K$3,"") | N67: =IF(SUMIF(C$3:C$290,I67,$F$3:$F$290)>0.005,K67/L67,"")
I68: =IF(SETUP!A61<>"",SETUP!A61,"") | J68: =IF(SETUP!B61<>"",SETUP!B61,"") | K68: =IF(SUMIF(C$3:C$290,SETUP!A61,F$3:F$290)>0.005,SUMIF(C$3:C$290,SETUP!A61,F$3:F$290),"") | L68: =IF(COUNTIF(C$3:C$290,SETUP!A61)>0.005,COUNTIF(C$3:C$290,SETUP!A61),"") | M68: =IF(SUMIF(C$3:C$290,SETUP!A61,F$3:F$290)>0.005,K68/K$3,"") | N68: =IF(SUMIF(C$3:C$290,I68,$F$3:$F$290)>0.005,K68/L68,"")
I69: =IF(SETUP!A62<>"",SETUP!A62,"") | J69: =IF(SETUP!B62<>"",SETUP!B62,"") | K69: =IF(SUMIF(C$3:C$290,SETUP!A62,F$3:F$290)>0.005,SUMIF(C$3:C$290,SETUP!A62,F$3:F$290),"") | L69: =IF(COUNTIF(C$3:C$290,SETUP!A62)>0.005,COUNTIF(C$3:C$290,SETUP!A62),"") | M69: =IF(SUMIF(C$3:C$290,SETUP!A62,F$3:F$290)>0.005,K69/K$3,"") | N69: =IF(SUMIF(C$3:C$290,I69,$F$3:$F$290)>0.005,K69/L69,"")
J70: =IF(AND(SETUP!A$63<>"",SETUP!A$63<>"x"),SETUP!B$63,"") | K70: =IF(SUM(F$3:F$290)>0.005,SUMIF($I$60:$I$69,SETUP!$G$43,$K$60:$K$69)+SUMIF($I$60:$I$69,SETUP!$G$44,$K$60:$K$69)+SUMIF($I$60:$I$69,SETUP!$G$45,$K$60:$K$69)+SUMIF($I$60:$I$69,SETUP!$G$46,$K$60:$K$69),"") | L70: =IF(SUM(F$3:F$290)>0.005,SUMIF($I$60:$I$69,SETUP!$G$43,$L$60:$L$69)+SUMIF($I$60:$I$69,SETUP!$G$44,$L$60:$L$69)+SUMIF($I$60:$I$69,SETUP!$G$45,$L$60:$L$69)+SUMIF($I$60:$I$69,SETUP!$G$46,$L$60:$L$69),"") | M70: =IF(ISERROR(IF(K70>0.005,K70/K$3,"")),"",K70/K$3) | N70: =IF(AND(SUM(F$3:$F$290),L70>0.005),K70/L70,"")
J71: =SETUP!H48 | K71: =IF(SUM(F$3:F$290)>0.005,SUMIF($I$60:$I$69,SETUP!$G$49,$K$60:$K$69)+SUMIF($I$60:$I$69,SETUP!$G$50,$K$60:$K$69)+SUMIF($I$60:$I$69,SETUP!$G$51,$K$60:$K$69)+SUMIF($I$60:$I$69,SETUP!$G$52,$K$60:$K$69),"") | L71: =IF(SUM(F$3:F$290)>0.005,SUMIF($I$60:$I$69,SETUP!$G$49,$L$60:$L$69)+SUMIF($I$60:$I$69,SETUP!$G$50,$L$60:$L$69)+SUMIF($I$60:$I$69,SETUP!$G$51,$L$60:$L$69)+SUMIF($I$60:$I$69,SETUP!$G$52,$L$60:$L$69),"") | M71: =IF(ISERROR(IF(K71>0.005,K71/K$3,"")),"",K71/K$3) | N71: =IF(AND(SUM(F$3:$F$290),L71>0.005),K71/L71,"")
J72: =IF(AND(SETUP!A$65<>"",SETUP!A$65<>"x"),SETUP!B$65,"") | K72: =IF(SUM(F$3:F$290)>0.005,SUMIF($I$60:$I$69,SETUP!$G$55,$K$60:$K$69)+SUMIF($I$60:$I$69,SETUP!$G$56,$K$60:$K$69)+SUMIF($I$60:$I$69,SETUP!$G$57,$K$60:$K$69)+SUMIF($I$60:$I$69,SETUP!$G$58,$K$60:$K$69),"") | L72: =IF(SUM(F$3:F$290)>0.005,SUMIF($I$60:$I$69,SETUP!$G$55,$L$60:$L$69)+SUMIF($I$60:$I$69,SETUP!$G$56,$L$60:$L$69)+SUMIF($I$60:$I$69,SETUP!$G$57,$L$60:$L$69)+SUMIF($I$60:$I$69,SETUP!$G$58,$L$60:$L$69),"") | M72: =IF(ISERROR(IF(K72>0.005,K72/K$3,"")),"",K72/K$3) | N72: =IF(AND(SUM(F$3:$F$290),L72>0.005),K72/L72,"")
J73: Unclassified Income | K73: =IF(ISERROR(IF(K3-SUM(K60:K69)>0.005,K3-SUM(K60:K69),"")),"",K3-SUM(K60:K69)) | L73: =IF(ISERROR(IF(L3-SUM(L60:L69)>0.005,L3-SUM(L60:L69),"")),"",L3-SUM(L60:L69)) | M73: =IF(ISERROR(IF(K3-SUM(K60:K69)>0.005,K73/K3,"")),"",K73/K3) | N73: =IF(ISERROR(IF(L3-SUM(L60:L69)>0.005,K73/L73,"")),"",IF(K73>0.005,K73/L73,""))
I75: =IF(SETUP!A66<>"",SETUP!A66,"") | J75: =IF(SETUP!B66<>"",SETUP!B66,"") | K75: =IF(SUMIF(B$3:B$290,SETUP!A66,E$3:E$290)>0.005,SUMIF(B$3:B$290,SETUP!A66,E$3:E$290),"") | L75: =IF(COUNTIF(B$3:B$290,SETUP!A66)>0.005,COUNTIF(B$3:B$290,SETUP!A66),"") | M75: =IF(SUMIF(B$3:B$290,SETUP!A66,E$3:E$290)>0.005,-K75/K$4,"") | N75: =IF(SUMIF(B$3:B$290,I75,$E$3:$E$290)>0.005,K75/L75,"") | O75: Payment Methods
I76: =IF(SETUP!A67<>"",SETUP!A67,"") | J76: =IF(SETUP!B67<>"",SETUP!B67,"") | K76: =IF(SUMIF(B$3:B$290,SETUP!A67,E$3:E$290)>0.005,SUMIF(B$3:B$290,SETUP!A67,E$3:E$290),"") | L76: =IF(COUNTIF(B$3:B$290,SETUP!A67)>0.005,COUNTIF(B$3:B$290,SETUP!A67),"") | M76: =IF(SUMIF(B$3:B$290,SETUP!A67,E$3:E$290)>0.005,-K76/K$4,"") | N76: =IF(SUMIF(B$3:B$290,I76,$E$3:$E$290)>0.005,K76/L76,"") | P76: Copyright by Minh Tan 2012 - digitalcitizen.ca
I77: =IF(SETUP!A68<>"",SETUP!A68,"") | J77: =IF(SETUP!B68<>"",SETUP!B68,"") | K77: =IF(SUMIF(B$3:B$290,SETUP!A68,E$3:E$290)>0.005,SUMIF(B$3:B$290,SETUP!A68,E$3:E$290),"") | L77: =IF(COUNTIF(B$3:B$290,SETUP!A68)>0.005,COUNTIF(B$3:B$290,SETUP!A68),"") | M77: =IF(SUMIF(B$3:B$290,SETUP!A68,E$3:E$290)>0.005,-K77/K$4,"") | N77: =IF(SUMIF(B$3:B$290,I77,$E$3:$E$290)>0.005,K77/L77,"")
I78: =IF(SETUP!A69<>"",SETUP!A69,"") | J78: =IF(SETUP!B69<>"",SETUP!B69,"") | K78: =IF(SUMIF(B$3:B$290,SETUP!A69,E$3:E$290)>0.005,SUMIF(B$3:B$290,SETUP!A69,E$3:E$290),"") | L78: =IF(COUNTIF(B$3:B$290,SETUP!A69)>0.005,COUNTIF(B$3:B$290,SETUP!A69),"") | M78: =IF(SUMIF(B$3:B$290,SETUP!A69,E$3:E$290)>0.005,-K78/K$4,"") | N78: =IF(SUMIF(B$3:B$290,I78,$E$3:$E$290)>0.005,K78/L78,"")
I79: =IF(SETUP!A70<>"",SETUP!A70,"") | J79: =IF(SETUP!B70<>"",SETUP!B70,"") | K79: =IF(SUMIF(B$3:B$290,SETUP!A70,E$3:E$290)>0.005,SUMIF(B$3:B$290,SETUP!A70,E$3:E$290),"") | L79: =IF(COUNTIF(B$3:B$290,SETUP!A70)>0.005,COUNTIF(B$3:B$290,SETUP!A70),"") | M79: =IF(SUMIF(B$3:B$290,SETUP!A70,E$3:E$290)>0.005,-K79/K$4,"") | N79: =IF(SUMIF(B$3:B$290,I79,$E$3:$E$290)>0.005,K79/L79,"")
I80: =IF(SETUP!A71<>"",SETUP!A71,"") | J80: =IF(SETUP!B71<>"",SETUP!B71,"") | K80: =IF(SUMIF(B$3:B$290,SETUP!A71,E$3:E$290)>0.005,SUMIF(B$3:B$290,SETUP!A71,E$3:E$290),"") | L80: =IF(COUNTIF(B$3:B$290,SETUP!A71)>0.005,COUNTIF(B$3:B$290,SETUP!A71),"") | M80: =IF(SUMIF(B$3:B$290,SETUP!A71,E$3:E$290)>0.005,-K80/K$4,"") | N80: =IF(SUMIF(B$3:B$290,I80,$E$3:$E$290)>0.005,K80/L80,"")
I81: =IF(SETUP!A72<>"",SETUP!A72,"") | J81: =IF(SETUP!B72<>"",SETUP!B72,"") | K81: =IF(SUMIF(B$3:B$290,SETUP!A72,E$3:E$290)>0.005,SUMIF(B$3:B$290,SETUP!A72,E$3:E$290),"") | L81: =IF(COUNTIF(B$3:B$290,SETUP!A72)>0.005,COUNTIF(B$3:B$290,SETUP!A72),"") | M81: =IF(SUMIF(B$3:B$290,SETUP!A72,E$3:E$290)>0.005,-K81/K$4,"") | N81: =IF(SUMIF(B$3:B$290,I81,$E$3:$E$290)>0.005,K81/L81,"")
I82: =IF(SETUP!A73<>"",SETUP!A73,"") | J82: =IF(SETUP!B73<>"",SETUP!B73,"") | K82: =IF(SUMIF(B$3:B$290,SETUP!A73,E$3:E$290)>0.005,SUMIF(B$3:B$290,SETUP!A73,E$3:E$290),"") | L82: =IF(COUNTIF(B$3:B$290,SETUP!A73)>0.005,COUNTIF(B$3:B$290,SETUP!A73),"") | M82: =IF(SUMIF(B$3:B$290,SETUP!A73,E$3:E$290)>0.005,-K82/K$4,"") | N82: =IF(SUMIF(B$3:B$290,I82,$E$3:$E$290)>0.005,K82/L82,"")
J83: =IF(SETUP!B74<>"",SETUP!B74,"") | K83: =IF(K$4<0,SUMIF($I$75:$I$82,SETUP!$G$61,$K$75:$K$82)+SUMIF($I$75:$I$82,SETUP!$G$62,$K$75:$K$82)+SUMIF($I$75:$I$82,SETUP!$G$63,$K$75:$K$82)+SUMIF($I$75:$I$82,SETUP!$G$64,$K$75:$K$82),"") | L83: =IF(K$4<0,SUMIF($I$75:$I$82,SETUP!$G$61,$L$75:$L$82)+SUMIF($I$75:$I$82,SETUP!$G$62,$L$75:$L$82)+SUMIF($I$75:$I$82,SETUP!$G$63,$L$75:$L$82)+SUMIF($I$75:$I$82,SETUP!$G$64,$L$75:$L$82),"") | M83: =IF(ISERROR(IF($K$83>0.005,-$K83/K$4,"")),"",-$K83/K$4) | N83: =IF(AND(SUM(E$3:$E$290),L83>0.005),K83/L83,"")
J84: =IF(SETUP!B75<>"",SETUP!B75,"") | K84: =IF(K$4<0,SUMIF($I$75:$I$82,SETUP!$G$68,$K$75:$K$82)+SUMIF($I$75:$I$82,SETUP!$G$69,$K$75:$K$82)+SUMIF($I$75:$I$82,SETUP!$G$70,$K$75:$K$82)+SUMIF($I$75:$I$82,SETUP!$G$71,$K$75:$K$82),"") | L84: =IF(K$4<0,SUMIF($I$75:$I$82,SETUP!$G$68,$L$75:$L$82)+SUMIF($I$75:$I$82,SETUP!$G$69,$L$75:$L$82)+SUMIF($I$75:$I$82,SETUP!$G$70,$L$75:$L$82)+SUMIF($I$75:$I$82,SETUP!$G$71,$L$75:$L$82),"") | M84: =IF(ISERROR(IF($K$83>0.005,-$K84/K$4,"")),"",-$K84/K$4) | N84: =IF(AND(SUM(E$3:$E$290),L84>0.005),K84/L84,"")
J85: =IF(SETUP!B76<>"",SETUP!B76,"") | K85: =IF(K$4<0,SUMIF($I$75:$I$82,SETUP!$G$75,$K$75:$K$82)+SUMIF($I$75:$I$82,SETUP!$G$76,$K$75:$K$82)+SUMIF($I$75:$I$82,SETUP!$G$77,$K$75:$K$82)+SUMIF($I$75:$I$82,SETUP!$G$78,$K$75:$K$82),"") | L85: =IF(K$4<0,SUMIF($I$75:$I$82,SETUP!$G$75,$L$75:$L$82)+SUMIF($I$75:$I$82,SETUP!$G$76,$L$75:$L$82)+SUMIF($I$75:$I$82,SETUP!$G$77,$L$75:$L$82)+SUMIF($I$75:$I$82,SETUP!$G$78,$L$75:$L$82),"") | M85: =IF(ISERROR(IF($K$83>0.005,-$K85/K$4,"")),"",-$K85/K$4) | N85: =IF(AND(SUM(E$3:$E$290),L85>0.005),K85/L85,"")
J86: Unclassified Payment Methods | K86: =IF(ISERROR(IF(SUM(E3:E290)>SUM(K75:K82),SUM(E3:E290)-SUM(K75:K82),"")),"",IF(SUM(E3:E290)-SUM(K75:K82)>0,SUM(E3:E290)-SUM(K75:K82),"")) | L86: =IF(ISERROR(IF(SUM(E3:E290)>SUM(K75:K82),L4-SUM(L75:L82),"")),"",IF(SUM(E3:E290)-SUM(K75:K82)>0,COUNTIF(E3:E290,">0.005")-SUM(L75:L82),"")) | M86: =IF(SUM(E3:E290)-SUM(K75:K82)>0,K86/SUM(E3:E290),"") | N86: =IF(SUM(E3:E290)-SUM(K75:K82)>0.005,K86/L86,"")
J90: INCOME | K90: =IF($K$3>0.005,$K$3,"") | L90: =IF($L$3>0.005,$L$3,"") | N90: =IF(N3>0.005,N3,"")
J91: EXPENDITURES | K91: =IF($K$4<0,$K$4,"") | L91: =IF($L$4>0.005,$L$4,"") | M91: =IF($M$4<>"",$M$4,"") | N91: =IF(N4<0,N4,"") | P91: Copyright by Minh Tan 2012 - digitalcitizen.ca
J92: NET | K92: =IF($K$5<>"",$K$5,"") | L92: =IF(L$5<>"",L$5,"")
J93: CURRENT BALANCE | K93: =IF($K$6<>0.005,$K$6,"")
J94: POORLY SPENT | K94: =IF($K$7<0,$K$7,"") | L94: =IF($L$7<>"",$L$7,"") | M94: =IF($M$7<>"",$M$7,"") | N94: =IF(N7<0,N7,"")
I95: =$I$8 | J95: =$J$8 | K95: =IF(K8<>"",K8,"") | L95: =IF(L8<>"",L8,"") | M95: =IF(M8<>"",M8,"") | N95: =IF(N8>0.005,N8,"") | O95: Expenditures
I96: =$I$9 | J96: =$J$9 | K96: =IF(K9<>"",K9,"") | L96: =IF(L9<>"",L9,"") | M96: =IF(M9<>"",M9,"") | N96: =IF(N9>0.005,N9,"")
I97: =$I$10 | J97: =$J$10 | K97: =IF(K10<>"",K10,"") | L97: =IF(L10<>"",L10,"") | M97: =IF(M10<>"",M10,"") | N97: =IF(N10>0.005,N10,"")
I98: =$I$11 | J98: =$J$11 | K98: =IF(K11<>"",K11,"") | L98: =IF(L11<>"",L11,"") | M98: =IF(M11<>"",M11,"") | N98: =IF(N11>0.005,N11,"")
I99: =$I$12 | J99: =$J$12 | K99: =IF(K12<>"",K12,"") | L99: =IF(L12<>"",L12,"") | M99: =IF(M12<>"",M12,"") | N99: =IF(N12>0.005,N12,"")
I100: =$I$13 | J100: =$J$13 | K100: =IF(K13<>"",K13,"") | L100: =IF(L13<>"",L13,"") | M100: =IF(M13<>"",M13,"") | N100: =IF(N13>0.005,N13,"")
I101: =$I$14 | J101: =$J$14 | K101: =IF(K14<>"",K14,"") | L101: =IF(L14<>"",L14,"") | M101: =IF(M14<>"",M14,"") | N101: =IF(N14>0.005,N14,"")
I102: =$I$15 | J102: =$J$15 | K102: =IF(K15<>"",K15,"") | L102: =IF(L15<>"",L15,"") | M102: =IF(M15<>"",M15,"") | N102: =IF(N15>0.005,N15,"")
I103: =$I$16 | J103: =$J$16 | K103: =IF(K16<>"",K16,"") | L103: =IF(L16<>"",L16,"") | M103: =IF(M16<>"",M16,"") | N103: =IF(N16>0.005,N16,"")
I104: =$I$17 | J104: =$J$17 | K104: =IF(K17<>"",K17,"") | L104: =IF(L17<>"",L17,"") | M104: =IF(M17<>"",M17,"") | N104: =IF(N17>0.005,N17,"")
I105: =$I$18 | J105: =$J$18 | K105: =IF(K18<>"",K18,"") | L105: =IF(L18<>"",L18,"") | M105: =IF(M18<>"",M18,"") | N105: =IF(N18>0.005,N18,"")
...

Sheet MAY
A1: Date | B1: Met | C1: Cat | D1: Transaction Description (May) | E1: Spent | F1: Earned | G1: =SETUP!H89 -> X | I1: CATEGORIES | K1: Amount | L1: # Trans | M1: % | N1: Avg per Trans | P1: Copyright by Minh Tan 2012 - digitalcitizen.ca
D2: Starting Balance | E2: =IF(SETUP!H83=5,SETUP!E96,APR!K6)
D3: =IF(SETUP!$B$116<>"",SETUP!$B$116,"") | J3: INCOME | K3: =IF(SUM(F3:F290)>0.005,SUM(F3:F290),"") | L3: =IF(COUNTIF(F3:F290,">0.005")>0.005,COUNTIF(F3:F290,">0.005"),"") | N3: =IF(SUM(F3:F290)>0.005,K3/L3,"")
D4: =IF(SETUP!$B$117<>"",SETUP!$B$117,"") | J4: EXPENDITURES | K4: =IF(SUM(E3:E290)>0.005,-SUM(E3:E290),"") | L4: =IF(COUNTIF(E3:E290,">0.005")>0.005,COUNTIF(E3:E290,">0.005"),"") | M4: =IF(ISERROR(IF(K3>1,-K4/K3,"")),"",K4/K3) | N4: =IF(SUM(E3:E290)>0.005,K4/L4,"")
D5: =IF(SETUP!$B$118<>"",SETUP!$B$118,"") | J5: NET | K5: =IF(OR(SUM(F3:F290)>0.005,K4<-0.005),SUM(K3:K4),"") | L5: =IF(OR(-SUM(F3:F290)-SUM(E3:E290)>0.005,SUM(F3:F290)-SUM(K60:K69)>0.005,-SUM(E3:E290)-SUM(K83:K85)>0.005),("Check unclassified entries in "&IF(-SUM(K8:K52)-K4>0.005,"Expenditures ","")&IF(K3-SUM(K60:K69)>0.005,"Income ","")&IF(-K4-SUM(K83:K85)>0.005,"Payment","")),"")
D6: =IF(SETUP!$B$119<>"",SETUP!$B$119,"") | J6: CURRENT BALANCE | K6: =IF(OR(SUM(F3:F290)>0.005,K4<-0.005),SUM(E2,K5),"")
D7: =IF(SETUP!$B$120<>"",SETUP!$B$120,"") | J7: POORLY SPENT | K7: =IF(SUM(G3:G290)>0.005,-SUM(G3:G290),"") | L7: =IF(COUNTIF(G3:G290,">0.005")>0.005,COUNTIF(G3:G290,">0.005"),"") | M7: =IF(SUM(G3:G290)>0.005,K7/K4,"") | N7: =IF(K7<0,K7/L7,"")
D8: =IF(SETUP!$B$121<>"",SETUP!$B$121,"") | I8: =IF(SETUP!A3<>"",SETUP!A3,"") | J8: =IF(SETUP!B3<>"",SETUP!B3,"") | K8: =IF(SUMIF(C$3:C$290,SETUP!A3,E$3:E$290)>0.005,SUMIF(C$3:C$290,SETUP!A3,E$3:E$290),"") | L8: =IF(COUNTIF(C$3:C$290,SETUP!A3)>0.005,COUNTIF(C$3:C$290,SETUP!A3),"") | M8: =IF(SUMIF(C$3:C$290,SETUP!A3,E$3:E$290)>0.005,-K8/K$4,"") | N8: =IF(SUMIF(C$3:C$290,I8,$E$3:$E$290)>0.005,K8/L8,"") | O8: Expenditures
D9: =IF(SETUP!$B$122<>"",SETUP!$B$122,"") | I9: =IF(SETUP!A4<>"",SETUP!A4,"") | J9: =IF(SETUP!B4<>"",SETUP!B4,"") | K9: =IF(SUMIF(C$3:C$290,SETUP!A4,E$3:E$290)>0.005,SUMIF(C$3:C$290,SETUP!A4,E$3:E$290),"") | L9: =IF(COUNTIF(C$3:C$290,SETUP!A4)>0.005,COUNTIF(C$3:C$290,SETUP!A4),"") | M9: =IF(SUMIF(C$3:C$290,SETUP!A4,E$3:E$290)>0.005,-K9/K$4,"") | N9: =IF(SUMIF(C$3:C$290,I9,$E$3:$E$290)>0.005,K9/L9,"")
D10: =IF(SETUP!$B$123<>"",SETUP!$B$123,"") | I10: =IF(SETUP!A5<>"",SETUP!A5,"") | J10: =IF(SETUP!B5<>"",SETUP!B5,"") | K10: =IF(SUMIF(C$3:C$290,SETUP!A5,E$3:E$290)>0.005,SUMIF(C$3:C$290,SETUP!A5,E$3:E$290),"") | L10: =IF(COUNTIF(C$3:C$290,SETUP!A5)>0.005,COUNTIF(C$3:C$290,SETUP!A5),"") | M10: =IF(SUMIF(C$3:C$290,SETUP!A5,E$3:E$290)>0.005,-K10/K$4,"") | N10: =IF(SUMIF(C$3:C$290,I10,$E$3:$E$290)>0.005,K10/L10,"")
D11: =IF(SETUP!$B$124<>"",SETUP!$B$124,"") | I11: =IF(SETUP!A6<>"",SETUP!A6,"") | J11: =IF(SETUP!B6<>"",SETUP!B6,"") | K11: =IF(SUMIF(C$3:C$290,SETUP!A6,E$3:E$290)>0.005,SUMIF(C$3:C$290,SETUP!A6,E$3:E$290),"") | L11: =IF(COUNTIF(C$3:C$290,SETUP!A6)>0.005,COUNTIF(C$3:C$290,SETUP!A6),"") | M11: =IF(SUMIF(C$3:C$290,SETUP!A6,E$3:E$290)>0.005,-K11/K$4,"") | N11: =IF(SUMIF(C$3:C$290,I11,$E$3:$E$290)>0.005,K11/L11,"")
D12: =IF(SETUP!$B$125<>"",SETUP!$B$125,"") | I12: =IF(SETUP!A7<>"",SETUP!A7,"") | J12: =IF(SETUP!B7<>"",SETUP!B7,"") | K12: =IF(SUMIF(C$3:C$290,SETUP!A7,E$3:E$290)>0.005,SUMIF(C$3:C$290,SETUP!A7,E$3:E$290),"") | L12: =IF(COUNTIF(C$3:C$290,SETUP!A7)>0.005,COUNTIF(C$3:C$290,SETUP!A7),"") | M12: =IF(SUMIF(C$3:C$290,SETUP!A7,E$3:E$290)>0.005,-K12/K$4,"") | N12: =IF(SUMIF(C$3:C$290,I12,$E$3:$E$290)>0.005,K12/L12,"")
D13: =IF(SETUP!$B$126<>"",SETUP!$B$126,"") | I13: =IF(SETUP!A8<>"",SETUP!A8,"") | J13: =IF(SETUP!B8<>"",SETUP!B8,"") | K13: =IF(SUMIF(C$3:C$290,SETUP!A8,E$3:E$290)>0.005,SUMIF(C$3:C$290,SETUP!A8,E$3:E$290),"") | L13: =IF(COUNTIF(C$3:C$290,SETUP!A8)>0.005,COUNTIF(C$3:C$290,SETUP!A8),"") | M13: =IF(SUMIF(C$3:C$290,SETUP!A8,E$3:E$290)>0.005,-K13/K$4,"") | N13: =IF(SUMIF(C$3:C$290,I13,$E$3:$E$290)>0.005,K13/L13,"")
D14: =IF(SETUP!$B$127<>"",SETUP!$B$127,"") | I14: =IF(SETUP!A9<>"",SETUP!A9,"") | J14: =IF(SETUP!B9<>"",SETUP!B9,"") | K14: =IF(SUMIF(C$3:C$290,SETUP!A9,E$3:E$290)>0.005,SUMIF(C$3:C$290,SETUP!A9,E$3:E$290),"") | L14: =IF(COUNTIF(C$3:C$290,SETUP!A9)>0.005,COUNTIF(C$3:C$290,SETUP!A9),"") | M14: =IF(SUMIF(C$3:C$290,SETUP!A9,E$3:E$290)>0.005,-K14/K$4,"") | N14: =IF(SUMIF(C$3:C$290,I14,$E$3:$E$290)>0.005,K14/L14,"")
D15: =IF(SETUP!$B$128<>"",SETUP!$B$128,"") | I15: =IF(SETUP!A10<>"",SETUP!A10,"") | J15: =IF(SETUP!B10<>"",SETUP!B10,"") | K15: =IF(SUMIF(C$3:C$290,SETUP!A10,E$3:E$290)>0.005,SUMIF(C$3:C$290,SETUP!A10,E$3:E$290),"") | L15: =IF(COUNTIF(C$3:C$290,SETUP!A10)>0.005,COUNTIF(C$3:C$290,SETUP!A10),"") | M15: =IF(SUMIF(C$3:C$290,SETUP!A10,E$3:E$290)>0.005,-K15/K$4,"") | N15: =IF(SUMIF(C$3:C$290,I15,$E$3:$E$290)>0.005,K15/L15,"")
D16: =IF(SETUP!$B$129<>"",SETUP!$B$129,"") | I16: =IF(SETUP!A11<>"",SETUP!A11,"") | J16: =IF(SETUP!B11<>"",SETUP!B11,"") | K16: =IF(SUMIF(C$3:C$290,SETUP!A11,E$3:E$290)>0.005,SUMIF(C$3:C$290,SETUP!A11,E$3:E$290),"") | L16: =IF(COUNTIF(C$3:C$290,SETUP!A11)>0.005,COUNTIF(C$3:C$290,SETUP!A11),"") | M16: =IF(SUMIF(C$3:C$290,SETUP!A11,E$3:E$290)>0.005,-K16/K$4,"") | N16: =IF(SUMIF(C$3:C$290,I16,$E$3:$E$290)>0.005,K16/L16,"") | P16: Copyright by Minh Tan 2012 - digitalcitizen.ca
D17: =IF(SETUP!$B$130<>"",SETUP!$B$130,"") | I17: =IF(SETUP!A12<>"",SETUP!A12,"") | J17: =IF(SETUP!B12<>"",SETUP!B12,"") | K17: =IF(SUMIF(C$3:C$290,SETUP!A12,E$3:E$290)>0.005,SUMIF(C$3:C$290,SETUP!A12,E$3:E$290),"") | L17: =IF(COUNTIF(C$3:C$290,SETUP!A12)>0.005,COUNTIF(C$3:C$290,SETUP!A12),"") | M17: =IF(SUMIF(C$3:C$290,SETUP!A12,E$3:E$290)>0.005,-K17/K$4,"") | N17: =IF(SUMIF(C$3:C$290,I17,$E$3:$E$290)>0.005,K17/L17,"")
D18: =IF(SETUP!$B$131<>"",SETUP!$B$131,"") | I18: =IF(SETUP!A13<>"",SETUP!A13,"") | J18: =IF(SETUP!B13<>"",SETUP!B13,"") | K18: =IF(SUMIF(C$3:C$290,SETUP!A13,E$3:E$290)>0.005,SUMIF(C$3:C$290,SETUP!A13,E$3:E$290),"") | L18: =IF(COUNTIF(C$3:C$290,SETUP!A13)>0.005,COUNTIF(C$3:C$290,SETUP!A13),"") | M18: =IF(SUMIF(C$3:C$290,SETUP!A13,E$3:E$290)>0.005,-K18/K$4,"") | N18: =IF(SUMIF(C$3:C$290,I18,$E$3:$E$290)>0.005,K18/L18,"")
D19: =IF(SETUP!$B$132<>"",SETUP!$B$132,"") | I19: =IF(SETUP!A14<>"",SETUP!A14,"") | J19: =IF(SETUP!B14<>"",SETUP!B14,"") | K19: =IF(SUMIF(C$3:C$290,SETUP!A14,E$3:E$290)>0.005,SUMIF(C$3:C$290,SETUP!A14,E$3:E$290),"") | L19: =IF(COUNTIF(C$3:C$290,SETUP!A14)>0.005,COUNTIF(C$3:C$290,SETUP!A14),"") | M19: =IF(SUMIF(C$3:C$290,SETUP!A14,E$3:E$290)>0.005,-K19/K$4,"") | N19: =IF(SUMIF(C$3:C$290,I19,$E$3:$E$290)>0.005,K19/L19,"")
D20: =IF(SETUP!$B$133<>"",SETUP!$B$133,"") | I20: =IF(SETUP!A15<>"",SETUP!A15,"") | J20: =IF(SETUP!B15<>"",SETUP!B15,"") | K20: =IF(SUMIF(C$3:C$290,SETUP!A15,E$3:E$290)>0.005,SUMIF(C$3:C$290,SETUP!A15,E$3:E$290),"") | L20: =IF(COUNTIF(C$3:C$290,SETUP!A15)>0.005,COUNTIF(C$3:C$290,SETUP!A15),"") | M20: =IF(SUMIF(C$3:C$290,SETUP!A15,E$3:E$290)>0.005,-K20/K$4,"") | N20: =IF(SUMIF(C$3:C$290,I20,$E$3:$E$290)>0.005,K20/L20,"")
D21: =IF(SETUP!$B$134<>"",SETUP!$B$134,"") | I21: =IF(SETUP!A16<>"",SETUP!A16,"") | J21: =IF(SETUP!B16<>"",SETUP!B16,"") | K21: =IF(SUMIF(C$3:C$290,SETUP!A16,E$3:E$290)>0.005,SUMIF(C$3:C$290,SETUP!A16,E$3:E$290),"") | L21: =IF(COUNTIF(C$3:C$290,SETUP!A16)>0.005,COUNTIF(C$3:C$290,SETUP!A16),"") | M21: =IF(SUMIF(C$3:C$290,SETUP!A16,E$3:E$290)>0.005,-K21/K$4,"") | N21: =IF(SUMIF(C$3:C$290,I21,$E$3:$E$290)>0.005,K21/L21,"")
D22: =IF(SETUP!$B$135<>"",SETUP!$B$135,"") | I22: =IF(SETUP!A17<>"",SETUP!A17,"") | J22: =IF(SETUP!B17<>"",SETUP!B17,"") | K22: =IF(SUMIF(C$3:C$290,SETUP!A17,E$3:E$290)>0.005,SUMIF(C$3:C$290,SETUP!A17,E$3:E$290),"") | L22: =IF(COUNTIF(C$3:C$290,SETUP!A17)>0.005,COUNTIF(C$3:C$290,SETUP!A17),"") | M22: =IF(SUMIF(C$3:C$290,SETUP!A17,E$3:E$290)>0.005,-K22/K$4,"") | N22: =IF(SUMIF(C$3:C$290,I22,$E$3:$E$290)>0.005,K22/L22,"")
D23: =IF(SETUP!$B$136<>"",SETUP!$B$136,"") | I23: =IF(SETUP!A18<>"",SETUP!A18,"") | J23: =IF(SETUP!B18<>"",SETUP!B18,"") | K23: =IF(SUMIF(C$3:C$290,SETUP!A18,E$3:E$290)>0.005,SUMIF(C$3:C$290,SETUP!A18,E$3:E$290),"") | L23: =IF(COUNTIF(C$3:C$290,SETUP!A18)>0.005,COUNTIF(C$3:C$290,SETUP!A18),"") | M23: =IF(SUMIF(C$3:C$290,SETUP!A18,E$3:E$290)>0.005,-K23/K$4,"") | N23: =IF(SUMIF(C$3:C$290,I23,$E$3:$E$290)>0.005,K23/L23,"")
D24: =IF(SETUP!$B$137<>"",SETUP!$B$137,"") | I24: =IF(SETUP!A19<>"",SETUP!A19,"") | J24: =IF(SETUP!B19<>"",SETUP!B19,"") | K24: =IF(SUMIF(C$3:C$290,SETUP!A19,E$3:E$290)>0.005,SUMIF(C$3:C$290,SETUP!A19,E$3:E$290),"") | L24: =IF(COUNTIF(C$3:C$290,SETUP!A19)>0.005,COUNTIF(C$3:C$290,SETUP!A19),"") | M24: =IF(SUMIF(C$3:C$290,SETUP!A19,E$3:E$290)>0.005,-K24/K$4,"") | N24: =IF(SUMIF(C$3:C$290,I24,$E$3:$E$290)>0.005,K24/L24,"")
D25: =IF(SETUP!$B$138<>"",SETUP!$B$138,"") | I25: =IF(SETUP!A20<>"",SETUP!A20,"") | J25: =IF(SETUP!B20<>"",SETUP!B20,"") | K25: =IF(SUMIF(C$3:C$290,SETUP!A20,E$3:E$290)>0.005,SUMIF(C$3:C$290,SETUP!A20,E$3:E$290),"") | L25: =IF(COUNTIF(C$3:C$290,SETUP!A20)>0.005,COUNTIF(C$3:C$290,SETUP!A20),"") | M25: =IF(SUMIF(C$3:C$290,SETUP!A20,E$3:E$290)>0.005,-K25/K$4,"") | N25: =IF(SUMIF(C$3:C$290,I25,$E$3:$E$290)>0.005,K25/L25,"") | O25: Expenditures
D26: =IF(SETUP!$B$139<>"",SETUP!$B$139,"Blue spaces reserved for repeating monthly items") -> Blue spaces reserved for repeating monthly items | I26: =IF(SETUP!A21<>"",SETUP!A21,"") | J26: =IF(SETUP!B21<>"",SETUP!B21,"") | K26: =IF(SUMIF(C$3:C$290,SETUP!A21,E$3:E$290)>0.005,SUMIF(C$3:C$290,SETUP!A21,E$3:E$290),"") | L26: =IF(COUNTIF(C$3:C$290,SETUP!A21)>0.005,COUNTIF(C$3:C$290,SETUP!A21),"") | M26: =IF(SUMIF(C$3:C$290,SETUP!A21,E$3:E$290)>0.005,-K26/K$4,"") | N26: =IF(SUMIF(C$3:C$290,I26,$E$3:$E$290)>0.005,K26/L26,"")
I27: =IF(SETUP!A22<>"",SETUP!A22,"") | J27: =IF(SETUP!B22<>"",SETUP!B22,"") | K27: =IF(SUMIF(C$3:C$290,SETUP!A22,E$3:E$290)>0.005,SUMIF(C$3:C$290,SETUP!A22,E$3:E$290),"") | L27: =IF(COUNTIF(C$3:C$290,SETUP!A22)>0.005,COUNTIF(C$3:C$290,SETUP!A22),"") | M27: =IF(SUMIF(C$3:C$290,SETUP!A22,E$3:E$290)>0.005,-K27/K$4,"") | N27: =IF(SUMIF(C$3:C$290,I27,$E$3:$E$290)>0.005,K27/L27,"")
I28: =IF(SETUP!A23<>"",SETUP!A23,"") | J28: =IF(SETUP!B23<>"",SETUP!B23,"") | K28: =IF(SUMIF(C$3:C$290,SETUP!A23,E$3:E$290)>0.005,SUMIF(C$3:C$290,SETUP!A23,E$3:E$290),"") | L28: =IF(COUNTIF(C$3:C$290,SETUP!A23)>0.005,COUNTIF(C$3:C$290,SETUP!A23),"") | M28: =IF(SUMIF(C$3:C$290,SETUP!A23,E$3:E$290)>0.005,-K28/K$4,"") | N28: =IF(SUMIF(C$3:C$290,I28,$E$3:$E$290)>0.005,K28/L28,"")
I29: =IF(SETUP!A24<>"",SETUP!A24,"") | J29: =IF(SETUP!B24<>"",SETUP!B24,"") | K29: =IF(SUMIF(C$3:C$290,SETUP!A24,E$3:E$290)>0.005,SUMIF(C$3:C$290,SETUP!A24,E$3:E$290),"") | L29: =IF(COUNTIF(C$3:C$290,SETUP!A24)>0.005,COUNTIF(C$3:C$290,SETUP!A24),"") | M29: =IF(SUMIF(C$3:C$290,SETUP!A24,E$3:E$290)>0.005,-K29/K$4,"") | N29: =IF(SUMIF(C$3:C$290,I29,$E$3:$E$290)>0.005,K29/L29,"")
I30: =IF(SETUP!A25<>"",SETUP!A25,"") | J30: =IF(SETUP!B25<>"",SETUP!B25,"") | K30: =IF(SUMIF(C$3:C$290,SETUP!A25,E$3:E$290)>0.005,SUMIF(C$3:C$290,SETUP!A25,E$3:E$290),"") | L30: =IF(COUNTIF(C$3:C$290,SETUP!A25)>0.005,COUNTIF(C$3:C$290,SETUP!A25),"") | M30: =IF(SUMIF(C$3:C$290,SETUP!A25,E$3:E$290)>0.005,-K30/K$4,"") | N30: =IF(SUMIF(C$3:C$290,I30,$E$3:$E$290)>0.005,K30/L30,"")
I31: =IF(SETUP!A26<>"",SETUP!A26,"") | J31: =IF(SETUP!B26<>"",SETUP!B26,"") | K31: =IF(SUMIF(C$3:C$290,SETUP!A26,E$3:E$290)>0.005,SUMIF(C$3:C$290,SETUP!A26,E$3:E$290),"") | L31: =IF(COUNTIF(C$3:C$290,SETUP!A26)>0.005,COUNTIF(C$3:C$290,SETUP!A26),"") | M31: =IF(SUMIF(C$3:C$290,SETUP!A26,E$3:E$290)>0.005,-K31/K$4,"") | N31: =IF(SUMIF(C$3:C$290,I31,$E$3:$E$290)>0.005,K31/L31,"") | P31: Copyright by Minh Tan 2012 - digitalcitizen.ca
I32: =IF(SETUP!A27<>"",SETUP!A27,"") | J32: =IF(SETUP!B27<>"",SETUP!B27,"") | K32: =IF(SUMIF(C$3:C$290,SETUP!A27,E$3:E$290)>0.005,SUMIF(C$3:C$290,SETUP!A27,E$3:E$290),"") | L32: =IF(COUNTIF(C$3:C$290,SETUP!A27)>0.005,COUNTIF(C$3:C$290,SETUP!A27),"") | M32: =IF(SUMIF(C$3:C$290,SETUP!A27,E$3:E$290)>0.005,-K32/K$4,"") | N32: =IF(SUMIF(C$3:C$290,I32,$E$3:$E$290)>0.005,K32/L32,"")
I33: =IF(SETUP!A28<>"",SETUP!A28,"") | J33: =IF(SETUP!B28<>"",SETUP!B28,"") | K33: =IF(SUMIF(C$3:C$290,SETUP!A28,E$3:E$290)>0.005,SUMIF(C$3:C$290,SETUP!A28,E$3:E$290),"") | L33: =IF(COUNTIF(C$3:C$290,SETUP!A28)>0.005,COUNTIF(C$3:C$290,SETUP!A28),"") | M33: =IF(SUMIF(C$3:C$290,SETUP!A28,E$3:E$290)>0.005,-K33/K$4,"") | N33: =IF(SUMIF(C$3:C$290,I33,$E$3:$E$290)>0.005,K33/L33,"")
I34: =IF(SETUP!A29<>"",SETUP!A29,"") | J34: =IF(SETUP!B29<>"",SETUP!B29,"") | K34: =IF(SUMIF(C$3:C$290,SETUP!A29,E$3:E$290)>0.005,SUMIF(C$3:C$290,SETUP!A29,E$3:E$290),"") | L34: =IF(COUNTIF(C$3:C$290,SETUP!A29)>0.005,COUNTIF(C$3:C$290,SETUP!A29),"") | M34: =IF(SUMIF(C$3:C$290,SETUP!A29,E$3:E$290)>0.005,-K34/K$4,"") | N34: =IF(SUMIF(C$3:C$290,I34,$E$3:$E$290)>0.005,K34/L34,"")
I35: =IF(SETUP!A30<>"",SETUP!A30,"") | J35: =IF(SETUP!B30<>"",SETUP!B30,"") | K35: =IF(SUMIF(C$3:C$290,SETUP!A30,E$3:E$290)>0.005,SUMIF(C$3:C$290,SETUP!A30,E$3:E$290),"") | L35: =IF(COUNTIF(C$3:C$290,SETUP!A30)>0.005,COUNTIF(C$3:C$290,SETUP!A30),"") | M35: =IF(SUMIF(C$3:C$290,SETUP!A30,E$3:E$290)>0.005,-K35/K$4,"") | N35: =IF(SUMIF(C$3:C$290,I35,$E$3:$E$290)>0.005,K35/L35,"")
I36: =IF(SETUP!A31<>"",SETUP!A31,"") | J36: =IF(SETUP!B31<>"",SETUP!B31,"") | K36: =IF(SUMIF(C$3:C$290,SETUP!A31,E$3:E$290)>0.005,SUMIF(C$3:C$290,SETUP!A31,E$3:E$290),"") | L36: =IF(COUNTIF(C$3:C$290,SETUP!A31)>0.005,COUNTIF(C$3:C$290,SETUP!A31),"") | M36: =IF(SUMIF(C$3:C$290,SETUP!A31,E$3:E$290)>0.005,-K36/K$4,"") | N36: =IF(SUMIF(C$3:C$290,I36,$E$3:$E$290)>0.005,K36/L36,"")
I37: =IF(SETUP!A32<>"",SETUP!A32,"") | J37: =IF(SETUP!B32<>"",SETUP!B32,"") | K37: =IF(SUMIF(C$3:C$290,SETUP!A32,E$3:E$290)>0.005,SUMIF(C$3:C$290,SETUP!A32,E$3:E$290),"") | L37: =IF(COUNTIF(C$3:C$290,SETUP!A32)>0.005,COUNTIF(C$3:C$290,SETUP!A32),"") | M37: =IF(SUMIF(C$3:C$290,SETUP!A32,E$3:E$290)>0.005,-K37/K$4,"") | N37: =IF(SUMIF(C$3:C$290,I37,$E$3:$E$290)>0.005,K37/L37,"")
I38: =IF(SETUP!A33<>"",SETUP!A33,"") | J38: =IF(SETUP!B33<>"",SETUP!B33,"") | K38: =IF(SUMIF(C$3:C$290,SETUP!A33,E$3:E$290)>0.005,SUMIF(C$3:C$290,SETUP!A33,E$3:E$290),"") | L38: =IF(COUNTIF(C$3:C$290,SETUP!A33)>0.005,COUNTIF(C$3:C$290,SETUP!A33),"") | M38: =IF(SUMIF(C$3:C$290,SETUP!A33,E$3:E$290)>0.005,-K38/K$4,"") | N38: =IF(SUMIF(C$3:C$290,I38,$E$3:$E$290)>0.005,K38/L38,"")
I39: =IF(SETUP!A34<>"",SETUP!A34,"") | J39: =IF(SETUP!B34<>"",SETUP!B34,"") | K39: =IF(SUMIF(C$3:C$290,SETUP!A34,E$3:E$290)>0.005,SUMIF(C$3:C$290,SETUP!A34,E$3:E$290),"") | L39: =IF(COUNTIF(C$3:C$290,SETUP!A34)>0.005,COUNTIF(C$3:C$290,SETUP!A34),"") | M39: =IF(SUMIF(C$3:C$290,SETUP!A34,E$3:E$290)>0.005,-K39/K$4,"") | N39: =IF(SUMIF(C$3:C$290,I39,$E$3:$E$290)>0.005,K39/L39,"")
I40: =IF(SETUP!A35<>"",SETUP!A35,"") | J40: =IF(SETUP!B35<>"",SETUP!B35,"") | K40: =IF(SUMIF(C$3:C$290,SETUP!A35,E$3:E$290)>0.005,SUMIF(C$3:C$290,SETUP!A35,E$3:E$290),"") | L40: =IF(COUNTIF(C$3:C$290,SETUP!A35)>0.005,COUNTIF(C$3:C$290,SETUP!A35),"") | M40: =IF(SUMIF(C$3:C$290,SETUP!A35,E$3:E$290)>0.005,-K40/K$4,"") | N40: =IF(SUMIF(C$3:C$290,I40,$E$3:$E$290)>0.005,K40/L40,"")
I41: =IF(SETUP!A36<>"",SETUP!A36,"") | J41: =IF(SETUP!B36<>"",SETUP!B36,"") | K41: =IF(SUMIF(C$3:C$290,SETUP!A36,E$3:E$290)>0.005,SUMIF(C$3:C$290,SETUP!A36,E$3:E$290),"") | L41: =IF(COUNTIF(C$3:C$290,SETUP!A36)>0.005,COUNTIF(C$3:C$290,SETUP!A36),"") | M41: =IF(SUMIF(C$3:C$290,SETUP!A36,E$3:E$290)>0.005,-K41/K$4,"") | N41: =IF(SUMIF(C$3:C$290,I41,$E$3:$E$290)>0.005,K41/L41,"") | O41: Expenditures
I42: =IF(SETUP!A37<>"",SETUP!A37,"") | J42: =IF(SETUP!B37<>"",SETUP!B37,"") | K42: =IF(SUMIF(C$3:C$290,SETUP!A37,E$3:E$290)>0.005,SUMIF(C$3:C$290,SETUP!A37,E$3:E$290),"") | L42: =IF(COUNTIF(C$3:C$290,SETUP!A37)>0.005,COUNTIF(C$3:C$290,SETUP!A37),"") | M42: =IF(SUMIF(C$3:C$290,SETUP!A37,E$3:E$290)>0.005,-K42/K$4,"") | N42: =IF(SUMIF(C$3:C$290,I42,$E$3:$E$290)>0.005,K42/L42,"")
I43: =IF(SETUP!A38<>"",SETUP!A38,"") | J43: =IF(SETUP!B38<>"",SETUP!B38,"") | K43: =IF(SUMIF(C$3:C$290,SETUP!A38,E$3:E$290)>0.005,SUMIF(C$3:C$290,SETUP!A38,E$3:E$290),"") | L43: =IF(COUNTIF(C$3:C$290,SETUP!A38)>0.005,COUNTIF(C$3:C$290,SETUP!A38),"") | M43: =IF(SUMIF(C$3:C$290,SETUP!A38,E$3:E$290)>0.005,-K43/K$4,"") | N43: =IF(SUMIF(C$3:C$290,I43,$E$3:$E$290)>0.005,K43/L43,"")
I44: =IF(SETUP!A39<>"",SETUP!A39,"") | J44: =IF(SETUP!B39<>"",SETUP!B39,"") | K44: =IF(SUMIF(C$3:C$290,SETUP!A39,E$3:E$290)>0.005,SUMIF(C$3:C$290,SETUP!A39,E$3:E$290),"") | L44: =IF(COUNTIF(C$3:C$290,SETUP!A39)>0.005,COUNTIF(C$3:C$290,SETUP!A39),"") | M44: =IF(SUMIF(C$3:C$290,SETUP!A39,E$3:E$290)>0.005,-K44/K$4,"") | N44: =IF(SUMIF(C$3:C$290,I44,$E$3:$E$290)>0.005,K44/L44,"")
I45: =IF(SETUP!A40<>"",SETUP!A40,"") | J45: =IF(SETUP!B40<>"",SETUP!B40,"") | K45: =IF(SUMIF(C$3:C$290,SETUP!A40,E$3:E$290)>0.005,SUMIF(C$3:C$290,SETUP!A40,E$3:E$290),"") | L45: =IF(COUNTIF(C$3:C$290,SETUP!A40)>0.005,COUNTIF(C$3:C$290,SETUP!A40),"") | M45: =IF(SUMIF(C$3:C$290,SETUP!A40,E$3:E$290)>0.005,-K45/K$4,"") | N45: =IF(SUMIF(C$3:C$290,I45,$E$3:$E$290)>0.005,K45/L45,"")
I46: =IF(SETUP!A41<>"",SETUP!A41,"") | J46: =IF(SETUP!B41<>"",SETUP!B41,"") | K46: =IF(SUMIF(C$3:C$290,SETUP!A41,E$3:E$290)>0.005,SUMIF(C$3:C$290,SETUP!A41,E$3:E$290),"") | L46: =IF(COUNTIF(C$3:C$290,SETUP!A41)>0.005,COUNTIF(C$3:C$290,SETUP!A41),"") | M46: =IF(SUMIF(C$3:C$290,SETUP!A41,E$3:E$290)>0.005,-K46/K$4,"") | N46: =IF(SUMIF(C$3:C$290,I46,$E$3:$E$290)>0.005,K46/L46,"") | P46: Copyright by Minh Tan 2012 - digitalcitizen.ca
I47: =IF(SETUP!A42<>"",SETUP!A42,"") | J47: =IF(SETUP!B42<>"",SETUP!B42,"") | K47: =IF(SUMIF(C$3:C$290,SETUP!A42,E$3:E$290)>0.005,SUMIF(C$3:C$290,SETUP!A42,E$3:E$290),"") | L47: =IF(COUNTIF(C$3:C$290,SETUP!A42)>0.005,COUNTIF(C$3:C$290,SETUP!A42),"") | M47: =IF(SUMIF(C$3:C$290,SETUP!A42,E$3:E$290)>0.005,-K47/K$4,"") | N47: =IF(SUMIF(C$3:C$290,I47,$E$3:$E$290)>0.005,K47/L47,"")
I48: =IF(SETUP!A43<>"",SETUP!A43,"") | J48: =IF(SETUP!B43<>"",SETUP!B43,"") | K48: =IF(SUMIF(C$3:C$290,SETUP!A43,E$3:E$290)>0.005,SUMIF(C$3:C$290,SETUP!A43,E$3:E$290),"") | L48: =IF(COUNTIF(C$3:C$290,SETUP!A43)>0.005,COUNTIF(C$3:C$290,SETUP!A43),"") | M48: =IF(SUMIF(C$3:C$290,SETUP!A43,E$3:E$290)>0.005,-K48/K$4,"") | N48: =IF(SUMIF(C$3:C$290,I48,$E$3:$E$290)>0.005,K48/L48,"")
I49: =IF(SETUP!A44<>"",SETUP!A44,"") | J49: =IF(SETUP!B44<>"",SETUP!B44,"") | K49: =IF(SUMIF(C$3:C$290,SETUP!A44,E$3:E$290)>0.005,SUMIF(C$3:C$290,SETUP!A44,E$3:E$290),"") | L49: =IF(COUNTIF(C$3:C$290,SETUP!A44)>0.005,COUNTIF(C$3:C$290,SETUP!A44),"") | M49: =IF(SUMIF(C$3:C$290,SETUP!A44,E$3:E$290)>0.005,-K49/K$4,"") | N49: =IF(SUMIF(C$3:C$290,I49,$E$3:$E$290)>0.005,K49/L49,"")
I50: =IF(SETUP!A45<>"",SETUP!A45,"") | J50: =IF(SETUP!B45<>"",SETUP!B45,"") | K50: =IF(SUMIF(C$3:C$290,SETUP!A45,E$3:E$290)>0.005,SUMIF(C$3:C$290,SETUP!A45,E$3:E$290),"") | L50: =IF(COUNTIF(C$3:C$290,SETUP!A45)>0.005,COUNTIF(C$3:C$290,SETUP!A45),"") | M50: =IF(SUMIF(C$3:C$290,SETUP!A45,E$3:E$290)>0.005,-K50/K$4,"") | N50: =IF(SUMIF(C$3:C$290,I50,$E$3:$E$290)>0.005,K50/L50,"")
I51: =IF(SETUP!A46<>"",SETUP!A46,"") | J51: =IF(SETUP!B46<>"",SETUP!B46,"") | K51: =IF(SUMIF(C$3:C$290,SETUP!A46,E$3:E$290)>0.005,SUMIF(C$3:C$290,SETUP!A46,E$3:E$290),"") | L51: =IF(COUNTIF(C$3:C$290,SETUP!A46)>0.005,COUNTIF(C$3:C$290,SETUP!A46),"") | M51: =IF(SUMIF(C$3:C$290,SETUP!A46,E$3:E$290)>0.005,-K51/K$4,"") | N51: =IF(SUMIF(C$3:C$290,I51,$E$3:$E$290)>0.005,K51/L51,"")
I52: =IF(SETUP!A47<>"",SETUP!A47,"") | J52: =IF(SETUP!B47<>"",SETUP!B47,"") | K52: =IF(SUMIF(C$3:C$290,SETUP!A47,E$3:E$290)>0.005,SUMIF(C$3:C$290,SETUP!A47,E$3:E$290),"") | L52: =IF(COUNTIF(C$3:C$290,SETUP!A47)>0.005,COUNTIF(C$3:C$290,SETUP!A47),"") | M52: =IF(SUMIF(C$3:C$290,SETUP!A47,E$3:E$290)>0.005,-K52/K$4,"") | N52: =IF(SUMIF(C$3:C$290,I52,$E$3:$E$290)>0.005,K52/L52,"")
J53: =IF(SETUP!B48<>"",SETUP!B48,"") | K53: =IF(K$4<0,SUMIF($I$8:$I$52,SETUP!$G$5,$K$8:$K$52)+SUMIF($I$8:$I$52,SETUP!$G$6,$K$8:$K$52)+SUMIF($I$8:$I$52,SETUP!$G$7,$K$8:$K$52)+SUMIF($I$8:$I$52,SETUP!$G$8,$K$8:$K$52)+SUMIF($I$8:$I$52,SETUP!$G$9,$K$8:$K$52),"") | L53: =IF(K$4<0,SUMIF($I$8:$I$52,SETUP!$G$5,$L$8:$L$52)+SUMIF($I$8:$I$52,SETUP!$G$6,$L$8:$L$52)+SUMIF($I$8:$I$52,SETUP!$G$7,$L$8:$L$52)+SUMIF($I$8:$I$52,SETUP!$G$8,$L$8:$L$52)+SUMIF($I$8:$I$52,SETUP!$G$9,$L$8:$L$52),"") | M53: =IF(ISERROR(IF(K53>0.005,-K53/K$4,"")),"",-K53/K$4) | N53: =IF(AND(SUM(E$3:$E$290),L53>0.005),K53/L53,"")
J54: =IF(SETUP!B49<>"",SETUP!B49,"") | K54: =IF(K$4<0,SUMIF($I$8:$I$52,SETUP!$G$12,$K$8:$K$52)+SUMIF($I$8:$I$52,SETUP!$G$13,$K$8:$K$52)+SUMIF($I$8:$I$52,SETUP!$G$14,$K$8:$K$52)+SUMIF($I$8:$I$52,SETUP!$G$15,$K$8:$K$52)+SUMIF($I$8:$I$52,SETUP!$G$16,$K$8:$K$52),"") | L54: =IF(K$4<0,SUMIF($I$8:$I$52,SETUP!$G$12,$L$8:$L$52)+SUMIF($I$8:$I$52,SETUP!$G$13,$L$8:$L$52)+SUMIF($I$8:$I$52,SETUP!$G$14,$L$8:$L$52)+SUMIF($I$8:$I$52,SETUP!$G$15,$L$8:$L$52)+SUMIF($I$8:$I$52,SETUP!$G$16,$L$8:$L$52),"") | M54: =IF(ISERROR(IF(K54>0.005,-K54/K$4,"")),"",-K54/K$4) | N54: =IF(AND(SUM(E$3:$E$290),L54>0.005),K54/L54,"")
J55: =IF(SETUP!B50<>"",SETUP!B50,"") | K55: =IF(K$4<0,SUMIF($I$8:$I$52,SETUP!$G$19,$K$8:$K$52)+SUMIF($I$8:$I$52,SETUP!$G$20,$K$8:$K$52)+SUMIF($I$8:$I$52,SETUP!$G$21,$K$8:$K$52)+SUMIF($I$8:$I$52,SETUP!$G$22,$K$8:$K$52)+SUMIF($I$8:$I$52,SETUP!$G$23,$K$8:$K$52),"") | L55: =IF(K$4<0,SUMIF($I$8:$I$52,SETUP!$G$19,$L$8:$L$52)+SUMIF($I$8:$I$52,SETUP!$G$20,$L$8:$L$52)+SUMIF($I$8:$I$52,SETUP!$G$21,$L$8:$L$52)+SUMIF($I$8:$I$52,SETUP!$G$22,$L$8:$L$52)+SUMIF($I$8:$I$52,SETUP!$G$23,$L$8:$L$52),"") | M55: =IF(ISERROR(IF(K55>0.005,-K55/K$4,"")),"",-K55/K$4) | N55: =IF(AND(SUM(E$3:$E$290),L55>0.005),K55/L55,"")
J56: =IF(SETUP!B51<>"",SETUP!B51,"") | K56: =IF(K$4<0,SUMIF($I$8:$I$52,SETUP!$G$26,$K$8:$K$52)+SUMIF($I$8:$I$52,SETUP!$G$27,$K$8:$K$52)+SUMIF($I$8:$I$52,SETUP!$G$28,$K$8:$K$52)+SUMIF($I$8:$I$52,SETUP!$G$29,$K$8:$K$52)+SUMIF($I$8:$I$52,SETUP!$G$30,$K$8:$K$52),"") | L56: =IF(K$4<0,SUMIF($I$8:$I$52,SETUP!$G$26,$L$8:$L$52)+SUMIF($I$8:$I$52,SETUP!$G$27,$L$8:$L$52)+SUMIF($I$8:$I$52,SETUP!$G$28,$L$8:$L$52)+SUMIF($I$8:$I$52,SETUP!$G$29,$L$8:$L$52)+SUMIF($I$8:$I$52,SETUP!$G$30,$L$8:$L$52),"") | M56: =IF(ISERROR(IF(K56>0.005,-K56/K$4,"")),"",-K56/K$4) | N56: =IF(AND(SUM(E$3:$E$290),L56>0.005),K56/L56,"")
J57: =IF(SETUP!B52<>"",SETUP!B52,"") | K57: =IF(K$4<0,SUMIF($I$8:$I$52,SETUP!$G$36,$K$8:$K$52)+SUMIF($I$8:$I$52,SETUP!$G$37,$K$8:$K$52)+SUMIF($I$8:$I$52,SETUP!$G$38,$K$8:$K$52)+SUMIF($I$8:$I$52,SETUP!$G$39,$K$8:$K$52)+SUMIF($I$8:$I$52,SETUP!$G$40,$K$8:$K$52),"") | L57: =IF(K$4<0,SUMIF($I$8:$I$52,SETUP!$G$36,$L$8:$L$52)+SUMIF($I$8:$I$52,SETUP!$G$37,$L$8:$L$52)+SUMIF($I$8:$I$52,SETUP!$G$38,$L$8:$L$52)+SUMIF($I$8:$I$52,SETUP!$G$39,$L$8:$L$52)+SUMIF($I$8:$I$52,SETUP!$G$40,$L$8:$L$52),"") | M57: =IF(ISERROR(IF(K57>0.005,-K57/K$4,"")),"",-K57/K$4) | N57: =IF(AND(SUM(E$3:$E$290),L57>0.005),K57/L57,"")
J58: Unclassified Spending | K58: =IF(ISERROR(IF(-SUM(K8:K52)-K4>0.005,-SUM(K8:K52)-K4,"")),"",-SUM(K8:K52)-K4) | L58: =IF(ISERROR(IF(-SUM(K8:K52)-K4>0.005,L4-SUM(L8:L52),"")),"",L4-SUM(L8:L52)) | M58: =IF(ISERROR(IF(-SUM(K8:K52)-K4>0.005,-K58/K4,"")),"",-K58/K4) | N58: =IF(ISERROR(IF(-SUM(K8:K52)-K4>0.005,K58/L58,"")),"",IF(K58>0.005,K58/L58,""))
I60: =IF(SETUP!A53<>"",SETUP!A53,"") | J60: =IF(SETUP!B53<>"",SETUP!B53,"") | K60: =IF(SUMIF(C$3:C$290,SETUP!A53,F$3:F$290)>0.005,SUMIF(C$3:C$290,SETUP!A53,F$3:F$290),"") | L60: =IF(COUNTIF(C$3:C$290,SETUP!A53)>0.005,COUNTIF(C$3:C$290,SETUP!A53),"") | M60: =IF(SUMIF(C$3:C$290,SETUP!A53,F$3:F$290)>0.005,K60/K$3,"") | N60: =IF(SUMIF(C$3:C$290,I60,$F$3:$F$290)>0.005,K60/L60,"") | O60: Income
I61: =IF(SETUP!A54<>"",SETUP!A54,"") | J61: =IF(SETUP!B54<>"",SETUP!B54,"") | K61: =IF(SUMIF(C$3:C$290,SETUP!A54,F$3:F$290)>0.005,SUMIF(C$3:C$290,SETUP!A54,F$3:F$290),"") | L61: =IF(COUNTIF(C$3:C$290,SETUP!A54)>0.005,COUNTIF(C$3:C$290,SETUP!A54),"") | M61: =IF(SUMIF(C$3:C$290,SETUP!A54,F$3:F$290)>0.005,K61/K$3,"") | N61: =IF(SUMIF(C$3:C$290,I61,$F$3:$F$290)>0.005,K61/L61,"") | P61: Copyright by Minh Tan 2012 - digitalcitizen.ca
I62: =IF(SETUP!A55<>"",SETUP!A55,"") | J62: =IF(SETUP!B55<>"",SETUP!B55,"") | K62: =IF(SUMIF(C$3:C$290,SETUP!A55,F$3:F$290)>0.005,SUMIF(C$3:C$290,SETUP!A55,F$3:F$290),"") | L62: =IF(COUNTIF(C$3:C$290,SETUP!A55)>0.005,COUNTIF(C$3:C$290,SETUP!A55),"") | M62: =IF(SUMIF(C$3:C$290,SETUP!A55,F$3:F$290)>0.005,K62/K$3,"") | N62: =IF(SUMIF(C$3:C$290,I62,$F$3:$F$290)>0.005,K62/L62,"")
I63: =IF(SETUP!A56<>"",SETUP!A56,"") | J63: =IF(SETUP!B56<>"",SETUP!B56,"") | K63: =IF(SUMIF(C$3:C$290,SETUP!A56,F$3:F$290)>0.005,SUMIF(C$3:C$290,SETUP!A56,F$3:F$290),"") | L63: =IF(COUNTIF(C$3:C$290,SETUP!A56)>0.005,COUNTIF(C$3:C$290,SETUP!A56),"") | M63: =IF(SUMIF(C$3:C$290,SETUP!A56,F$3:F$290)>0.005,K63/K$3,"") | N63: =IF(SUMIF(C$3:C$290,I63,$F$3:$F$290)>0.005,K63/L63,"")
I64: =IF(SETUP!A57<>"",SETUP!A57,"") | J64: =IF(SETUP!B57<>"",SETUP!B57,"") | K64: =IF(SUMIF(C$3:C$290,SETUP!A57,F$3:F$290)>0.005,SUMIF(C$3:C$290,SETUP!A57,F$3:F$290),"") | L64: =IF(COUNTIF(C$3:C$290,SETUP!A57)>0.005,COUNTIF(C$3:C$290,SETUP!A57),"") | M64: =IF(SUMIF(C$3:C$290,SETUP!A57,F$3:F$290)>0.005,K64/K$3,"") | N64: =IF(SUMIF(C$3:C$290,I64,$F$3:$F$290)>0.005,K64/L64,"")
I65: =IF(SETUP!A58<>"",SETUP!A58,"") | J65: =IF(SETUP!B58<>"",SETUP!B58,"") | K65: =IF(SUMIF(C$3:C$290,SETUP!A58,F$3:F$290)>0.005,SUMIF(C$3:C$290,SETUP!A58,F$3:F$290),"") | L65: =IF(COUNTIF(C$3:C$290,SETUP!A58)>0.005,COUNTIF(C$3:C$290,SETUP!A58),"") | M65: =IF(SUMIF(C$3:C$290,SETUP!A58,F$3:F$290)>0.005,K65/K$3,"") | N65: =IF(SUMIF(C$3:C$290,I65,$F$3:$F$290)>0.005,K65/L65,"")
I66: =IF(SETUP!A59<>"",SETUP!A59,"") | J66: =IF(SETUP!B59<>"",SETUP!B59,"") | K66: =IF(SUMIF(C$3:C$290,SETUP!A59,F$3:F$290)>0.005,SUMIF(C$3:C$290,SETUP!A59,F$3:F$290),"") | L66: =IF(COUNTIF(C$3:C$290,SETUP!A59)>0.005,COUNTIF(C$3:C$290,SETUP!A59),"") | M66: =IF(SUMIF(C$3:C$290,SETUP!A59,F$3:F$290)>0.005,K66/K$3,"") | N66: =IF(SUMIF(C$3:C$290,I66,$F$3:$F$290)>0.005,K66/L66,"")
I67: =IF(SETUP!A60<>"",SETUP!A60,"") | J67: =IF(SETUP!B60<>"",SETUP!B60,"") | K67: =IF(SUMIF(C$3:C$290,SETUP!A60,F$3:F$290)>0.005,SUMIF(C$3:C$290,SETUP!A60,F$3:F$290),"") | L67: =IF(COUNTIF(C$3:C$290,SETUP!A60)>0.005,COUNTIF(C$3:C$290,SETUP!A60),"") | M67: =IF(SUMIF(C$3:C$290,SETUP!A60,F$3:F$290)>0.005,K67/K$3,"") | N67: =IF(SUMIF(C$3:C$290,I67,$F$3:$F$290)>0.005,K67/L67,"")
I68: =IF(SETUP!A61<>"",SETUP!A61,"") | J68: =IF(SETUP!B61<>"",SETUP!B61,"") | K68: =IF(SUMIF(C$3:C$290,SETUP!A61,F$3:F$290)>0.005,SUMIF(C$3:C$290,SETUP!A61,F$3:F$290),"") | L68: =IF(COUNTIF(C$3:C$290,SETUP!A61)>0.005,COUNTIF(C$3:C$290,SETUP!A61),"") | M68: =IF(SUMIF(C$3:C$290,SETUP!A61,F$3:F$290)>0.005,K68/K$3,"") | N68: =IF(SUMIF(C$3:C$290,I68,$F$3:$F$290)>0.005,K68/L68,"")
I69: =IF(SETUP!A62<>"",SETUP!A62,"") | J69: =IF(SETUP!B62<>"",SETUP!B62,"") | K69: =IF(SUMIF(C$3:C$290,SETUP!A62,F$3:F$290)>0.005,SUMIF(C$3:C$290,SETUP!A62,F$3:F$290),"") | L69: =IF(COUNTIF(C$3:C$290,SETUP!A62)>0.005,COUNTIF(C$3:C$290,SETUP!A62),"") | M69: =IF(SUMIF(C$3:C$290,SETUP!A62,F$3:F$290)>0.005,K69/K$3,"") | N69: =IF(SUMIF(C$3:C$290,I69,$F$3:$F$290)>0.005,K69/L69,"")
J70: =IF(AND(SETUP!A$63<>"",SETUP!A$63<>"x"),SETUP!B$63,"") | K70: =IF(SUM(F$3:F$290)>0.005,SUMIF($I$60:$I$69,SETUP!$G$43,$K$60:$K$69)+SUMIF($I$60:$I$69,SETUP!$G$44,$K$60:$K$69)+SUMIF($I$60:$I$69,SETUP!$G$45,$K$60:$K$69)+SUMIF($I$60:$I$69,SETUP!$G$46,$K$60:$K$69),"") | L70: =IF(SUM(F$3:F$290)>0.005,SUMIF($I$60:$I$69,SETUP!$G$43,$L$60:$L$69)+SUMIF($I$60:$I$69,SETUP!$G$44,$L$60:$L$69)+SUMIF($I$60:$I$69,SETUP!$G$45,$L$60:$L$69)+SUMIF($I$60:$I$69,SETUP!$G$46,$L$60:$L$69),"") | M70: =IF(ISERROR(IF(K70>0.005,K70/K$3,"")),"",K70/K$3) | N70: =IF(AND(SUM(F$3:$F$290),L70>0.005),K70/L70,"")
J71: =SETUP!H48 | K71: =IF(SUM(F$3:F$290)>0.005,SUMIF($I$60:$I$69,SETUP!$G$49,$K$60:$K$69)+SUMIF($I$60:$I$69,SETUP!$G$50,$K$60:$K$69)+SUMIF($I$60:$I$69,SETUP!$G$51,$K$60:$K$69)+SUMIF($I$60:$I$69,SETUP!$G$52,$K$60:$K$69),"") | L71: =IF(SUM(F$3:F$290)>0.005,SUMIF($I$60:$I$69,SETUP!$G$49,$L$60:$L$69)+SUMIF($I$60:$I$69,SETUP!$G$50,$L$60:$L$69)+SUMIF($I$60:$I$69,SETUP!$G$51,$L$60:$L$69)+SUMIF($I$60:$I$69,SETUP!$G$52,$L$60:$L$69),"") | M71: =IF(ISERROR(IF(K71>0.005,K71/K$3,"")),"",K71/K$3) | N71: =IF(AND(SUM(F$3:$F$290),L71>0.005),K71/L71,"")
J72: =IF(AND(SETUP!A$65<>"",SETUP!A$65<>"x"),SETUP!B$65,"") | K72: =IF(SUM(F$3:F$290)>0.005,SUMIF($I$60:$I$69,SETUP!$G$55,$K$60:$K$69)+SUMIF($I$60:$I$69,SETUP!$G$56,$K$60:$K$69)+SUMIF($I$60:$I$69,SETUP!$G$57,$K$60:$K$69)+SUMIF($I$60:$I$69,SETUP!$G$58,$K$60:$K$69),"") | L72: =IF(SUM(F$3:F$290)>0.005,SUMIF($I$60:$I$69,SETUP!$G$55,$L$60:$L$69)+SUMIF($I$60:$I$69,SETUP!$G$56,$L$60:$L$69)+SUMIF($I$60:$I$69,SETUP!$G$57,$L$60:$L$69)+SUMIF($I$60:$I$69,SETUP!$G$58,$L$60:$L$69),"") | M72: =IF(ISERROR(IF(K72>0.005,K72/K$3,"")),"",K72/K$3) | N72: =IF(AND(SUM(F$3:$F$290),L72>0.005),K72/L72,"")
J73: Unclassified Income | K73: =IF(ISERROR(IF(K3-SUM(K60:K69)>0.005,K3-SUM(K60:K69),"")),"",K3-SUM(K60:K69)) | L73: =IF(ISERROR(IF(L3-SUM(L60:L69)>0.005,L3-SUM(L60:L69),"")),"",L3-SUM(L60:L69)) | M73: =IF(ISERROR(IF(K3-SUM(K60:K69)>0.005,K73/K3,"")),"",K73/K3) | N73: =IF(ISERROR(IF(L3-SUM(L60:L69)>0.005,K73/L73,"")),"",IF(K73>0.005,K73/L73,""))
I75: =IF(SETUP!A66<>"",SETUP!A66,"") | J75: =IF(SETUP!B66<>"",SETUP!B66,"") | K75: =IF(SUMIF(B$3:B$290,SETUP!A66,E$3:E$290)>0.005,SUMIF(B$3:B$290,SETUP!A66,E$3:E$290),"") | L75: =IF(COUNTIF(B$3:B$290,SETUP!A66)>0.005,COUNTIF(B$3:B$290,SETUP!A66),"") | M75: =IF(SUMIF(B$3:B$290,SETUP!A66,E$3:E$290)>0.005,-K75/K$4,"") | N75: =IF(SUMIF(B$3:B$290,I75,$E$3:$E$290)>0.005,K75/L75,"") | O75: Payment Methods
I76: =IF(SETUP!A67<>"",SETUP!A67,"") | J76: =IF(SETUP!B67<>"",SETUP!B67,"") | K76: =IF(SUMIF(B$3:B$290,SETUP!A67,E$3:E$290)>0.005,SUMIF(B$3:B$290,SETUP!A67,E$3:E$290),"") | L76: =IF(COUNTIF(B$3:B$290,SETUP!A67)>0.005,COUNTIF(B$3:B$290,SETUP!A67),"") | M76: =IF(SUMIF(B$3:B$290,SETUP!A67,E$3:E$290)>0.005,-K76/K$4,"") | N76: =IF(SUMIF(B$3:B$290,I76,$E$3:$E$290)>0.005,K76/L76,"") | P76: Copyright by Minh Tan 2012 - digitalcitizen.ca
I77: =IF(SETUP!A68<>"",SETUP!A68,"") | J77: =IF(SETUP!B68<>"",SETUP!B68,"") | K77: =IF(SUMIF(B$3:B$290,SETUP!A68,E$3:E$290)>0.005,SUMIF(B$3:B$290,SETUP!A68,E$3:E$290),"") | L77: =IF(COUNTIF(B$3:B$290,SETUP!A68)>0.005,COUNTIF(B$3:B$290,SETUP!A68),"") | M77: =IF(SUMIF(B$3:B$290,SETUP!A68,E$3:E$290)>0.005,-K77/K$4,"") | N77: =IF(SUMIF(B$3:B$290,I77,$E$3:$E$290)>0.005,K77/L77,"")
I78: =IF(SETUP!A69<>"",SETUP!A69,"") | J78: =IF(SETUP!B69<>"",SETUP!B69,"") | K78: =IF(SUMIF(B$3:B$290,SETUP!A69,E$3:E$290)>0.005,SUMIF(B$3:B$290,SETUP!A69,E$3:E$290),"") | L78: =IF(COUNTIF(B$3:B$290,SETUP!A69)>0.005,COUNTIF(B$3:B$290,SETUP!A69),"") | M78: =IF(SUMIF(B$3:B$290,SETUP!A69,E$3:E$290)>0.005,-K78/K$4,"") | N78: =IF(SUMIF(B$3:B$290,I78,$E$3:$E$290)>0.005,K78/L78,"")
I79: =IF(SETUP!A70<>"",SETUP!A70,"") | J79: =IF(SETUP!B70<>"",SETUP!B70,"") | K79: =IF(SUMIF(B$3:B$290,SETUP!A70,E$3:E$290)>0.005,SUMIF(B$3:B$290,SETUP!A70,E$3:E$290),"") | L79: =IF(COUNTIF(B$3:B$290,SETUP!A70)>0.005,COUNTIF(B$3:B$290,SETUP!A70),"") | M79: =IF(SUMIF(B$3:B$290,SETUP!A70,E$3:E$290)>0.005,-K79/K$4,"") | N79: =IF(SUMIF(B$3:B$290,I79,$E$3:$E$290)>0.005,K79/L79,"")
I80: =IF(SETUP!A71<>"",SETUP!A71,"") | J80: =IF(SETUP!B71<>"",SETUP!B71,"") | K80: =IF(SUMIF(B$3:B$290,SETUP!A71,E$3:E$290)>0.005,SUMIF(B$3:B$290,SETUP!A71,E$3:E$290),"") | L80: =IF(COUNTIF(B$3:B$290,SETUP!A71)>0.005,COUNTIF(B$3:B$290,SETUP!A71),"") | M80: =IF(SUMIF(B$3:B$290,SETUP!A71,E$3:E$290)>0.005,-K80/K$4,"") | N80: =IF(SUMIF(B$3:B$290,I80,$E$3:$E$290)>0.005,K80/L80,"")
I81: =IF(SETUP!A72<>"",SETUP!A72,"") | J81: =IF(SETUP!B72<>"",SETUP!B72,"") | K81: =IF(SUMIF(B$3:B$290,SETUP!A72,E$3:E$290)>0.005,SUMIF(B$3:B$290,SETUP!A72,E$3:E$290),"") | L81: =IF(COUNTIF(B$3:B$290,SETUP!A72)>0.005,COUNTIF(B$3:B$290,SETUP!A72),"") | M81: =IF(SUMIF(B$3:B$290,SETUP!A72,E$3:E$290)>0.005,-K81/K$4,"") | N81: =IF(SUMIF(B$3:B$290,I81,$E$3:$E$290)>0.005,K81/L81,"")
I82: =IF(SETUP!A73<>"",SETUP!A73,"") | J82: =IF(SETUP!B73<>"",SETUP!B73,"") | K82: =IF(SUMIF(B$3:B$290,SETUP!A73,E$3:E$290)>0.005,SUMIF(B$3:B$290,SETUP!A73,E$3:E$290),"") | L82: =IF(COUNTIF(B$3:B$290,SETUP!A73)>0.005,COUNTIF(B$3:B$290,SETUP!A73),"") | M82: =IF(SUMIF(B$3:B$290,SETUP!A73,E$3:E$290)>0.005,-K82/K$4,"") | N82: =IF(SUMIF(B$3:B$290,I82,$E$3:$E$290)>0.005,K82/L82,"")
J83: =IF(SETUP!B74<>"",SETUP!B74,"") | K83: =IF(K$4<0,SUMIF($I$75:$I$82,SETUP!$G$61,$K$75:$K$82)+SUMIF($I$75:$I$82,SETUP!$G$62,$K$75:$K$82)+SUMIF($I$75:$I$82,SETUP!$G$63,$K$75:$K$82)+SUMIF($I$75:$I$82,SETUP!$G$64,$K$75:$K$82),"") | L83: =IF(K$4<0,SUMIF($I$75:$I$82,SETUP!$G$61,$L$75:$L$82)+SUMIF($I$75:$I$82,SETUP!$G$62,$L$75:$L$82)+SUMIF($I$75:$I$82,SETUP!$G$63,$L$75:$L$82)+SUMIF($I$75:$I$82,SETUP!$G$64,$L$75:$L$82),"") | M83: =IF(ISERROR(IF($K$83>0.005,-$K83/K$4,"")),"",-$K83/K$4) | N83: =IF(AND(SUM(E$3:$E$290),L83>0.005),K83/L83,"")
J84: =IF(SETUP!B75<>"",SETUP!B75,"") | K84: =IF(K$4<0,SUMIF($I$75:$I$82,SETUP!$G$68,$K$75:$K$82)+SUMIF($I$75:$I$82,SETUP!$G$69,$K$75:$K$82)+SUMIF($I$75:$I$82,SETUP!$G$70,$K$75:$K$82)+SUMIF($I$75:$I$82,SETUP!$G$71,$K$75:$K$82),"") | L84: =IF(K$4<0,SUMIF($I$75:$I$82,SETUP!$G$68,$L$75:$L$82)+SUMIF($I$75:$I$82,SETUP!$G$69,$L$75:$L$82)+SUMIF($I$75:$I$82,SETUP!$G$70,$L$75:$L$82)+SUMIF($I$75:$I$82,SETUP!$G$71,$L$75:$L$82),"") | M84: =IF(ISERROR(IF($K$83>0.005,-$K84/K$4,"")),"",-$K84/K$4) | N84: =IF(AND(SUM(E$3:$E$290),L84>0.005),K84/L84,"")
J85: =IF(SETUP!B76<>"",SETUP!B76,"") | K85: =IF(K$4<0,SUMIF($I$75:$I$82,SETUP!$G$75,$K$75:$K$82)+SUMIF($I$75:$I$82,SETUP!$G$76,$K$75:$K$82)+SUMIF($I$75:$I$82,SETUP!$G$77,$K$75:$K$82)+SUMIF($I$75:$I$82,SETUP!$G$78,$K$75:$K$82),"") | L85: =IF(K$4<0,SUMIF($I$75:$I$82,SETUP!$G$75,$L$75:$L$82)+SUMIF($I$75:$I$82,SETUP!$G$76,$L$75:$L$82)+SUMIF($I$75:$I$82,SETUP!$G$77,$L$75:$L$82)+SUMIF($I$75:$I$82,SETUP!$G$78,$L$75:$L$82),"") | M85: =IF(ISERROR(IF($K$83>0.005,-$K85/K$4,"")),"",-$K85/K$4) | N85: =IF(AND(SUM(E$3:$E$290),L85>0.005),K85/L85,"")
J86: Unclassified Payment Methods | K86: =IF(ISERROR(IF(SUM(E3:E290)>SUM(K75:K82),SUM(E3:E290)-SUM(K75:K82),"")),"",IF(SUM(E3:E290)-SUM(K75:K82)>0,SUM(E3:E290)-SUM(K75:K82),"")) | L86: =IF(ISERROR(IF(SUM(E3:E290)>SUM(K75:K82),L4-SUM(L75:L82),"")),"",IF(SUM(E3:E290)-SUM(K75:K82)>0,COUNTIF(E3:E290,">0.005")-SUM(L75:L82),"")) | M86: =IF(SUM(E3:E290)-SUM(K75:K82)>0,K86/SUM(E3:E290),"") | N86: =IF(SUM(E3:E290)-SUM(K75:K82)>0.005,K86/L86,"")
J90: INCOME | K90: =IF($K$3>0.005,$K$3,"") | L90: =IF($L$3>0.005,$L$3,"") | N90: =IF(N3>0.005,N3,"")
J91: EXPENDITURES | K91: =IF($K$4<0,$K$4,"") | L91: =IF($L$4>0.005,$L$4,"") | M91: =IF($M$4<>"",$M$4,"") | N91: =IF(N4<0,N4,"") | P91: Copyright by Minh Tan 2012 - digitalcitizen.ca
J92: NET | K92: =IF($K$5<>"",$K$5,"") | L92: =IF(L$5<>"",L$5,"")
J93: CURRENT BALANCE | K93: =IF($K$6<>0.005,$K$6,"")
J94: POORLY SPENT | K94: =IF($K$7<0,$K$7,"") | L94: =IF($L$7<>"",$L$7,"") | M94: =IF($M$7<>"",$M$7,"") | N94: =IF(N7<0,N7,"")
I95: =$I$8 | J95: =$J$8 | K95: =IF(K8<>"",K8,"") | L95: =IF(L8<>"",L8,"") | M95: =IF(M8<>"",M8,"") | N95: =IF(N8>0.005,N8,"") | O95: Expenditures
I96: =$I$9 | J96: =$J$9 | K96: =IF(K9<>"",K9,"") | L96: =IF(L9<>"",L9,"") | M96: =IF(M9<>"",M9,"") | N96: =IF(N9>0.005,N9,"")
I97: =$I$10 | J97: =$J$10 | K97: =IF(K10<>"",K10,"") | L97: =IF(L10<>"",L10,"") | M97: =IF(M10<>"",M10,"") | N97: =IF(N10>0.005,N10,"")
I98: =$I$11 | J98: =$J$11 | K98: =IF(K11<>"",K11,"") | L98: =IF(L11<>"",L11,"") | M98: =IF(M11<>"",M11,"") | N98: =IF(N11>0.005,N11,"")
I99: =$I$12 | J99: =$J$12 | K99: =IF(K12<>"",K12,"") | L99: =IF(L12<>"",L12,"") | M99: =IF(M12<>"",M12,"") | N99: =IF(N12>0.005,N12,"")
I100: =$I$13 | J100: =$J$13 | K100: =IF(K13<>"",K13,"") | L100: =IF(L13<>"",L13,"") | M100: =IF(M13<>"",M13,"") | N100: =IF(N13>0.005,N13,"")
I101: =$I$14 | J101: =$J$14 | K101: =IF(K14<>"",K14,"") | L101: =IF(L14<>"",L14,"") | M101: =IF(M14<>"",M14,"") | N101: =IF(N14>0.005,N14,"")
I102: =$I$15 | J102: =$J$15 | K102: =IF(K15<>"",K15,"") | L102: =IF(L15<>"",L15,"") | M102: =IF(M15<>"",M15,"") | N102: =IF(N15>0.005,N15,"")
I103: =$I$16 | J103: =$J$16 | K103: =IF(K16<>"",K16,"") | L103: =IF(L16<>"",L16,"") | M103: =IF(M16<>"",M16,"") | N103: =IF(N16>0.005,N16,"")
I104: =$I$17 | J104: =$J$17 | K104: =IF(K17<>"",K17,"") | L104: =IF(L17<>"",L17,"") | M104: =IF(M17<>"",M17,"") | N104: =IF(N17>0.005,N17,"")
I105: =$I$18 | J105: =$J$18 | K105: =IF(K18<>"",K18,"") | L105: =IF(L18<>"",L18,"") | M105: =IF(M18<>"",M18,"") | N105: =IF(N18>0.005,N18,"")
...

Sheet JUN
A1: Date | B1: Met | C1: Cat | D1: Transaction Description (June) | E1: Spent | F1: Earned | G1: =SETUP!H89 -> X | I1: CATEGORIES | K1: Amount | L1: # Trans | M1: % | N1: Avg per Trans | P1: Copyright by Minh Tan 2012 - digitalcitizen.ca
D2: Starting Balance | E2: =IF(SETUP!H83=6,SETUP!E96,MAY!K6)
D3: =IF(SETUP!$B$116<>"",SETUP!$B$116,"") | J3: INCOME | K3: =IF(SUM(F3:F290)>0.005,SUM(F3:F290),"") | L3: =IF(COUNTIF(F3:F290,">0.005")>0.005,COUNTIF(F3:F290,">0.005"),"") | N3: =IF(SUM(F3:F290)>0.005,K3/L3,"")
D4: =IF(SETUP!$B$117<>"",SETUP!$B$117,"") | J4: EXPENDITURES | K4: =IF(SUM(E3:E290)>0.005,-SUM(E3:E290),"") | L4: =IF(COUNTIF(E3:E290,">0.005")>0.005,COUNTIF(E3:E290,">0.005"),"") | M4: =IF(ISERROR(IF(K3>1,-K4/K3,"")),"",K4/K3) | N4: =IF(SUM(E3:E290)>0.005,K4/L4,"")
D5: =IF(SETUP!$B$118<>"",SETUP!$B$118,"") | J5: NET | K5: =IF(OR(SUM(F3:F290)>0.005,K4<-0.005),SUM(K3:K4),"") | L5: =IF(OR(-SUM(F3:F290)-SUM(E3:E290)>0.005,SUM(F3:F290)-SUM(K60:K69)>0.005,-SUM(E3:E290)-SUM(K83:K85)>0.005),("Check unclassified entries in "&IF(-SUM(K8:K52)-K4>0.005,"Expenditures ","")&IF(K3-SUM(K60:K69)>0.005,"Income ","")&IF(-K4-SUM(K83:K85)>0.005,"Payment","")),"")
D6: =IF(SETUP!$B$119<>"",SETUP!$B$119,"") | J6: CURRENT BALANCE | K6: =IF(OR(SUM(F3:F290)>0.005,K4<-0.005),SUM(E2,K5),"")
D7: =IF(SETUP!$B$120<>"",SETUP!$B$120,"") | J7: POORLY SPENT | K7: =IF(SUM(G3:G290)>0.005,-SUM(G3:G290),"") | L7: =IF(COUNTIF(G3:G290,">0.005")>0.005,COUNTIF(G3:G290,">0.005"),"") | M7: =IF(SUM(G3:G290)>0.005,K7/K4,"") | N7: =IF(K7<0,K7/L7,"")
D8: =IF(SETUP!$B$121<>"",SETUP!$B$121,"") | I8: =IF(SETUP!A3<>"",SETUP!A3,"") | J8: =IF(SETUP!B3<>"",SETUP!B3,"") | K8: =IF(SUMIF(C$3:C$290,SETUP!A3,E$3:E$290)>0.005,SUMIF(C$3:C$290,SETUP!A3,E$3:E$290),"") | L8: =IF(COUNTIF(C$3:C$290,SETUP!A3)>0.005,COUNTIF(C$3:C$290,SETUP!A3),"") | M8: =IF(SUMIF(C$3:C$290,SETUP!A3,E$3:E$290)>0.005,-K8/K$4,"") | N8: =IF(SUMIF(C$3:C$290,I8,$E$3:$E$290)>0.005,K8/L8,"") | O8: Expenditures
D9: =IF(SETUP!$B$122<>"",SETUP!$B$122,"") | I9: =IF(SETUP!A4<>"",SETUP!A4,"") | J9: =IF(SETUP!B4<>"",SETUP!B4,"") | K9: =IF(SUMIF(C$3:C$290,SETUP!A4,E$3:E$290)>0.005,SUMIF(C$3:C$290,SETUP!A4,E$3:E$290),"") | L9: =IF(COUNTIF(C$3:C$290,SETUP!A4)>0.005,COUNTIF(C$3:C$290,SETUP!A4),"") | M9: =IF(SUMIF(C$3:C$290,SETUP!A4,E$3:E$290)>0.005,-K9/K$4,"") | N9: =IF(SUMIF(C$3:C$290,I9,$E$3:$E$290)>0.005,K9/L9,"")
D10: =IF(SETUP!$B$123<>"",SETUP!$B$123,"") | I10: =IF(SETUP!A5<>"",SETUP!A5,"") | J10: =IF(SETUP!B5<>"",SETUP!B5,"") | K10: =IF(SUMIF(C$3:C$290,SETUP!A5,E$3:E$290)>0.005,SUMIF(C$3:C$290,SETUP!A5,E$3:E$290),"") | L10: =IF(COUNTIF(C$3:C$290,SETUP!A5)>0.005,COUNTIF(C$3:C$290,SETUP!A5),"") | M10: =IF(SUMIF(C$3:C$290,SETUP!A5,E$3:E$290)>0.005,-K10/K$4,"") | N10: =IF(SUMIF(C$3:C$290,I10,$E$3:$E$290)>0.005,K10/L10,"")
D11: =IF(SETUP!$B$124<>"",SETUP!$B$124,"") | I11: =IF(SETUP!A6<>"",SETUP!A6,"") | J11: =IF(SETUP!B6<>"",SETUP!B6,"") | K11: =IF(SUMIF(C$3:C$290,SETUP!A6,E$3:E$290)>0.005,SUMIF(C$3:C$290,SETUP!A6,E$3:E$290),"") | L11: =IF(COUNTIF(C$3:C$290,SETUP!A6)>0.005,COUNTIF(C$3:C$290,SETUP!A6),"") | M11: =IF(SUMIF(C$3:C$290,SETUP!A6,E$3:E$290)>0.005,-K11/K$4,"") | N11: =IF(SUMIF(C$3:C$290,I11,$E$3:$E$290)>0.005,K11/L11,"")
D12: =IF(SETUP!$B$125<>"",SETUP!$B$125,"") | I12: =IF(SETUP!A7<>"",SETUP!A7,"") | J12: =IF(SETUP!B7<>"",SETUP!B7,"") | K12: =IF(SUMIF(C$3:C$290,SETUP!A7,E$3:E$290)>0.005,SUMIF(C$3:C$290,SETUP!A7,E$3:E$290),"") | L12: =IF(COUNTIF(C$3:C$290,SETUP!A7)>0.005,COUNTIF(C$3:C$290,SETUP!A7),"") | M12: =IF(SUMIF(C$3:C$290,SETUP!A7,E$3:E$290)>0.005,-K12/K$4,"") | N12: =IF(SUMIF(C$3:C$290,I12,$E$3:$E$290)>0.005,K12/L12,"")
D13: =IF(SETUP!$B$126<>"",SETUP!$B$126,"") | I13: =IF(SETUP!A8<>"",SETUP!A8,"") | J13: =IF(SETUP!B8<>"",SETUP!B8,"") | K13: =IF(SUMIF(C$3:C$290,SETUP!A8,E$3:E$290)>0.005,SUMIF(C$3:C$290,SETUP!A8,E$3:E$290),"") | L13: =IF(COUNTIF(C$3:C$290,SETUP!A8)>0.005,COUNTIF(C$3:C$290,SETUP!A8),"") | M13: =IF(SUMIF(C$3:C$290,SETUP!A8,E$3:E$290)>0.005,-K13/K$4,"") | N13: =IF(SUMIF(C$3:C$290,I13,$E$3:$E$290)>0.005,K13/L13,"")
D14: =IF(SETUP!$B$127<>"",SETUP!$B$127,"") | I14: =IF(SETUP!A9<>"",SETUP!A9,"") | J14: =IF(SETUP!B9<>"",SETUP!B9,"") | K14: =IF(SUMIF(C$3:C$290,SETUP!A9,E$3:E$290)>0.005,SUMIF(C$3:C$290,SETUP!A9,E$3:E$290),"") | L14: =IF(COUNTIF(C$3:C$290,SETUP!A9)>0.005,COUNTIF(C$3:C$290,SETUP!A9),"") | M14: =IF(SUMIF(C$3:C$290,SETUP!A9,E$3:E$290)>0.005,-K14/K$4,"") | N14: =IF(SUMIF(C$3:C$290,I14,$E$3:$E$290)>0.005,K14/L14,"")
D15: =IF(SETUP!$B$128<>"",SETUP!$B$128,"") | I15: =IF(SETUP!A10<>"",SETUP!A10,"") | J15: =IF(SETUP!B10<>"",SETUP!B10,"") | K15: =IF(SUMIF(C$3:C$290,SETUP!A10,E$3:E$290)>0.005,SUMIF(C$3:C$290,SETUP!A10,E$3:E$290),"") | L15: =IF(COUNTIF(C$3:C$290,SETUP!A10)>0.005,COUNTIF(C$3:C$290,SETUP!A10),"") | M15: =IF(SUMIF(C$3:C$290,SETUP!A10,E$3:E$290)>0.005,-K15/K$4,"") | N15: =IF(SUMIF(C$3:C$290,I15,$E$3:$E$290)>0.005,K15/L15,"")
D16: =IF(SETUP!$B$129<>"",SETUP!$B$129,"") | I16: =IF(SETUP!A11<>"",SETUP!A11,"") | J16: =IF(SETUP!B11<>"",SETUP!B11,"") | K16: =IF(SUMIF(C$3:C$290,SETUP!A11,E$3:E$290)>0.005,SUMIF(C$3:C$290,SETUP!A11,E$3:E$290),"") | L16: =IF(COUNTIF(C$3:C$290,SETUP!A11)>0.005,COUNTIF(C$3:C$290,SETUP!A11),"") | M16: =IF(SUMIF(C$3:C$290,SETUP!A11,E$3:E$290)>0.005,-K16/K$4,"") | N16: =IF(SUMIF(C$3:C$290,I16,$E$3:$E$290)>0.005,K16/L16,"") | P16: Copyright by Minh Tan 2012 - digitalcitizen.ca
D17: =IF(SETUP!$B$130<>"",SETUP!$B$130,"") | I17: =IF(SETUP!A12<>"",SETUP!A12,"") | J17: =IF(SETUP!B12<>"",SETUP!B12,"") | K17: =IF(SUMIF(C$3:C$290,SETUP!A12,E$3:E$290)>0.005,SUMIF(C$3:C$290,SETUP!A12,E$3:E$290),"") | L17: =IF(COUNTIF(C$3:C$290,SETUP!A12)>0.005,COUNTIF(C$3:C$290,SETUP!A12),"") | M17: =IF(SUMIF(C$3:C$290,SETUP!A12,E$3:E$290)>0.005,-K17/K$4,"") | N17: =IF(SUMIF(C$3:C$290,I17,$E$3:$E$290)>0.005,K17/L17,"")
D18: =IF(SETUP!$B$131<>"",SETUP!$B$131,"") | I18: =IF(SETUP!A13<>"",SETUP!A13,"") | J18: =IF(SETUP!B13<>"",SETUP!B13,"") | K18: =IF(SUMIF(C$3:C$290,SETUP!A13,E$3:E$290)>0.005,SUMIF(C$3:C$290,SETUP!A13,E$3:E$290),"") | L18: =IF(COUNTIF(C$3:C$290,SETUP!A13)>0.005,COUNTIF(C$3:C$290,SETUP!A13),"") | M18: =IF(SUMIF(C$3:C$290,SETUP!A13,E$3:E$290)>0.005,-K18/K$4,"") | N18: =IF(SUMIF(C$3:C$290,I18,$E$3:$E$290)>0.005,K18/L18,"")
D19: =IF(SETUP!$B$132<>"",SETUP!$B$132,"") | I19: =IF(SETUP!A14<>"",SETUP!A14,"") | J19: =IF(SETUP!B14<>"",SETUP!B14,"") | K19: =IF(SUMIF(C$3:C$290,SETUP!A14,E$3:E$290)>0.005,SUMIF(C$3:C$290,SETUP!A14,E$3:E$290),"") | L19: =IF(COUNTIF(C$3:C$290,SETUP!A14)>0.005,COUNTIF(C$3:C$290,SETUP!A14),"") | M19: =IF(SUMIF(C$3:C$290,SETUP!A14,E$3:E$290)>0.005,-K19/K$4,"") | N19: =IF(SUMIF(C$3:C$290,I19,$E$3:$E$290)>0.005,K19/L19,"")
D20: =IF(SETUP!$B$133<>"",SETUP!$B$133,"") | I20: =IF(SETUP!A15<>"",SETUP!A15,"") | J20: =IF(SETUP!B15<>"",SETUP!B15,"") | K20: =IF(SUMIF(C$3:C$290,SETUP!A15,E$3:E$290)>0.005,SUMIF(C$3:C$290,SETUP!A15,E$3:E$290),"") | L20: =IF(COUNTIF(C$3:C$290,SETUP!A15)>0.005,COUNTIF(C$3:C$290,SETUP!A15),"") | M20: =IF(SUMIF(C$3:C$290,SETUP!A15,E$3:E$290)>0.005,-K20/K$4,"") | N20: =IF(SUMIF(C$3:C$290,I20,$E$3:$E$290)>0.005,K20/L20,"")
D21: =IF(SETUP!$B$134<>"",SETUP!$B$134,"") | I21: =IF(SETUP!A16<>"",SETUP!A16,"") | J21: =IF(SETUP!B16<>"",SETUP!B16,"") | K21: =IF(SUMIF(C$3:C$290,SETUP!A16,E$3:E$290)>0.005,SUMIF(C$3:C$290,SETUP!A16,E$3:E$290),"") | L21: =IF(COUNTIF(C$3:C$290,SETUP!A16)>0.005,COUNTIF(C$3:C$290,SETUP!A16),"") | M21: =IF(SUMIF(C$3:C$290,SETUP!A16,E$3:E$290)>0.005,-K21/K$4,"") | N21: =IF(SUMIF(C$3:C$290,I21,$E$3:$E$290)>0.005,K21/L21,"")
D22: =IF(SETUP!$B$135<>"",SETUP!$B$135,"") | I22: =IF(SETUP!A17<>"",SETUP!A17,"") | J22: =IF(SETUP!B17<>"",SETUP!B17,"") | K22: =IF(SUMIF(C$3:C$290,SETUP!A17,E$3:E$290)>0.005,SUMIF(C$3:C$290,SETUP!A17,E$3:E$290),"") | L22: =IF(COUNTIF(C$3:C$290,SETUP!A17)>0.005,COUNTIF(C$3:C$290,SETUP!A17),"") | M22: =IF(SUMIF(C$3:C$290,SETUP!A17,E$3:E$290)>0.005,-K22/K$4,"") | N22: =IF(SUMIF(C$3:C$290,I22,$E$3:$E$290)>0.005,K22/L22,"")
D23: =IF(SETUP!$B$136<>"",SETUP!$B$136,"") | I23: =IF(SETUP!A18<>"",SETUP!A18,"") | J23: =IF(SETUP!B18<>"",SETUP!B18,"") | K23: =IF(SUMIF(C$3:C$290,SETUP!A18,E$3:E$290)>0.005,SUMIF(C$3:C$290,SETUP!A18,E$3:E$290),"") | L23: =IF(COUNTIF(C$3:C$290,SETUP!A18)>0.005,COUNTIF(C$3:C$290,SETUP!A18),"") | M23: =IF(SUMIF(C$3:C$290,SETUP!A18,E$3:E$290)>0.005,-K23/K$4,"") | N23: =IF(SUMIF(C$3:C$290,I23,$E$3:$E$290)>0.005,K23/L23,"")
D24: =IF(SETUP!$B$137<>"",SETUP!$B$137,"") | I24: =IF(SETUP!A19<>"",SETUP!A19,"") | J24: =IF(SETUP!B19<>"",SETUP!B19,"") | K24: =IF(SUMIF(C$3:C$290,SETUP!A19,E$3:E$290)>0.005,SUMIF(C$3:C$290,SETUP!A19,E$3:E$290),"") | L24: =IF(COUNTIF(C$3:C$290,SETUP!A19)>0.005,COUNTIF(C$3:C$290,SETUP!A19),"") | M24: =IF(SUMIF(C$3:C$290,SETUP!A19,E$3:E$290)>0.005,-K24/K$4,"") | N24: =IF(SUMIF(C$3:C$290,I24,$E$3:$E$290)>0.005,K24/L24,"")
D25: =IF(SETUP!$B$138<>"",SETUP!$B$138,"") | I25: =IF(SETUP!A20<>"",SETUP!A20,"") | J25: =IF(SETUP!B20<>"",SETUP!B20,"") | K25: =IF(SUMIF(C$3:C$290,SETUP!A20,E$3:E$290)>0.005,SUMIF(C$3:C$290,SETUP!A20,E$3:E$290),"") | L25: =IF(COUNTIF(C$3:C$290,SETUP!A20)>0.005,COUNTIF(C$3:C$290,SETUP!A20),"") | M25: =IF(SUMIF(C$3:C$290,SETUP!A20,E$3:E$290)>0.005,-K25/K$4,"") | N25: =IF(SUMIF(C$3:C$290,I25,$E$3:$E$290)>0.005,K25/L25,"") | O25: Expenditures
D26: =IF(SETUP!$B$139<>"",SETUP!$B$139,"Blue spaces reserved for repeating monthly items") -> Blue spaces reserved for repeating monthly items | I26: =IF(SETUP!A21<>"",SETUP!A21,"") | J26: =IF(SETUP!B21<>"",SETUP!B21,"") | K26: =IF(SUMIF(C$3:C$290,SETUP!A21,E$3:E$290)>0.005,SUMIF(C$3:C$290,SETUP!A21,E$3:E$290),"") | L26: =IF(COUNTIF(C$3:C$290,SETUP!A21)>0.005,COUNTIF(C$3:C$290,SETUP!A21),"") | M26: =IF(SUMIF(C$3:C$290,SETUP!A21,E$3:E$290)>0.005,-K26/K$4,"") | N26: =IF(SUMIF(C$3:C$290,I26,$E$3:$E$290)>0.005,K26/L26,"")
I27: =IF(SETUP!A22<>"",SETUP!A22,"") | J27: =IF(SETUP!B22<>"",SETUP!B22,"") | K27: =IF(SUMIF(C$3:C$290,SETUP!A22,E$3:E$290)>0.005,SUMIF(C$3:C$290,SETUP!A22,E$3:E$290),"") | L27: =IF(COUNTIF(C$3:C$290,SETUP!A22)>0.005,COUNTIF(C$3:C$290,SETUP!A22),"") | M27: =IF(SUMIF(C$3:C$290,SETUP!A22,E$3:E$290)>0.005,-K27/K$4,"") | N27: =IF(SUMIF(C$3:C$290,I27,$E$3:$E$290)>0.005,K27/L27,"")
I28: =IF(SETUP!A23<>"",SETUP!A23,"") | J28: =IF(SETUP!B23<>"",SETUP!B23,"") | K28: =IF(SUMIF(C$3:C$290,SETUP!A23,E$3:E$290)>0.005,SUMIF(C$3:C$290,SETUP!A23,E$3:E$290),"") | L28: =IF(COUNTIF(C$3:C$290,SETUP!A23)>0.005,COUNTIF(C$3:C$290,SETUP!A23),"") | M28: =IF(SUMIF(C$3:C$290,SETUP!A23,E$3:E$290)>0.005,-K28/K$4,"") | N28: =IF(SUMIF(C$3:C$290,I28,$E$3:$E$290)>0.005,K28/L28,"")
I29: =IF(SETUP!A24<>"",SETUP!A24,"") | J29: =IF(SETUP!B24<>"",SETUP!B24,"") | K29: =IF(SUMIF(C$3:C$290,SETUP!A24,E$3:E$290)>0.005,SUMIF(C$3:C$290,SETUP!A24,E$3:E$290),"") | L29: =IF(COUNTIF(C$3:C$290,SETUP!A24)>0.005,COUNTIF(C$3:C$290,SETUP!A24),"") | M29: =IF(SUMIF(C$3:C$290,SETUP!A24,E$3:E$290)>0.005,-K29/K$4,"") | N29: =IF(SUMIF(C$3:C$290,I29,$E$3:$E$290)>0.005,K29/L29,"")
I30: =IF(SETUP!A25<>"",SETUP!A25,"") | J30: =IF(SETUP!B25<>"",SETUP!B25,"") | K30: =IF(SUMIF(C$3:C$290,SETUP!A25,E$3:E$290)>0.005,SUMIF(C$3:C$290,SETUP!A25,E$3:E$290),"") | L30: =IF(COUNTIF(C$3:C$290,SETUP!A25)>0.005,COUNTIF(C$3:C$290,SETUP!A25),"") | M30: =IF(SUMIF(C$3:C$290,SETUP!A25,E$3:E$290)>0.005,-K30/K$4,"") | N30: =IF(SUMIF(C$3:C$290,I30,$E$3:$E$290)>0.005,K30/L30,"")
I31: =IF(SETUP!A26<>"",SETUP!A26,"") | J31: =IF(SETUP!B26<>"",SETUP!B26,"") | K31: =IF(SUMIF(C$3:C$290,SETUP!A26,E$3:E$290)>0.005,SUMIF(C$3:C$290,SETUP!A26,E$3:E$290),"") | L31: =IF(COUNTIF(C$3:C$290,SETUP!A26)>0.005,COUNTIF(C$3:C$290,SETUP!A26),"") | M31: =IF(SUMIF(C$3:C$290,SETUP!A26,E$3:E$290)>0.005,-K31/K$4,"") | N31: =IF(SUMIF(C$3:C$290,I31,$E$3:$E$290)>0.005,K31/L31,"") | P31: Copyright by Minh Tan 2012 - digitalcitizen.ca
I32: =IF(SETUP!A27<>"",SETUP!A27,"") | J32: =IF(SETUP!B27<>"",SETUP!B27,"") | K32: =IF(SUMIF(C$3:C$290,SETUP!A27,E$3:E$290)>0.005,SUMIF(C$3:C$290,SETUP!A27,E$3:E$290),"") | L32: =IF(COUNTIF(C$3:C$290,SETUP!A27)>0.005,COUNTIF(C$3:C$290,SETUP!A27),"") | M32: =IF(SUMIF(C$3:C$290,SETUP!A27,E$3:E$290)>0.005,-K32/K$4,"") | N32: =IF(SUMIF(C$3:C$290,I32,$E$3:$E$290)>0.005,K32/L32,"")
I33: =IF(SETUP!A28<>"",SETUP!A28,"") | J33: =IF(SETUP!B28<>"",SETUP!B28,"") | K33: =IF(SUMIF(C$3:C$290,SETUP!A28,E$3:E$290)>0.005,SUMIF(C$3:C$290,SETUP!A28,E$3:E$290),"") | L33: =IF(COUNTIF(C$3:C$290,SETUP!A28)>0.005,COUNTIF(C$3:C$290,SETUP!A28),"") | M33: =IF(SUMIF(C$3:C$290,SETUP!A28,E$3:E$290)>0.005,-K33/K$4,"") | N33: =IF(SUMIF(C$3:C$290,I33,$E$3:$E$290)>0.005,K33/L33,"")
I34: =IF(SETUP!A29<>"",SETUP!A29,"") | J34: =IF(SETUP!B29<>"",SETUP!B29,"") | K34: =IF(SUMIF(C$3:C$290,SETUP!A29,E$3:E$290)>0.005,SUMIF(C$3:C$290,SETUP!A29,E$3:E$290),"") | L34: =IF(COUNTIF(C$3:C$290,SETUP!A29)>0.005,COUNTIF(C$3:C$290,SETUP!A29),"") | M34: =IF(SUMIF(C$3:C$290,SETUP!A29,E$3:E$290)>0.005,-K34/K$4,"") | N34: =IF(SUMIF(C$3:C$290,I34,$E$3:$E$290)>0.005,K34/L34,"")
I35: =IF(SETUP!A30<>"",SETUP!A30,"") | J35: =IF(SETUP!B30<>"",SETUP!B30,"") | K35: =IF(SUMIF(C$3:C$290,SETUP!A30,E$3:E$290)>0.005,SUMIF(C$3:C$290,SETUP!A30,E$3:E$290),"") | L35: =IF(COUNTIF(C$3:C$290,SETUP!A30)>0.005,COUNTIF(C$3:C$290,SETUP!A30),"") | M35: =IF(SUMIF(C$3:C$290,SETUP!A30,E$3:E$290)>0.005,-K35/K$4,"") | N35: =IF(SUMIF(C$3:C$290,I35,$E$3:$E$290)>0.005,K35/L35,"")
I36: =IF(SETUP!A31<>"",SETUP!A31,"") | J36: =IF(SETUP!B31<>"",SETUP!B31,"") | K36: =IF(SUMIF(C$3:C$290,SETUP!A31,E$3:E$290)>0.005,SUMIF(C$3:C$290,SETUP!A31,E$3:E$290),"") | L36: =IF(COUNTIF(C$3:C$290,SETUP!A31)>0.005,COUNTIF(C$3:C$290,SETUP!A31),"") | M36: =IF(SUMIF(C$3:C$290,SETUP!A31,E$3:E$290)>0.005,-K36/K$4,"") | N36: =IF(SUMIF(C$3:C$290,I36,$E$3:$E$290)>0.005,K36/L36,"")
I37: =IF(SETUP!A32<>"",SETUP!A32,"") | J37: =IF(SETUP!B32<>"",SETUP!B32,"") | K37: =IF(SUMIF(C$3:C$290,SETUP!A32,E$3:E$290)>0.005,SUMIF(C$3:C$290,SETUP!A32,E$3:E$290),"") | L37: =IF(COUNTIF(C$3:C$290,SETUP!A32)>0.005,COUNTIF(C$3:C$290,SETUP!A32),"") | M37: =IF(SUMIF(C$3:C$290,SETUP!A32,E$3:E$290)>0.005,-K37/K$4,"") | N37: =IF(SUMIF(C$3:C$290,I37,$E$3:$E$290)>0.005,K37/L37,"")
I38: =IF(SETUP!A33<>"",SETUP!A33,"") | J38: =IF(SETUP!B33<>"",SETUP!B33,"") | K38: =IF(SUMIF(C$3:C$290,SETUP!A33,E$3:E$290)>0.005,SUMIF(C$3:C$290,SETUP!A33,E$3:E$290),"") | L38: =IF(COUNTIF(C$3:C$290,SETUP!A33)>0.005,COUNTIF(C$3:C$290,SETUP!A33),"") | M38: =IF(SUMIF(C$3:C$290,SETUP!A33,E$3:E$290)>0.005,-K38/K$4,"") | N38: =IF(SUMIF(C$3:C$290,I38,$E$3:$E$290)>0.005,K38/L38,"")
I39: =IF(SETUP!A34<>"",SETUP!A34,"") | J39: =IF(SETUP!B34<>"",SETUP!B34,"") | K39: =IF(SUMIF(C$3:C$290,SETUP!A34,E$3:E$290)>0.005,SUMIF(C$3:C$290,SETUP!A34,E$3:E$290),"") | L39: =IF(COUNTIF(C$3:C$290,SETUP!A34)>0.005,COUNTIF(C$3:C$290,SETUP!A34),"") | M39: =IF(SUMIF(C$3:C$290,SETUP!A34,E$3:E$290)>0.005,-K39/K$4,"") | N39: =IF(SUMIF(C$3:C$290,I39,$E$3:$E$290)>0.005,K39/L39,"")
I40: =IF(SETUP!A35<>"",SETUP!A35,"") | J40: =IF(SETUP!B35<>"",SETUP!B35,"") | K40: =IF(SUMIF(C$3:C$290,SETUP!A35,E$3:E$290)>0.005,SUMIF(C$3:C$290,SETUP!A35,E$3:E$290),"") | L40: =IF(COUNTIF(C$3:C$290,SETUP!A35)>0.005,COUNTIF(C$3:C$290,SETUP!A35),"") | M40: =IF(SUMIF(C$3:C$290,SETUP!A35,E$3:E$290)>0.005,-K40/K$4,"") | N40: =IF(SUMIF(C$3:C$290,I40,$E$3:$E$290)>0.005,K40/L40,"")
I41: =IF(SETUP!A36<>"",SETUP!A36,"") | J41: =IF(SETUP!B36<>"",SETUP!B36,"") | K41: =IF(SUMIF(C$3:C$290,SETUP!A36,E$3:E$290)>0.005,SUMIF(C$3:C$290,SETUP!A36,E$3:E$290),"") | L41: =IF(COUNTIF(C$3:C$290,SETUP!A36)>0.005,COUNTIF(C$3:C$290,SETUP!A36),"") | M41: =IF(SUMIF(C$3:C$290,SETUP!A36,E$3:E$290)>0.005,-K41/K$4,"") | N41: =IF(SUMIF(C$3:C$290,I41,$E$3:$E$290)>0.005,K41/L41,"") | O41: Expenditures
I42: =IF(SETUP!A37<>"",SETUP!A37,"") | J42: =IF(SETUP!B37<>"",SETUP!B37,"") | K42: =IF(SUMIF(C$3:C$290,SETUP!A37,E$3:E$290)>0.005,SUMIF(C$3:C$290,SETUP!A37,E$3:E$290),"") | L42: =IF(COUNTIF(C$3:C$290,SETUP!A37)>0.005,COUNTIF(C$3:C$290,SETUP!A37),"") | M42: =IF(SUMIF(C$3:C$290,SETUP!A37,E$3:E$290)>0.005,-K42/K$4,"") | N42: =IF(SUMIF(C$3:C$290,I42,$E$3:$E$290)>0.005,K42/L42,"")
I43: =IF(SETUP!A38<>"",SETUP!A38,"") | J43: =IF(SETUP!B38<>"",SETUP!B38,"") | K43: =IF(SUMIF(C$3:C$290,SETUP!A38,E$3:E$290)>0.005,SUMIF(C$3:C$290,SETUP!A38,E$3:E$290),"") | L43: =IF(COUNTIF(C$3:C$290,SETUP!A38)>0.005,COUNTIF(C$3:C$290,SETUP!A38),"") | M43: =IF(SUMIF(C$3:C$290,SETUP!A38,E$3:E$290)>0.005,-K43/K$4,"") | N43: =IF(SUMIF(C$3:C$290,I43,$E$3:$E$290)>0.005,K43/L43,"")
I44: =IF(SETUP!A39<>"",SETUP!A39,"") | J44: =IF(SETUP!B39<>"",SETUP!B39,"") | K44: =IF(SUMIF(C$3:C$290,SETUP!A39,E$3:E$290)>0.005,SUMIF(C$3:C$290,SETUP!A39,E$3:E$290),"") | L44: =IF(COUNTIF(C$3:C$290,SETUP!A39)>0.005,COUNTIF(C$3:C$290,SETUP!A39),"") | M44: =IF(SUMIF(C$3:C$290,SETUP!A39,E$3:E$290)>0.005,-K44/K$4,"") | N44: =IF(SUMIF(C$3:C$290,I44,$E$3:$E$290)>0.005,K44/L44,"")
I45: =IF(SETUP!A40<>"",SETUP!A40,"") | J45: =IF(SETUP!B40<>"",SETUP!B40,"") | K45: =IF(SUMIF(C$3:C$290,SETUP!A40,E$3:E$290)>0.005,SUMIF(C$3:C$290,SETUP!A40,E$3:E$290),"") | L45: =IF(COUNTIF(C$3:C$290,SETUP!A40)>0.005,COUNTIF(C$3:C$290,SETUP!A40),"") | M45: =IF(SUMIF(C$3:C$290,SETUP!A40,E$3:E$290)>0.005,-K45/K$4,"") | N45: =IF(SUMIF(C$3:C$290,I45,$E$3:$E$290)>0.005,K45/L45,"")
I46: =IF(SETUP!A41<>"",SETUP!A41,"") | J46: =IF(SETUP!B41<>"",SETUP!B41,"") | K46: =IF(SUMIF(C$3:C$290,SETUP!A41,E$3:E$290)>0.005,SUMIF(C$3:C$290,SETUP!A41,E$3:E$290),"") | L46: =IF(COUNTIF(C$3:C$290,SETUP!A41)>0.005,COUNTIF(C$3:C$290,SETUP!A41),"") | M46: =IF(SUMIF(C$3:C$290,SETUP!A41,E$3:E$290)>0.005,-K46/K$4,"") | N46: =IF(SUMIF(C$3:C$290,I46,$E$3:$E$290)>0.005,K46/L46,"") | P46: Copyright by Minh Tan 2012 - digitalcitizen.ca
I47: =IF(SETUP!A42<>"",SETUP!A42,"") | J47: =IF(SETUP!B42<>"",SETUP!B42,"") | K47: =IF(SUMIF(C$3:C$290,SETUP!A42,E$3:E$290)>0.005,SUMIF(C$3:C$290,SETUP!A42,E$3:E$290),"") | L47: =IF(COUNTIF(C$3:C$290,SETUP!A42)>0.005,COUNTIF(C$3:C$290,SETUP!A42),"") | M47: =IF(SUMIF(C$3:C$290,SETUP!A42,E$3:E$290)>0.005,-K47/K$4,"") | N47: =IF(SUMIF(C$3:C$290,I47,$E$3:$E$290)>0.005,K47/L47,"")
I48: =IF(SETUP!A43<>"",SETUP!A43,"") | J48: =IF(SETUP!B43<>"",SETUP!B43,"") | K48: =IF(SUMIF(C$3:C$290,SETUP!A43,E$3:E$290)>0.005,SUMIF(C$3:C$290,SETUP!A43,E$3:E$290),"") | L48: =IF(COUNTIF(C$3:C$290,SETUP!A43)>0.005,COUNTIF(C$3:C$290,SETUP!A43),"") | M48: =IF(SUMIF(C$3:C$290,SETUP!A43,E$3:E$290)>0.005,-K48/K$4,"") | N48: =IF(SUMIF(C$3:C$290,I48,$E$3:$E$290)>0.005,K48/L48,"")
I49: =IF(SETUP!A44<>"",SETUP!A44,"") | J49: =IF(SETUP!B44<>"",SETUP!B44,"") | K49: =IF(SUMIF(C$3:C$290,SETUP!A44,E$3:E$290)>0.005,SUMIF(C$3:C$290,SETUP!A44,E$3:E$290),"") | L49: =IF(COUNTIF(C$3:C$290,SETUP!A44)>0.005,COUNTIF(C$3:C$290,SETUP!A44),"") | M49: =IF(SUMIF(C$3:C$290,SETUP!A44,E$3:E$290)>0.005,-K49/K$4,"") | N49: =IF(SUMIF(C$3:C$290,I49,$E$3:$E$290)>0.005,K49/L49,"")
